Workbook
Name \0: #REF!
Name \0: #REF!
Name \0: #REF!
Name \00: #REF!
Name \00: #REF!
Name \00: #REF!
Name \a: #REF!
Name \a: #REF!
Name \a: #REF!
Name \AA: [1]LIQUIDACION!#REF!
Name \AA: [1]LIQUIDACION!#REF!
Name \AA: [1]LIQUIDACION!#REF!
Name \b: [2]STRSUMM0!#REF!
Name \b: [2]STRSUMM0!#REF!
Name \b: [2]STRSUMM0!#REF!
Name \bb: [2]STRSUMM0!#REF!
Name \bb: [2]STRSUMM0!#REF!
Name \bb: [2]STRSUMM0!#REF!
Name \E: #REF!
Name \E: #REF!
Name \E: #REF!
Name \EE: #REF!
Name \EE: #REF!
Name \EE: #REF!
Name \G: #REF!
Name \G: #REF!
Name \G: #REF!
Name \k: '[3]7422CW00'!#REF!
Name \k: '[3]7422CW00'!#REF!
Name \k: '[3]7422CW00'!#REF!
Name \l: [4]STRSUMM0!#REF!
Name \l: [4]STRSUMM0!#REF!
Name \l: [4]STRSUMM0!#REF!
Name \M: #REF!
Name \M: #REF!
Name \M: #REF!
Name \ñ: '[5]7422CW00'!#REF!
Name \ñ: '[5]7422CW00'!#REF!
Name \ñ: '[5]7422CW00'!#REF!
Name \P: #REF!
Name \P: #REF!
Name \P: #REF!
Name \R: #REF!
Name \R: #REF!
Name \R: #REF!
Name \s: #REF!
Name \s: #REF!
Name \s: #REF!
Name \V: #REF!
Name \V: #REF!
Name \V: #REF!
Name \X: [0]!ERR
Name \Z: [0]!ERR
Name _________AFC1: [6]INV!$A$25:$D$28
Name _________AFC3: [6]INV!$F$25:$I$28
Name _________AFC5: [6]INV!$K$25:$N$28
Name _________BGC1: [6]INV!$A$5:$D$8
Name _________BGC3: [6]INV!$F$5:$I$8
Name _________BGC5: [6]INV!$K$5:$N$8
Name _________CAC1: [6]INV!$A$19:$D$22

Sheet PUERTO BERRIO
F2: FORMATO
F3: FORMATO 7 PROPUESTA ECONÓMICA
C4: Principio de Procedencia: 1201.092 | F4: Clave: GCON-1.0-12-112 | G4: Versión: 03 | I4: Fecha de aprobación: 28/12/2020 | J4: Página: 1 de 1
C6: OBJETO: RANC0304 REALIZAR MANTENIMIENTO DE LA INFRAESTRUCTURA AEROPORTUARIA LADO AIRE Y LADO TIERRA DE LOS AEROPUERTOS DE CIMITARRA Y PUERTO BERRIO | I6: ING ARANGO CIA SAS | K6: VÍAS Y EDIFICACIONES COLOMBIA SAS | M6: CONDEIN SAS | O6: HAH CONSTRUCCIONES SAS | Q6: ENETEL | S6: ITALOAMBIENTES | U6: JUAN CARLOS ORTIZ LOPEZ | W6: OSCAR MUÑOZ CORREA | Y6: GUSTAVO VASQUEZ PINZON | AA6: CARLOS CASTRO VEGA | AC6: FRANCISCO ALVAREZ PEREZ | AE6: PROMEDIO PROPUESTAS PRESENTADAS CONTRATACIÓN 20000584 H4 02 DE 2020 INCREMENTADOLAS AL IPC 1,61% DE 2020. | AG6: PROMEDIO PROPUESTAS PRESENTADAS CONTRATACIÓN 20000584 H4 01 DE 2020 INCREMENTADOLAS AL IPC 1,61% DE 2020. | AI6: CONTRATO 19000915 H4 GRUPO SYC SAS | AK6: PROMEDIO | AM6: MEDIANA | AO6: MEDIA ARMÓNICA | AQ6: MEDIA GEOMÉTRICA
C7: ÍTEM | D7: DESCRIPCIÓN | G7: UNIDAD | H7: CANTIDAD | I7: VALOR UNITARIO | J7: VALOR PARCIAL | K7: VALOR UNITARIO | L7: VALOR PARCIAL | M7: VALOR UNITARIO | N7: VALOR PARCIAL | O7: VALOR UNITARIO | P7: VALOR PARCIAL | Q7: VALOR UNITARIO | R7: VALOR PARCIAL | S7: VALOR UNITARIO | T7: VALOR PARCIAL | U7: VALOR UNITARIO | V7: VALOR PARCIAL | W7: VALOR UNITARIO | X7: VALOR PARCIAL | Y7: VALOR UNITARIO | Z7: VALOR PARCIAL | AA7: VALOR UNITARIO | AB7: VALOR PARCIAL | AC7: VALOR UNITARIO | AD7: VALOR PARCIAL | AE7: VALOR UNITARIO | AF7: VALOR PARCIAL | AG7: VALOR UNITARIO | AH7: VALOR PARCIAL | AI7: VALOR UNITARIO | AJ7: VALOR PARCIAL | AK7: Valor Unitario | AL7: TOTAL | AM7: Valor Unitario | AN7: TOTAL | AO7: Valor Unitario | AP7: TOTAL | AQ7: Valor Unitario | AR7: TOTAL
D8: LADO TIERRA AEROPUERTO MORELA DE PUERTO BERRIO - ANTIOQUIA
C9: 1 | D9: Retiro de malla eslabonada | G9: m2 | H9: =1.8 -> 1.8 | I9: 12000 | J9: =I9*H9 -> 21600 | K9: 15600 | L9: =K9*H9 -> 28080 | M9: 25000 | N9: =M9*H9 -> 45000 | O9: 37900.8 | P9: =O9*H9 -> 68221.44 | Q9: 18600 | R9: =Q9*H9 -> 33480 | S9: 4200 | T9: =S9*H9 -> 7560 | U9: 13104 | V9: =U9*H9 -> 23587.2 | W9: 12525 | X9: =W9*H9 -> 22545 | Y9: 15257.338 | Z9: =Y9*H9 -> 27463.208 | AA9: 16000 | AB9: =AA9*H9 -> 28800 | AC9: 20000 | AD9: =AC9*H9 -> 36000 | AE9: =13104*1.0161 -> 13314.974 | AF9: =AE9*H9 -> 23966.954 | AH9: =AG9*H9 -> 0 | AJ9: =AI9*H9 -> 0 | AK9: =ROUND((AVERAGE(I9,K9,M9,O9,Q9,S9,U9,W9,Y9,AA9,AC9,AE9,AG9,AI9)),0) -> 16959 | AL9: =ROUND((AK9*H9),0) -> 30526 | AM9: =ROUND((MEDIAN(I9,K9,M9,O9,Q9,S9,U9,W9,Y9,AA9,AC9,AE9,AG9,AI9)),0) -> 15429 | AN9: =ROUND((H9*AM9),0) -> 27772 | AO9: =ROUND((HARMEAN(I9,K9,M9,O9,Q9,S9,U9,W9,Y9,AA9,AC9,AE9,AG9,AI9)),0) -> 13115 | AP9: =ROUND((H9*AO9),0) -> 23607 | AQ9: =ROUND((GEOMEAN(I9,K9,M9,O9,Q9,S9,U9,W9,Y9,AA9,AC9,AE9,AG9,AI9)),0) -> 15164 | AR9: =ROUND((H9*AQ9),0) -> 27295
C10: 2 | D10: Demolición de piso | E10: Demolición de piso | F10: Demolición de piso | G10: m2 | H10: 2 | I10: 24000 | J10: =I10*H10 -> 48000 | K10: 105000 | L10: =K10*H10 -> 210000 | M10: 300000 | N10: =M10*H10 -> 600000 | O10: 177851.26 | P10: =O10*H10 -> 355702.52 | Q10: 247000 | R10: =Q10*H10 -> 494000 | S10: 28000 | T10: =S10*H10 -> 56000 | U10: 10000 | V10: =U10*H10 -> 20000 | W10: 15000 | X10: =W10*H10 -> 30000 | Y10: 16000 | Z10: =Y10*H10 -> 32000 | AA10: 18000 | AB10: =AA10*H10 -> 36000 | AC10: 17000 | AD10: =AC10*H10 -> 34000 | AE10: =144215*1.0161 -> 146536.86 | AF10: =AE10*H10 -> 293073.72 | AG10: =19031*1.0161 -> 19337.399 | AH10: =AG10*H10 -> 38674.798 | AJ10: =AI10*H10 -> 0 | AK10: =ROUND((AVERAGE(I10,K10,M10,O10,Q10,S10,U10,W10,Y10,AA10,AC10,AE10,AG10,AI10)),0) -> 86440 | AL10: =ROUND((AK10*H10),0) -> 172880 | AM10: =ROUND((MEDIAN(I10,K10,M10,O10,Q10,S10,U10,W10,Y10,AA10,AC10,AE10,AG10,AI10)),0) -> 24000 | AN10: =ROUND((H10*AM10),0) -> 48000 | AO10: =ROUND((HARMEAN(I10,K10,M10,O10,Q10,S10,U10,W10,Y10,AA10,AC10,AE10,AG10,AI10)),0) -> 25897 | AP10: =ROUND((H10*AO10),0) -> 51794 | AQ10: =ROUND((GEOMEAN(I10,K10,M10,O10,Q10,S10,U10,W10,Y10,AA10,AC10,AE10,AG10,AI10)),0) -> 43395 | AR10: =ROUND((H10*AQ10),0) -> 86790
C11: 3 | D11: Demolición de muro en ladrillo o bloque o drywall | E11: Demolición de muro en ladrillo o bloque o drywall | F11: Demolición de muro en ladrillo o bloque o drywall | G11: m2 | H11: 4 | I11: 23000 | J11: =I11*H11 -> 92000 | K11: 45700 | L11: =K11*H11 -> 182800 | M11: 35000 | N11: =M11*H11 -> 140000 | O11: 39040 | P11: =O11*H11 -> 156160 | Q11: 31350 | R11: =Q11*H11 -> 125400 | S11: 35000 | T11: =S11*H11 -> 140000 | U11: 24000 | V11: =U11*H11 -> 96000 | W11: 30000 | X11: =W11*H11 -> 120000 | Y11: 32000 | Z11: =Y11*H11 -> 128000 | AA11: 29600 | AB11: =AA11*H11 -> 118400 | AC11: 36000 | AD11: =AC11*H11 -> 144000 | AE11: =27463*1.0161 -> 27905.154 | AF11: =AE11*H11 -> 111620.62 | AH11: =AG11*H11 -> 0 | AJ11: =AI11*H11 -> 0 | AK11: =ROUND((AVERAGE(I11,K11,M11,O11,Q11,S11,U11,W11,Y11,AA11,AC11,AE11,AG11,AI11)),0) -> 32383 | AL11: =ROUND((AK11*H11),0) -> 129532 | AM11: =ROUND((MEDIAN(I11,K11,M11,O11,Q11,S11,U11,W11,Y11,AA11,AC11,AE11,AG11,AI11)),0) -> 31675 | AN11: =ROUND((H11*AM11),0) -> 126700 | AO11: =ROUND((HARMEAN(I11,K11,M11,O11,Q11,S11,U11,W11,Y11,AA11,AC11,AE11,AG11,AI11)),0) -> 31277 | AP11: =ROUND((H11*AO11),0) -> 125108 | AQ11: =ROUND((GEOMEAN(I11,K11,M11,O11,Q11,S11,U11,W11,Y11,AA11,AC11,AE11,AG11,AI11)),0) -> 31825 | AR11: =ROUND((H11*AQ11),0) -> 127300
C12: 4 | D12: Desmonte de ventiladores | E12: Desmonte de ventiladores | F12: Desmonte de ventiladores | G12: UND. | H12: 2 | I12: 18000 | J12: =I12*H12 -> 36000 | K12: 25000 | L12: =K12*H12 -> 50000 | M12: 50000 | N12: =M12*H12 -> 100000 | O12: 18115.16 | P12: =O12*H12 -> 36230.32 | Q12: 85000 | R12: =Q12*H12 -> 170000 | S12: 21000 | T12: =S12*H12 -> 42000 | U12: 26000 | V12: =U12*H12 -> 52000 | W12: 30000 | X12: =W12*H12 -> 60000 | Y12: 30000 | Z12: =Y12*H12 -> 60000 | AA12: 35000 | AB12: =AA12*H12 -> 70000 | AC12: 40000 | AD12: =AC12*H12 -> 80000 | AF12: =AE12*H12 -> 0 | AH12: =AG12*H12 -> 0 | AJ12: =AI12*H12 -> 0 | AK12: =ROUND((AVERAGE(I12,K12,M12,O12,Q12,S12,U12,W12,Y12,AA12,AC12,AE12,AG12,AI12)),0) -> 34374 | AL12: =ROUND((AK12*H12),0) -> 68748 | AM12: =ROUND((MEDIAN(I12,K12,M12,O12,Q12,S12,U12,W12,Y12,AA12,AC12,AE12,AG12,AI12)),0) -> 30000 | AN12: =ROUND((H12*AM12),0) -> 60000 | AO12: =ROUND((HARMEAN(I12,K12,M12,O12,Q12,S12,U12,W12,Y12,AA12,AC12,AE12,AG12,AI12)),0) -> 28289 | AP12: =ROUND((H12*AO12),0) -> 56578 | AQ12: =ROUND((GEOMEAN(I12,K12,M12,O12,Q12,S12,U12,W12,Y12,AA12,AC12,AE12,AG12,AI12)),0) -> 30820 | AR12: =ROUND((H12*AQ12),0) -> 61640
C13: 5 | D13: Retiro de ventana metalica y vidrio | E13: Retiro de ventana metalica y vidrio | F13: Retiro de ventana metalica y vidrio | J13: =I13*H13 -> 0 | L13: =K13*H13 -> 0 | N13: =M13*H13 -> 0 | P13: =O13*H13 -> 0 | R13: =Q13*H13 -> 0 | T13: =S13*H13 -> 0 | V13: =U13*H13 -> 0 | X13: =W13*H13 -> 0 | Z13: =Y13*H13 -> 0 | AB13: =AA13*H13 -> 0 | AD13: =AC13*H13 -> 0 | AF13: =AE13*H13 -> 0 | AH13: =AG13*H13 -> 0 | AJ13: =AI13*H13 -> 0
C14: 5.1 | D14: De 2,00x2,80 m | E14: De 2,00x2,80 m | F14: De 2,00x2,80 m | G14: UND. | H14: 1 | I14: 32000 | J14: =I14*H14 -> 32000 | K14: 32600 | L14: =K14*H14 -> 32600 | M14: 200000 | N14: =M14*H14 -> 200000 | O14: 49239.04 | P14: =O14*H14 -> 49239.04 | Q14: 67200 | R14: =Q14*H14 -> 67200 | S14: 98000 | T14: =S14*H14 -> 98000 | U14: 30000 | V14: =U14*H14 -> 30000 | W14: 33000 | X14: =W14*H14 -> 33000 | Y14: 36000 | Z14: =Y14*H14 -> 36000 | AA14: 50000 | AB14: =AA14*H14 -> 50000 | AC14: 60000 | AD14: =AC14*H14 -> 60000 | AE14: =12000*1.0161 -> 12193.2 | AF14: =AE14*H14 -> 12193.2 | AH14: =AG14*H14 -> 0 | AJ14: =AI14*H14 -> 0 | AK14: =ROUND((AVERAGE(I14,K14,M14,O14,Q14,S14,U14,W14,Y14,AA14,AC14,AE14,AG14,AI14)),0) -> 58353 | AL14: =ROUND((AK14*H14),0) -> 58353 | AM14: =ROUND((MEDIAN(I14,K14,M14,O14,Q14,S14,U14,W14,Y14,AA14,AC14,AE14,AG14,AI14)),0) -> 42620 | AN14: =ROUND((H14*AM14),0) -> 42620 | AO14: =ROUND((HARMEAN(I14,K14,M14,O14,Q14,S14,U14,W14,Y14,AA14,AC14,AE14,AG14,AI14)),0) -> 37219 | AP14: =ROUND((H14*AO14),0) -> 37219 | AQ14: =ROUND((GEOMEAN(I14,K14,M14,O14,Q14,S14,U14,W14,Y14,AA14,AC14,AE14,AG14,AI14)),0) -> 45933 | AR14: =ROUND((H14*AQ14),0) -> 45933
C15: 5.2 | D15: De 2,79 x 2,65 m | E15: De 2,79 x 2,65 m | F15: De 2,79 x 2,65 m | G15: UND. | H15: 2 | I15: 38000 | J15: =I15*H15 -> 76000 | K15: 33200 | L15: =K15*H15 -> 66400 | M15: 250000 | N15: =M15*H15 -> 500000 | O15: 65007.36 | P15: =O15*H15 -> 130014.72 | Q15: 89040 | R15: =Q15*H15 -> 178080 | S15: 98000 | T15: =S15*H15 -> 196000 | U15: 32000 | V15: =U15*H15 -> 64000 | W15: 36000 | X15: =W15*H15 -> 72000 | Y15: 38000 | Z15: =Y15*H15 -> 76000 | AA15: 55000 | AB15: =AA15*H15 -> 110000 | AC15: 62000 | AD15: =AC15*H15 -> 124000 | AE15: =12000*1.0161 -> 12193.2 | AF15: =AE15*H15 -> 24386.4 | AH15: =AG15*H15 -> 0 | AJ15: =AI15*H15 -> 0 | AK15: =ROUND((AVERAGE(I15,K15,M15,O15,Q15,S15,U15,W15,Y15,AA15,AC15,AE15,AG15,AI15)),0) -> 67370 | AL15: =ROUND((AK15*H15),0) -> 134740 | AM15: =ROUND((MEDIAN(I15,K15,M15,O15,Q15,S15,U15,W15,Y15,AA15,AC15,AE15,AG15,AI15)),0) -> 46500 | AN15: =ROUND((H15*AM15),0) -> 93000 | AO15: =ROUND((HARMEAN(I15,K15,M15,O15,Q15,S15,U15,W15,Y15,AA15,AC15,AE15,AG15,AI15)),0) -> 40144 | AP15: =ROUND((H15*AO15),0) -> 80288 | AQ15: =ROUND((GEOMEAN(I15,K15,M15,O15,Q15,S15,U15,W15,Y15,AA15,AC15,AE15,AG15,AI15)),0) -> 51215 | AR15: =ROUND((H15*AQ15),0) -> 102430
C16: 5.3 | D16: Retiro de ventana metalica y vidrio | E16: Retiro de ventana metalica y vidrio | F16: Retiro de ventana metalica y vidrio | G16: m2 | H16: 20.5 | I16: 34000 | J16: =I16*H16 -> 697000 | K16: 31500 | L16: =K16*H16 -> 645750 | M16: 40000 | N16: =M16*H16 -> 820000 | O16: 57472 | P16: =O16*H16 -> 1178176 | Q16: 12000 | R16: =Q16*H16 -> 246000 | S16: 602000 | T16: =S16*H16 -> 12341000 | U16: 36000 | V16: =U16*H16 -> 738000 | W16: 40000 | X16: =W16*H16 -> 820000 | Y16: 41000 | Z16: =Y16*H16 -> 840500 | AA16: 59000 | AB16: =AA16*H16 -> 1209500 | AC16: 62000 | AD16: =AC16*H16 -> 1271000 | AE16: =12000*1.0161 -> 12193.2 | AF16: =AE16*H16 -> 249960.6 | AG16: =61433.33*1.0161 -> 62422.407 | AH16: =AG16*H16 -> 1279659.3 | AJ16: =AI16*H16 -> 0 | AK16: =ROUND((AVERAGE(I16,K16,M16,O16,Q16,S16,U16,W16,Y16,AA16,AC16,AE16,AG16,AI16)),0) -> 83814 | AL16: =ROUND((AK16*H16),0) -> 1718187 | AM16: =ROUND((MEDIAN(I16,K16,M16,O16,Q16,S16,U16,W16,Y16,AA16,AC16,AE16,AG16,AI16)),0) -> 40000 | AN16: =ROUND((H16*AM16),0) -> 820000 | AO16: =ROUND((HARMEAN(I16,K16,M16,O16,Q16,S16,U16,W16,Y16,AA16,AC16,AE16,AG16,AI16)),0) -> 32760 | AP16: =ROUND((H16*AO16),0) -> 671580 | AQ16: =ROUND((GEOMEAN(I16,K16,M16,O16,Q16,S16,U16,W16,Y16,AA16,AC16,AE16,AG16,AI16)),0) -> 44795 | AR16: =ROUND((H16*AQ16),0) -> 918298
C17: 6 | D17: Suministro e instalación de Ventilador industrial 56 pulgadas cm Mediterráneo blanco o similar. Ventilador para techo, 3 aspas, 5 velocidades. Voltaje 110 - 120v. Metalico. | E17: Suministro e instalación de Ventilador industrial 56 pulgadas cm Mediterráneo blanco o similar. Ventilador para techo, 3 aspas, 5 velocidades. Voltaje 110 - 120v. Metalico. | F17: Suministro e instalación de Ventilador industrial 56 pulgadas cm Mediterráneo blanco o similar. Ventilador para techo, 3 aspas, 5 velocidades. Voltaje 110 - 120v. Metalico. | G17: UND. | H17: 4 | I17: 560000 | J17: =I17*H17 -> 2240000 | K17: 750654 | L17: =K17*H17 -> 3002616 | M17: 450000 | N17: =M17*H17 -> 1800000 | O17: 413888 | P17: =O17*H17 -> 1655552 | Q17: 750000 | R17: =Q17*H17 -> 3000000 | S17: 560000 | T17: =S17*H17 -> 2240000 | U17: 400000 | V17: =U17*H17 -> 1600000 | W17: 420000 | X17: =W17*H17 -> 1680000 | Y17: 425000 | Z17: =Y17*H17 -> 1700000 | AA17: 430000 | AB17: =AA17*H17 -> 1720000 | AC17: 426000 | AD17: =AC17*H17 -> 1704000 | AF17: =AE17*H17 -> 0 | AH17: =AG17*H17 -> 0 | AJ17: =AI17*H17 -> 0 | AK17: =ROUND((AVERAGE(I17,K17,M17,O17,Q17,S17,U17,W17,Y17,AA17,AC17,AE17,AG17,AI17)),0) -> 507777 | AL17: =ROUND((AK17*H17),0) -> 2031108 | AM17: =ROUND((MEDIAN(I17,K17,M17,O17,Q17,S17,U17,W17,Y17,AA17,AC17,AE17,AG17,AI17)),0) -> 430000 | AN17: =ROUND((H17*AM17),0) -> 1720000 | AO17: =ROUND((HARMEAN(I17,K17,M17,O17,Q17,S17,U17,W17,Y17,AA17,AC17,AE17,AG17,AI17)),0) -> 482834 | AP17: =ROUND((H17*AO17),0) -> 1931336 | AQ17: =ROUND((GEOMEAN(I17,K17,M17,O17,Q17,S17,U17,W17,Y17,AA17,AC17,AE17,AG17,AI17)),0) -> 494264 | AR17: =ROUND((H17*AQ17),0) -> 1977056
C18: 7 | D18: Suministro e instalación de black out, telon blanco manual, pentagrama o similar, con barrera protectora que aislan el frío / calor y ruido al interior. | E18: Suministro e instalación de black out, telon blanco manual, pentagrama o similar, con barrera protectora que aislan el frío / calor y ruido al interior. | F18: Suministro e instalación de black out, telon blanco manual, pentagrama o similar, con barrera protectora que aislan el frío / calor y ruido al interior. | G18: m2 | H18: 33 | I18: 160000 | J18: =I18*H18 -> 5280000 | K18: 17600 | L18: =K18*H18 -> 580800 | M18: 220000 | N18: =M18*H18 -> 7260000 | O18: 500934.4 | P18: =O18*H18 -> 16530835 | Q18: 115000 | R18: =Q18*H18 -> 3795000 | S18: 154000 | T18: =S18*H18 -> 5082000 | U18: 282784 | V18: =U18*H18 -> 9331872 | W18: 220000 | X18: =W18*H18 -> 7260000 | Y18: 600000 | Z18: =Y18*H18 -> 19800000 | AA18: 350000 | AB18: =AA18*H18 -> 11550000 | AC18: 100000 | AD18: =AC18*H18 -> 3300000 | AF18: =AE18*H18 -> 0 | AH18: =AG18*H18 -> 0 | AJ18: =AI18*H18 -> 0 | AK18: =ROUND((AVERAGE(I18,K18,M18,O18,Q18,S18,U18,W18,Y18,AA18,AC18,AE18,AG18,AI18)),0) -> 247302 | AL18: =ROUND((AK18*H18),0) -> 8160966 | AM18: =ROUND((MEDIAN(I18,K18,M18,O18,Q18,S18,U18,W18,Y18,AA18,AC18,AE18,AG18,AI18)),0) -> 220000 | AN18: =ROUND((H18*AM18),0) -> 7260000 | AO18: =ROUND((HARMEAN(I18,K18,M18,O18,Q18,S18,U18,W18,Y18,AA18,AC18,AE18,AG18,AI18)),0) -> 102416 | AP18: =ROUND((H18*AO18),0) -> 3379728 | AQ18: =ROUND((GEOMEAN(I18,K18,M18,O18,Q18,S18,U18,W18,Y18,AA18,AC18,AE18,AG18,AI18)),0) -> 181824 | AR18: =ROUND((H18*AQ18),0) -> 6000192
C19: 8 | D19: Suministro e instalacion de ventanal de piso en aluminio y vidrio color bronce con pelicula de seguridad a los vidrios. Diseño en dos niveles, el nivel superior con una altura de 75 cm alas pivontantes. El Nivel inferior con una altura de 2 m y dos (2) alas corredizas. Ver diseño. | E19: Suministro e instalacion de ventanal de piso en aluminio y vidrio color bronce con pelicula de seguridad a los vidrios. Diseño en dos niveles, el nivel superior con una altura de 75 cm alas pivontantes. El Nivel inferior con una altura de 2 m y dos (2) alas corredizas. Ver diseño. | F19: Suministro e instalacion de ventanal de piso en aluminio y vidrio color bronce con pelicula de seguridad a los vidrios. Diseño en dos niveles, el nivel superior con una altura de 75 cm alas pivontantes. El Nivel inferior con una altura de 2 m y dos (2) alas corredizas. Ver diseño. | J19: =I19*H19 -> 0 | L19: =K19*H19 -> 0 | N19: =M19*H19 -> 0 | P19: =O19*H19 -> 0 | R19: =Q19*H19 -> 0 | T19: =S19*H19 -> 0 | V19: =U19*H19 -> 0 | X19: =W19*H19 -> 0 | Z19: =Y19*H19 -> 0 | AB19: =AA19*H19 -> 0 | AD19: =AC19*H19 -> 0 | AF19: =AE19*H19 -> 0 | AH19: =AG19*H19 -> 0 | AJ19: =AI19*H19 -> 0
C20: 8.1 | D20: De 2,00x2,80 m | G20: UND. | H20: 1 | I20: 626000 | J20: =I20*H20 -> 626000 | K20: 858000 | L20: =K20*H20 -> 858000 | M20: 3600000 | N20: =M20*H20 -> 3600000 | O20: 4071424 | P20: =O20*H20 -> 4071424 | Q20: 1904000 | R20: =Q20*H20 -> 1904000 | S20: 2380000 | T20: =S20*H20 -> 2380000 | U20: 600000 | V20: =U20*H20 -> 600000 | W20: 450000 | X20: =W20*H20 -> 450000 | Y20: 500000 | Z20: =Y20*H20 -> 500000 | AA20: 520000 | AB20: =AA20*H20 -> 520000 | AC20: 580000 | AD20: =AC20*H20 -> 580000 | AF20: =AE20*H20 -> 0 | AH20: =AG20*H20 -> 0 | AJ20: =AI20*H20 -> 0 | AK20: =ROUND((AVERAGE(I20,K20,M20,O20,Q20,S20,U20,W20,Y20,AA20,AC20,AE20,AG20,AI20)),0) -> 1462675 | AL20: =ROUND((AK20*H20),0) -> 1462675 | AM20: =ROUND((MEDIAN(I20,K20,M20,O20,Q20,S20,U20,W20,Y20,AA20,AC20,AE20,AG20,AI20)),0) -> 626000 | AN20: =ROUND((H20*AM20),0) -> 626000 | AO20: =ROUND((HARMEAN(I20,K20,M20,O20,Q20,S20,U20,W20,Y20,AA20,AC20,AE20,AG20,AI20)),0) -> 798965 | AP20: =ROUND((H20*AO20),0) -> 798965 | AQ20: =ROUND((GEOMEAN(I20,K20,M20,O20,Q20,S20,U20,W20,Y20,AA20,AC20,AE20,AG20,AI20)),0) -> 1034518 | AR20: =ROUND((H20*AQ20),0) -> 1034518
C21: 8.2 | D21: De 2,79 x 2,65 m | G21: UND. | H21: 2 | I21: 835000 | J21: =I21*H21 -> 1670000 | K21: 965480 | L21: =K21*H21 -> 1930960 | M21: 4800000 | N21: =M21*H21 -> 9600000 | O21: 5675370.2 | P21: =O21*H21 -> 11350740 | Q21: 2513000 | R21: =Q21*H21 -> 5026000 | S21: 2940000 | T21: =S21*H21 -> 5880000 | U21: 650000 | V21: =U21*H21 -> 1300000 | W21: 470000 | X21: =W21*H21 -> 940000 | Y21: 470000 | Z21: =Y21*H21 -> 940000 | AA21: 490000 | AB21: =AA21*H21 -> 980000 | AC21: 500000 | AD21: =AC21*H21 -> 1000000 | AF21: =AE21*H21 -> 0 | AH21: =AG21*H21 -> 0 | AJ21: =AI21*H21 -> 0 | AK21: =ROUND((AVERAGE(I21,K21,M21,O21,Q21,S21,U21,W21,Y21,AA21,AC21,AE21,AG21,AI21)),0) -> 1846259 | AL21: =ROUND((AK21*H21),0) -> 3692518 | AM21: =ROUND((MEDIAN(I21,K21,M21,O21,Q21,S21,U21,W21,Y21,AA21,AC21,AE21,AG21,AI21)),0) -> 835000 | AN21: =ROUND((H21*AM21),0) -> 1670000 | AO21: =ROUND((HARMEAN(I21,K21,M21,O21,Q21,S21,U21,W21,Y21,AA21,AC21,AE21,AG21,AI21)),0) -> 833930 | AP21: =ROUND((H21*AO21),0) -> 1667860 | AQ21: =ROUND((GEOMEAN(I21,K21,M21,O21,Q21,S21,U21,W21,Y21,AA21,AC21,AE21,AG21,AI21)),0) -> 1171577 | AR21: =ROUND((H21*AQ21),0) -> 2343154
C22: 8.3 | D22: De 2,80 x 0,75 m | G22: UND. | H22: 1 | I22: 480000 | J22: =I22*H22 -> 480000 | K22: 790830 | L22: =K22*H22 -> 790830 | M22: 1350000 | N22: =M22*H22 -> 1350000 | O22: 1526784 | P22: =O22*H22 -> 1526784 | Q22: 7140000 | R22: =Q22*H22 -> 7140000 | S22: 2380000 | T22: =S22*H22 -> 2380000 | U22: 450000 | V22: =U22*H22 -> 450000 | W22: 400000 | X22: =W22*H22 -> 400000 | Y22: 390000 | Z22: =Y22*H22 -> 390000 | AA22: 412000 | AB22: =AA22*H22 -> 412000 | AC22: 420000 | AD22: =AC22*H22 -> 420000 | AF22: =AE22*H22 -> 0 | AH22: =AG22*H22 -> 0 | AJ22: =AI22*H22 -> 0 | AK22: =ROUND((AVERAGE(I22,K22,M22,O22,Q22,S22,U22,W22,Y22,AA22,AC22,AE22,AG22,AI22)),0) -> 1430874 | AL22: =ROUND((AK22*H22),0) -> 1430874 | AM22: =ROUND((MEDIAN(I22,K22,M22,O22,Q22,S22,U22,W22,Y22,AA22,AC22,AE22,AG22,AI22)),0) -> 480000 | AN22: =ROUND((H22*AM22),0) -> 480000 | AO22: =ROUND((HARMEAN(I22,K22,M22,O22,Q22,S22,U22,W22,Y22,AA22,AC22,AE22,AG22,AI22)),0) -> 632248 | AP22: =ROUND((H22*AO22),0) -> 632248 | AQ22: =ROUND((GEOMEAN(I22,K22,M22,O22,Q22,S22,U22,W22,Y22,AA22,AC22,AE22,AG22,AI22)),0) -> 847262 | AR22: =ROUND((H22*AQ22),0) -> 847262
C23: 8.4 | D23: De 1,70 x 1,74 m | G23: UND. | H23: 1 | I23: 390000 | J23: =I23*H23 -> 390000 | K23: 760760 | L23: =K23*H23 -> 760760 | M23: 2000000 | N23: =M23*H23 -> 2000000 | O23: 2150584.3 | P23: =O23*H23 -> 2150584.3 | Q23: 1005000 | R23: =Q23*H23 -> 1005000 | S23: 1260000 | T23: =S23*H23 -> 1260000 | U23: 380000 | V23: =U23*H23 -> 380000 | W23: 320000 | X23: =W23*H23 -> 320000 | Y23: 330000 | Z23: =Y23*H23 -> 330000 | AA23: 330000 | AB23: =AA23*H23 -> 330000 | AC23: 350000 | AD23: =AC23*H23 -> 350000 | AF23: =AE23*H23 -> 0 | AH23: =AG23*H23 -> 0 | AJ23: =AI23*H23 -> 0 | AK23: =ROUND((AVERAGE(I23,K23,M23,O23,Q23,S23,U23,W23,Y23,AA23,AC23,AE23,AG23,AI23)),0) -> 843304 | AL23: =ROUND((AK23*H23),0) -> 843304 | AM23: =ROUND((MEDIAN(I23,K23,M23,O23,Q23,S23,U23,W23,Y23,AA23,AC23,AE23,AG23,AI23)),0) -> 390000 | AN23: =ROUND((H23*AM23),0) -> 390000 | AO23: =ROUND((HARMEAN(I23,K23,M23,O23,Q23,S23,U23,W23,Y23,AA23,AC23,AE23,AG23,AI23)),0) -> 516273 | AP23: =ROUND((H23*AO23),0) -> 516273 | AQ23: =ROUND((GEOMEAN(I23,K23,M23,O23,Q23,S23,U23,W23,Y23,AA23,AC23,AE23,AG23,AI23)),0) -> 640869 | AR23: =ROUND((H23*AQ23),0) -> 640869
C24: 8.5 | D24: De 1,74 x 2,78 m | G24: UND. | H24: 1 | I24: 460000 | J24: =I24*H24 -> 460000 | K24: 858000 | L24: =K24*H24 -> 858000 | M24: 3200000 | N24: =M24*H24 -> 3200000 | O24: 3516837.9 | P24: =O24*H24 -> 3516837.9 | Q24: 1644648 | R24: =Q24*H24 -> 1644648 | S24: 210000 | T24: =S24*H24 -> 210000 | U24: 450000 | V24: =U24*H24 -> 450000 | W24: 420000 | X24: =W24*H24 -> 420000 | Y24: 400000 | Z24: =Y24*H24 -> 400000 | AA24: 420000 | AB24: =AA24*H24 -> 420000 | AC24: 430000 | AD24: =AC24*H24 -> 430000 | AF24: =AE24*H24 -> 0 | AH24: =AG24*H24 -> 0 | AJ24: =AI24*H24 -> 0 | AK24: =ROUND((AVERAGE(I24,K24,M24,O24,Q24,S24,U24,W24,Y24,AA24,AC24,AE24,AG24,AI24)),0) -> 1091771 | AL24: =ROUND((AK24*H24),0) -> 1091771 | AM24: =ROUND((MEDIAN(I24,K24,M24,O24,Q24,S24,U24,W24,Y24,AA24,AC24,AE24,AG24,AI24)),0) -> 450000 | AN24: =ROUND((H24*AM24),0) -> 450000 | AO24: =ROUND((HARMEAN(I24,K24,M24,O24,Q24,S24,U24,W24,Y24,AA24,AC24,AE24,AG24,AI24)),0) -> 520934 | AP24: =ROUND((H24*AO24),0) -> 520934 | AQ24: =ROUND((GEOMEAN(I24,K24,M24,O24,Q24,S24,U24,W24,Y24,AA24,AC24,AE24,AG24,AI24)),0) -> 703673 | AR24: =ROUND((H24*AQ24),0) -> 703673
C25: 8.6 | D25: De 1,54 x 1,59 m | G25: UND. | H25: 1 | I25: 350000 | J25: =I25*H25 -> 350000 | K25: 790830 | L25: =K25*H25 -> 790830 | M25: 1600000 | N25: =M25*H25 -> 1600000 | O25: 1780230.1 | P25: =O25*H25 -> 1780230.1 | Q25: 832524 | R25: =Q25*H25 -> 832524 | S25: 1274000 | T25: =S25*H25 -> 1274000 | U25: 350000 | V25: =U25*H25 -> 350000 | W25: 300000 | X25: =W25*H25 -> 300000 | Y25: 280000 | Z25: =Y25*H25 -> 280000 | AA25: 320000 | AB25: =AA25*H25 -> 320000 | AC25: 330000 | AD25: =AC25*H25 -> 330000 | AF25: =AE25*H25 -> 0 | AH25: =AG25*H25 -> 0 | AJ25: =AI25*H25 -> 0 | AK25: =ROUND((AVERAGE(I25,K25,M25,O25,Q25,S25,U25,W25,Y25,AA25,AC25,AE25,AG25,AI25)),0) -> 746144 | AL25: =ROUND((AK25*H25),0) -> 746144 | AM25: =ROUND((MEDIAN(I25,K25,M25,O25,Q25,S25,U25,W25,Y25,AA25,AC25,AE25,AG25,AI25)),0) -> 350000 | AN25: =ROUND((H25*AM25),0) -> 350000 | AO25: =ROUND((HARMEAN(I25,K25,M25,O25,Q25,S25,U25,W25,Y25,AA25,AC25,AE25,AG25,AI25)),0) -> 473900 | AP25: =ROUND((H25*AO25),0) -> 473900 | AQ25: =ROUND((GEOMEAN(I25,K25,M25,O25,Q25,S25,U25,W25,Y25,AA25,AC25,AE25,AG25,AI25)),0) -> 582021 | AR25: =ROUND((H25*AQ25),0) -> 582021
C26: 9 | D26: Suministro e instalacion de ventanal de piso en aluminio y vidrio color bronce con pelicula de seguridad a los vidrios. Diseño en dos niveles, el nivel superior con una altura de 75 cm alas pivontantes. El Nivel inferior con una altura de 2 m y dos (2) alas corredizas. Ver diseño. | G26: m2 | H26: 33 | I26: 680000 | J26: =I26*H26 -> 22440000 | K26: 998980 | L26: =K26*H26 -> 32966340 | M26: 650000 | N26: =M26*H26 -> 21450000 | O26: 727040 | P26: =O26*H26 -> 23992320 | Q26: 335000 | R26: =Q26*H26 -> 11055000 | S26: 560000 | T26: =S26*H26 -> 18480000 | U26: 400000 | V26: =U26*H26 -> 13200000 | W26: 350000 | X26: =W26*H26 -> 11550000 | Y26: 500000 | Z26: =Y26*H26 -> 16500000 | AA26: 420000 | AB26: =AA26*H26 -> 13860000 | AC26: 430000 | AD26: =AC26*H26 -> 14190000 | AE26: =425000*1.0161 -> 431842.5 | AF26: =AE26*H26 -> 14250802 | AG26: =520000*1.0161 -> 528372 | AH26: =AG26*H26 -> 17436276 | AJ26: =AI26*H26 -> 0 | AK26: =ROUND((AVERAGE(I26,K26,M26,O26,Q26,S26,U26,W26,Y26,AA26,AC26,AE26,AG26,AI26)),0) -> 539326 | AL26: =ROUND((AK26*H26),0) -> 17797758 | AM26: =ROUND((MEDIAN(I26,K26,M26,O26,Q26,S26,U26,W26,Y26,AA26,AC26,AE26,AG26,AI26)),0) -> 500000 | AN26: =ROUND((H26*AM26),0) -> 16500000 | AO26: =ROUND((HARMEAN(I26,K26,M26,O26,Q26,S26,U26,W26,Y26,AA26,AC26,AE26,AG26,AI26)),0) -> 491898 | AP26: =ROUND((H26*AO26),0) -> 16232634 | AQ26: =ROUND((GEOMEAN(I26,K26,M26,O26,Q26,S26,U26,W26,Y26,AA26,AC26,AE26,AG26,AI26)),0) -> 513757 | AR26: =ROUND((H26*AQ26),0) -> 16953981
C27: 10 | D27: Construcción de rampa en concreto, F'c= 21 Mpa incluye malla electrosoldada y acero de reduerzo. Ancho = 1,50 m. h = 30 cm | G27: m3 | H27: 2 | I27: 760000 | J27: =I27*H27 -> 1520000 | K27: 750890 | L27: =K27*H27 -> 1501780 | M27: 1200000 | N27: =M27*H27 -> 2400000 | O27: 551949.48 | P27: =O27*H27 -> 1103899 | Q27: 1386000 | R27: =Q27*H27 -> 2772000 | S27: 210000 | T27: =S27*H27 -> 420000 | U27: 700000 | V27: =U27*H27 -> 1400000 | W27: 690000 | X27: =W27*H27 -> 1380000 | Y27: 751000 | Z27: =Y27*H27 -> 1502000 | AA27: 560000 | AB27: =AA27*H27 -> 1120000 | AC27: 580000 | AD27: =AC27*H27 -> 1160000 | AF27: =AE27*H27 -> 0 | AG27: =137723*1.0161 -> 139940.34 | AH27: =AG27*H27 -> 279880.68 | AJ27: =AI27*H27 -> 0 | AK27: =ROUND((AVERAGE(I27,K27,M27,O27,Q27,S27,U27,W27,Y27,AA27,AC27,AE27,AG27,AI27)),0) -> 689982 | AL27: =ROUND((AK27*H27),0) -> 1379964 | AM27: =ROUND((MEDIAN(I27,K27,M27,O27,Q27,S27,U27,W27,Y27,AA27,AC27,AE27,AG27,AI27)),0) -> 695000 | AN27: =ROUND((H27*AM27),0) -> 1390000 | AO27: =ROUND((HARMEAN(I27,K27,M27,O27,Q27,S27,U27,W27,Y27,AA27,AC27,AE27,AG27,AI27)),0) -> 467997 | AP27: =ROUND((H27*AO27),0) -> 935994 | AQ27: =ROUND((GEOMEAN(I27,K27,M27,O27,Q27,S27,U27,W27,Y27,AA27,AC27,AE27,AG27,AI27)),0) -> 590949 | AR27: =ROUND((H27*AQ27),0) -> 1181898
C28: 11 | D28: Suministro y aplicación de pintura acrílica para exterior, tipo Koraza o similar, de primera calidad, sobre columnas, muro o vigas y/o pintura existente, color a definir, en todas las superficies a pintar, se aplicarán cuantas manos de pintura e imprimantes sean necesarios. Incluye todo tipo de resanes y preparación de superficie. | G28: m2 | H28: 35 | I28: 26000 | J28: =I28*H28 -> 910000 | K28: 15600 | L28: =K28*H28 -> 546000 | M28: 40000 | N28: =M28*H28 -> 1400000 | O28: 35200 | P28: =O28*H28 -> 1232000 | Q28: 23400 | R28: =Q28*H28 -> 819000 | S28: 32200 | T28: =S28*H28 -> 1127000 | U28: 23000 | V28: =U28*H28 -> 805000 | W28: 25000 | X28: =W28*H28 -> 875000 | Y28: 32000 | Z28: =Y28*H28 -> 1120000 | AA28: 25000 | AB28: =AA28*H28 -> 875000 | AC28: 28000 | AD28: =AC28*H28 -> 980000 | AF28: =AE28*H28 -> 0 | AG28: =27250*1.0161 -> 27688.725 | AH28: =AG28*H28 -> 969105.38 | AJ28: =AI28*H28 -> 0 | AK28: =ROUND((AVERAGE(I28,K28,M28,O28,Q28,S28,U28,W28,Y28,AA28,AC28,AE28,AG28,AI28)),0) -> 27757 | AL28: =ROUND((AK28*H28),0) -> 971495 | AM28: =ROUND((MEDIAN(I28,K28,M28,O28,Q28,S28,U28,W28,Y28,AA28,AC28,AE28,AG28,AI28)),0) -> 26844 | AN28: =ROUND((H28*AM28),0) -> 939540 | AO28: =ROUND((HARMEAN(I28,K28,M28,O28,Q28,S28,U28,W28,Y28,AA28,AC28,AE28,AG28,AI28)),0) -> 26297 | AP28: =ROUND((H28*AO28),0) -> 920395 | AQ28: =ROUND((GEOMEAN(I28,K28,M28,O28,Q28,S28,U28,W28,Y28,AA28,AC28,AE28,AG28,AI28)),0) -> 27050 | AR28: =ROUND((H28*AQ28),0) -> 946750
C29: 12 | D29: Suministro y colocación de teja ecologica, placa ondulada, fabricada con fibras vegetales y saturada con bitumen. Color verde. Incluye estructura en metalica para colocación de teja sobre la existente, correas, traslapos frontales minimo 17 cm, traslape lateral minimo 1 ondulación. | G29: m2 | H29: 180 | I29: 58000 | J29: =I29*H29 -> 10440000 | K29: 98100 | L29: =K29*H29 -> 17658000 | M29: 80000 | N29: =M29*H29 -> 14400000 | O29: 134505.18 | P29: =O29*H29 -> 24210932 | Q29: 230000 | R29: =Q29*H29 -> 41400000 | S29: 123200 | T29: =S29*H29 -> 22176000 | U29: 78000 | V29: =U29*H29 -> 14040000 | W29: 62000 | X29: =W29*H29 -> 11160000 | Y29: 75000 | Z29: =Y29*H29 -> 13500000 | AA29: 50000 | AB29: =AA29*H29 -> 9000000 | AC29: 45000 | AD29: =AC29*H29 -> 8100000 | AE29: =46500*1.0161 -> 47248.65 | AF29: =AE29*H29 -> 8504757 | AH29: =AG29*H29 -> 0 | AJ29: =AI29*H29 -> 0 | AK29: =ROUND((AVERAGE(I29,K29,M29,O29,Q29,S29,U29,W29,Y29,AA29,AC29,AE29,AG29,AI29)),0) -> 90088 | AL29: =ROUND((AK29*H29),0) -> 16215840 | AM29: =ROUND((MEDIAN(I29,K29,M29,O29,Q29,S29,U29,W29,Y29,AA29,AC29,AE29,AG29,AI29)),0) -> 76500 | AN29: =ROUND((H29*AM29),0) -> 13770000 | AO29: =ROUND((HARMEAN(I29,K29,M29,O29,Q29,S29,U29,W29,Y29,AA29,AC29,AE29,AG29,AI29)),0) -> 72506 | AP29: =ROUND((H29*AO29),0) -> 13051080 | AQ29: =ROUND((GEOMEAN(I29,K29,M29,O29,Q29,S29,U29,W29,Y29,AA29,AC29,AE29,AG29,AI29)),0) -> 79821 | AR29: =ROUND((H29*AQ29),0) -> 14367780
C30: 13 | D30: Suministro e instalación de impermeabilización con Restrucreto MIP o similar y pintura Supercryl larga vida o similar.(losa terraza) | G30: m2 | H30: 10 | I30: 16000 | J30: =I30*H30 -> 160000 | K30: 35890 | L30: =K30*H30 -> 358900 | M30: 160000 | N30: =M30*H30 -> 1600000 | O30: 140800 | P30: =O30*H30 -> 1408000 | Q30: 61170 | R30: =Q30*H30 -> 611700 | S30: 63000 | T30: =S30*H30 -> 630000 | U30: 99000 | V30: =U30*H30 -> 990000 | W30: 90000 | X30: =W30*H30 -> 900000 | Y30: 110000 | Z30: =Y30*H30 -> 1100000 | AA30: 113000 | AB30: =AA30*H30 -> 1130000 | AC30: 120000 | AD30: =AC30*H30 -> 1200000 | AF30: =AE30*H30 -> 0 | AH30: =AG30*H30 -> 0 | AJ30: =AI30*H30 -> 0 | AK30: =ROUND((AVERAGE(I30,K30,M30,O30,Q30,S30,U30,W30,Y30,AA30,AC30,AE30,AG30,AI30)),0) -> 91715 | AL30: =ROUND((AK30*H30),0) -> 917150 | AM30: =ROUND((MEDIAN(I30,K30,M30,O30,Q30,S30,U30,W30,Y30,AA30,AC30,AE30,AG30,AI30)),0) -> 99000 | AN30: =ROUND((H30*AM30),0) -> 990000 | AO30: =ROUND((HARMEAN(I30,K30,M30,O30,Q30,S30,U30,W30,Y30,AA30,AC30,AE30,AG30,AI30)),0) -> 59971 | AP30: =ROUND((H30*AO30),0) -> 599710 | AQ30: =ROUND((GEOMEAN(I30,K30,M30,O30,Q30,S30,U30,W30,Y30,AA30,AC30,AE30,AG30,AI30)),0) -> 78134 | AR30: =ROUND((H30*AQ30),0) -> 781340
C31: 14 | D31: Suministro y aplicación de pintura para aislamiento termico, para aplicar en teja de fibrocemento en el interior, de primera calidad, dejajo de la teja, color a definir, en todas las superficies a pintar, se aplicarán cuantas manos de pintura e imprimantes sean necesarios. Incluye todo tipo de resanes y preparación de superficie. Para Muros, columnas y vigas. | G31: m2 | H31: 180 | I31: 23000 | J31: =I31*H31 -> 4140000 | K31: 18600 | L31: =K31*H31 -> 3348000 | M31: 50000 | N31: =M31*H31 -> 9000000 | O31: 25344 | P31: =O31*H31 -> 4561920 | Q31: 23800 | R31: =Q31*H31 -> 4284000 | S31: 39200 | T31: =S31*H31 -> 7056000 | U31: 26000 | V31: =U31*H31 -> 4680000 | W31: 35000 | X31: =W31*H31 -> 6300000 | Y31: 32000 | Z31: =Y31*H31 -> 5760000 | AA31: 35000 | AB31: =AA31*H31 -> 6300000 | AC31: 38000 | AD31: =AC31*H31 -> 6840000 | AF31: =AE31*H31 -> 0 | AH31: =AG31*H31 -> 0 | AJ31: =AI31*H31 -> 0 | AK31: =ROUND((AVERAGE(I31,K31,M31,O31,Q31,S31,U31,W31,Y31,AA31,AC31,AE31,AG31,AI31)),0) -> 31449 | AL31: =ROUND((AK31*H31),0) -> 5660820 | AM31: =ROUND((MEDIAN(I31,K31,M31,O31,Q31,S31,U31,W31,Y31,AA31,AC31,AE31,AG31,AI31)),0) -> 32000 | AN31: =ROUND((H31*AM31),0) -> 5760000 | AO31: =ROUND((HARMEAN(I31,K31,M31,O31,Q31,S31,U31,W31,Y31,AA31,AC31,AE31,AG31,AI31)),0) -> 29147 | AP31: =ROUND((H31*AO31),0) -> 5246460 | AQ31: =ROUND((GEOMEAN(I31,K31,M31,O31,Q31,S31,U31,W31,Y31,AA31,AC31,AE31,AG31,AI31)),0) -> 30275 | AR31: =ROUND((H31*AQ31),0) -> 5449500
D32: LADO AIRE AEROPUERTO MORELA DE PUERTO BERRIO - ANTIOQUIA | J32: =I32*H32 -> 0 | L32: =K32*H32 -> 0 | N32: =M32*H32 -> 0 | P32: =O32*H32 -> 0 | R32: =Q32*H32 -> 0 | T32: =S32*H32 -> 0 | V32: =U32*H32 -> 0 | X32: =W32*H32 -> 0 | Z32: =Y32*H32 -> 0 | AB32: =AA32*H32 -> 0 | AD32: =AC32*H32 -> 0 | AF32: =AE32*H32 -> 0 | AH32: =AG32*H32 -> 0 | AJ32: =AI32*H32 -> 0
C33: 15 | D33: Excavación mecanica en material común y conglomerado. Incluye cargue y botada de escombros. | G33: m3 | H33: 609 | I33: 98000 | J33: =I33*H33 -> 59682000 | K33: 27890 | L33: =K33*H33 -> 16985010 | M33: 70000 | N33: =M33*H33 -> 42630000 | O33: 63744 | P33: =O33*H33 -> 38820096 | Q33: 89700 | R33: =Q33*H33 -> 54627300 | S33: 42000 | T33: =S33*H33 -> 25578000 | U33: 42641 | V33: =U33*H33 -> 25968369 | W33: 40759 | X33: =W33*H33 -> 24822231 | Y33: 43465.034 | Z33: =Y33*H33 -> 26470205 | AA33: 27000 | AB33: =AA33*H33 -> 16443000 | AC33: 31000 | AD33: =AC33*H33 -> 18879000 | AE33: =42641*1.0161 -> 43327.52 | AF33: =AE33*H33 -> 26386460 | AH33: =AG33*H33 -> 0 | AI33: =4752*1.038*1.0161 -> 5011.9905 | AJ33: =AI33*H33 -> 3052302.2 | AK33: =ROUND((AVERAGE(I33,K33,M33,O33,Q33,S33,U33,W33,Y33,AA33,AC33,AE33,AG33,AI33)),0) -> 48041 | AL33: =ROUND((AK33*H33),0) -> 29256969 | AM33: =ROUND((MEDIAN(I33,K33,M33,O33,Q33,S33,U33,W33,Y33,AA33,AC33,AE33,AG33,AI33)),0) -> 42641 | AN33: =ROUND((H33*AM33),0) -> 25968369 | AO33: =ROUND((HARMEAN(I33,K33,M33,O33,Q33,S33,U33,W33,Y33,AA33,AC33,AE33,AG33,AI33)),0) -> 27433 | AP33: =ROUND((H33*AO33),0) -> 16706697 | AQ33: =ROUND((GEOMEAN(I33,K33,M33,O33,Q33,S33,U33,W33,Y33,AA33,AC33,AE33,AG33,AI33)),0) -> 39810 | AR33: =ROUND((H33*AQ33),0) -> 24244290
C34: 16 | D34: Suministro, colocacion y compactación de Subbase granular estabilizada con cemento, con materiales de la zona mejorada en sitio con equipo especializado, espesor 15 cm | G34: m3 | H34: =1218*0.15 -> 182.7 | I34: 910000 | J34: =I34*H34 -> 166257000 | K34: 160234 | L34: =K34*H34 -> 29274752 | M34: 300000 | N34: =M34*H34 -> 54810000 | O34: 134400 | P34: =O34*H34 -> 24554880 | Q34: 206639 | R34: =Q34*H34 -> 37752945 | S34: 92400 | T34: =S34*H34 -> 16881480 | U34: 280000 | V34: =U34*H34 -> 51156000 | W34: 300000 | X34: =W34*H34 -> 54810000 | Y34: 210000 | Z34: =Y34*H34 -> 38367000 | AA34: 220000 | AB34: =AA34*H34 -> 40194000 | AC34: 200000 | AD34: =AC34*H34 -> 36540000 | AE34: =213000*1.0161 -> 216429.3 | AF34: =AE34*H34 -> 39541633 | AH34: =AG34*H34 -> 0 | AI34: =159009.13*1.038*1.0161 -> 167708.81 | AJ34: =AI34*H34 -> 30640399 | AK34: =ROUND((AVERAGE(I34,K34,M34,O34,Q34,S34,U34,W34,Y34,AA34,AC34,AE34,AG34,AI34)),0) -> 261370 | AL34: =ROUND((AK34*H34),0) -> 47752299 | AM34: =ROUND((MEDIAN(I34,K34,M34,O34,Q34,S34,U34,W34,Y34,AA34,AC34,AE34,AG34,AI34)),0) -> 210000 | AN34: =ROUND((H34*AM34),0) -> 38367000 | AO34: =ROUND((HARMEAN(I34,K34,M34,O34,Q34,S34,U34,W34,Y34,AA34,AC34,AE34,AG34,AI34)),0) -> 198259 | AP34: =ROUND((H34*AO34),0) -> 36221919 | AQ34: =ROUND((GEOMEAN(I34,K34,M34,O34,Q34,S34,U34,W34,Y34,AA34,AC34,AE34,AG34,AI34)),0) -> 221899 | AR34: =ROUND((H34*AQ34),0) -> 40540947
C35: 17 | D35: Reciclado de pavimento y estructura en zona de repavimentación espesor 30 cm, incluye mejoramiento de la estructura con cemento y compactacion de la misma para posterior pavimentación | G35: m2 | H35: 1218 | I35: 939000 | J35: =I35*H35 -> 1143702000 | K35: 18890 | L35: =K35*H35 -> 23008020 | M35: 55000 | N35: =M35*H35 -> 66990000 | O35: 377664 | P35: =O35*H35 -> 459994752 | Q35: 432123 | R35: =Q35*H35 -> 526325814 | S35: 63000 | T35: =S35*H35 -> 76734000 | U35: 60000 | V35: =U35*H35 -> 73080000 | W35: 42000 | X35: =W35*H35 -> 51156000 | Y35: 45000 | Z35: =Y35*H35 -> 54810000 | AA35: 39000 | AB35: =AA35*H35 -> 47502000 | AC35: 50000 | AD35: =AC35*H35 -> 60900000 | AF35: =AE35*H35 -> 0 | AH35: =AG35*H35 -> 0 | AI35: =38000*1.038*1.0161 -> 40079.048 | AJ35: =AI35*H35 -> 48816281 | AK35: =ROUND((AVERAGE(I35,K35,M35,O35,Q35,S35,U35,W35,Y35,AA35,AC35,AE35,AG35,AI35)),0) -> 180146 | AL35: =ROUND((AK35*H35),0) -> 219417828 | AM35: =ROUND((MEDIAN(I35,K35,M35,O35,Q35,S35,U35,W35,Y35,AA35,AC35,AE35,AG35,AI35)),0) -> 52500 | AN35: =ROUND((H35*AM35),0) -> 63945000 | AO35: =ROUND((HARMEAN(I35,K35,M35,O35,Q35,S35,U35,W35,Y35,AA35,AC35,AE35,AG35,AI35)),0) -> 53025 | AP35: =ROUND((H35*AO35),0) -> 64584450 | AQ35: =ROUND((GEOMEAN(I35,K35,M35,O35,Q35,S35,U35,W35,Y35,AA35,AC35,AE35,AG35,AI35)),0) -> 81735 | AR35: =ROUND((H35*AQ35),0) -> 99553230
C36: 18 | D36: Suministro y aplicación de Imprimación y Riego de liga con emulsión asfáltica P-402-403 | G36: m2 | H36: 1218 | I36: 9200 | J36: =I36*H36 -> 11205600 | K36: 4867 | L36: =K36*H36 -> 5928006 | M36: 6000 | N36: =M36*H36 -> 7308000 | O36: 3585.28 | P36: =O36*H36 -> 4366871 | Q36: 321000 | R36: =Q36*H36 -> 390978000 | S36: 6300 | T36: =S36*H36 -> 7673400 | U36: 4800 | V36: =U36*H36 -> 5846400 | W36: 5200 | X36: =W36*H36 -> 6333600 | Y36: 4700 | Z36: =Y36*H36 -> 5724600 | AA36: 4500 | AB36: =AA36*H36 -> 5481000 | AC36: 4900 | AD36: =AC36*H36 -> 5968200 | AE36: =4200*1.0161 -> 4267.62 | AF36: =AE36*H36 -> 5197961.2 | AH36: =AG36*H36 -> 0 | AI36: =4038*1.038*1.0161 -> 4258.9262 | AJ36: =AI36*H36 -> 5187372.2 | AK36: =ROUND((AVERAGE(I36,K36,M36,O36,Q36,S36,U36,W36,Y36,AA36,AC36,AE36,AG36,AI36)),0) -> 29506 | AL36: =ROUND((AK36*H36),0) -> 35938308 | AM36: =ROUND((MEDIAN(I36,K36,M36,O36,Q36,S36,U36,W36,Y36,AA36,AC36,AE36,AG36,AI36)),0) -> 4867 | AN36: =ROUND((H36*AM36),0) -> 5928006 | AO36: =ROUND((HARMEAN(I36,K36,M36,O36,Q36,S36,U36,W36,Y36,AA36,AC36,AE36,AG36,AI36)),0) -> 5349 | AP36: =ROUND((H36*AO36),0) -> 6515082 | AQ36: =ROUND((GEOMEAN(I36,K36,M36,O36,Q36,S36,U36,W36,Y36,AA36,AC36,AE36,AG36,AI36)),0) -> 6970 | AR36: =ROUND((H36*AQ36),0) -> 8489460
C37: 19 | D37: Suministro e instalación de carpeta de rodadura mezcla densa en caliente Norma P-401 FAA. | G37: m3 | H37: =1218*0.12 -> 146.16 | I37: 489000 | J37: =I37*H37 -> 71472240 | K37: 980650 | L37: =K37*H37 -> 143331804 | M37: 1600000 | N37: =M37*H37 -> 233856000 | O37: 702085.12 | P37: =O37*H37 -> 1.0261676e+08 | Q37: 432123 | R37: =Q37*H37 -> 63159098 | S37: 98000 | T37: =S37*H37 -> 14323680 | U37: 800000 | V37: =U37*H37 -> 116928000 | W37: 820000 | X37: =W37*H37 -> 119851200 | Y37: 890000 | Z37: =Y37*H37 -> 130082400 | AA37: 750000 | AB37: =AA37*H37 -> 109620000 | AC37: 780000 | AD37: =AC37*H37 -> 114004800 | AE37: =935000*1.0161 -> 950053.5 | AF37: =AE37*H37 -> 1.3885982e+08 | AH37: =AG37*H37 -> 0 | AI37: =738018*1.038*1.0161 -> 778396.29 | AJ37: =AI37*H37 -> 1.137704e+08 | AK37: =ROUND((AVERAGE(I37,K37,M37,O37,Q37,S37,U37,W37,Y37,AA37,AC37,AE37,AG37,AI37)),0) -> 774639 | AL37: =ROUND((AK37*H37),0) -> 113221236 | AM37: =ROUND((MEDIAN(I37,K37,M37,O37,Q37,S37,U37,W37,Y37,AA37,AC37,AE37,AG37,AI37)),0) -> 780000 | AN37: =ROUND((H37*AM37),0) -> 114004800 | AO37: =ROUND((HARMEAN(I37,K37,M37,O37,Q37,S37,U37,W37,Y37,AA37,AC37,AE37,AG37,AI37)),0) -> 496599 | AP37: =ROUND((H37*AO37),0) -> 72582910 | AQ37: =ROUND((GEOMEAN(I37,K37,M37,O37,Q37,S37,U37,W37,Y37,AA37,AC37,AE37,AG37,AI37)),0) -> 672567 | AR37: =ROUND((H37*AQ37),0) -> 98302393
C38: 20 | D38: Relleno de margen de seguridad en sub base compactada | G38: m3 | H38: =700*2*0.1 -> 140 | I38: 84000 | J38: =I38*H38 -> 11760000 | K38: 116890 | L38: =K38*H38 -> 16364600 | M38: 1800000 | N38: =M38*H38 -> 252000000 | O38: 72343.2 | P38: =O38*H38 -> 10128048 | Q38: 98765 | R38: =Q38*H38 -> 13827100 | S38: 42000 | T38: =S38*H38 -> 5880000 | U38: 95000 | V38: =U38*H38 -> 13300000 | W38: 120000 | X38: =W38*H38 -> 16800000 | Y38: 78000 | Z38: =Y38*H38 -> 10920000 | AA38: 80000 | AB38: =AA38*H38 -> 11200000 | AC38: 100000 | AD38: =AC38*H38 -> 14000000 | AE38: =51430*1.0161 -> 52258.023 | AF38: =AE38*H38 -> 7316123.2 | AH38: =AG38*H38 -> 0 | AI38: =94459.23*1.038*1.0161 -> 99627.264 | AJ38: =AI38*H38 -> 13947817 | AK38: =ROUND((AVERAGE(I38,K38,M38,O38,Q38,S38,U38,W38,Y38,AA38,AC38,AE38,AG38,AI38)),0) -> 218376 | AL38: =ROUND((AK38*H38),0) -> 30572640 | AM38: =ROUND((MEDIAN(I38,K38,M38,O38,Q38,S38,U38,W38,Y38,AA38,AC38,AE38,AG38,AI38)),0) -> 95000 | AN38: =ROUND((H38*AM38),0) -> 13300000 | AO38: =ROUND((HARMEAN(I38,K38,M38,O38,Q38,S38,U38,W38,Y38,AA38,AC38,AE38,AG38,AI38)),0) -> 85455 | AP38: =ROUND((H38*AO38),0) -> 11963700 | AQ38: =ROUND((GEOMEAN(I38,K38,M38,O38,Q38,S38,U38,W38,Y38,AA38,AC38,AE38,AG38,AI38)),0) -> 105330 | AR38: =ROUND((H38*AQ38),0) -> 14746200
C39: 21 | D39: Suministro e instalación de señalización de la pista, llaves de volteo, calles de rodaje y plataforma con pintura acrilica de tráfico pesado y microesferas reflectivas en colores amarillo y blanco. Normatividad vigente: Anexo 14 de la OACI, RAC, Norma ICONTEC 1360 y FAA P-620 | G39: m2 | H39: 3527 | I39: 58000 | J39: =I39*H39 -> 204566000 | K39: 26800 | L39: =K39*H39 -> 94523600 | M39: 80000 | N39: =M39*H39 -> 282160000 | O39: 12070.4 | P39: =O39*H39 -> 42572301 | Q39: 87654 | R39: =Q39*H39 -> 309155658 | S39: 17852 | T39: =S39*H39 -> 62964004 | U39: 47000 | V39: =U39*H39 -> 165769000 | W39: 60000 | X39: =W39*H39 -> 211620000 | Y39: 50000 | Z39: =Y39*H39 -> 176350000 | AA39: 48000 | AB39: =AA39*H39 -> 169296000 | AC39: 45000 | AD39: =AC39*H39 -> 158715000 | AF39: =AE39*H39 -> 0 | AH39: =AG39*H39 -> 0 | AI39: =40657*1.038*1.0161 -> 42881.418 | AJ39: =AI39*H39 -> 1.5124276e+08 | AK39: =ROUND((AVERAGE(I39,K39,M39,O39,Q39,S39,U39,W39,Y39,AA39,AC39,AE39,AG39,AI39)),0) -> 47938 | AL39: =ROUND((AK39*H39),0) -> 169077326 | AM39: =ROUND((MEDIAN(I39,K39,M39,O39,Q39,S39,U39,W39,Y39,AA39,AC39,AE39,AG39,AI39)),0) -> 47500 | AN39: =ROUND((H39*AM39),0) -> 167532500 | AO39: =ROUND((HARMEAN(I39,K39,M39,O39,Q39,S39,U39,W39,Y39,AA39,AC39,AE39,AG39,AI39)),0) -> 35124 | AP39: =ROUND((H39*AO39),0) -> 123882348 | AQ39: =ROUND((GEOMEAN(I39,K39,M39,O39,Q39,S39,U39,W39,Y39,AA39,AC39,AE39,AG39,AI39)),0) -> 42063 | AR39: =ROUND((H39*AQ39),0) -> 148356201
C40: 22 | D40: Retiro de postes de cerramiento | G40: UND. | H40: 5 | I40: 16000 | J40: =I40*H40 -> 80000 | K40: 15800 | L40: =K40*H40 -> 79000 | M40: 12000 | N40: =M40*H40 -> 60000 | O40: 9984 | P40: =O40*H40 -> 49920 | Q40: 16800 | R40: =Q40*H40 -> 84000 | S40: 35000 | T40: =S40*H40 -> 175000 | U40: 18000 | V40: =U40*H40 -> 90000 | W40: 17800 | X40: =W40*H40 -> 89000 | Y40: 20000 | Z40: =Y40*H40 -> 100000 | AA40: 15000 | AB40: =AA40*H40 -> 75000 | AC40: 14800 | AD40: =AC40*H40 -> 74000 | AF40: =AE40*H40 -> 0 | AH40: =AG40*H40 -> 0 | AJ40: =AI40*H40 -> 0 | AK40: =ROUND((AVERAGE(I40,K40,M40,O40,Q40,S40,U40,W40,Y40,AA40,AC40,AE40,AG40,AI40)),0) -> 17380 | AL40: =ROUND((AK40*H40),0) -> 86900 | AM40: =ROUND((MEDIAN(I40,K40,M40,O40,Q40,S40,U40,W40,Y40,AA40,AC40,AE40,AG40,AI40)),0) -> 16000 | AN40: =ROUND((H40*AM40),0) -> 80000 | AO40: =ROUND((HARMEAN(I40,K40,M40,O40,Q40,S40,U40,W40,Y40,AA40,AC40,AE40,AG40,AI40)),0) -> 15865 | AP40: =ROUND((H40*AO40),0) -> 79325 | AQ40: =ROUND((GEOMEAN(I40,K40,M40,O40,Q40,S40,U40,W40,Y40,AA40,AC40,AE40,AG40,AI40)),0) -> 16539 | AR40: =ROUND((H40*AQ40),0) -> 82695
C41: 23 | D41: Retiro de malla eslabonada | G41: m2 | H41: =30*2 -> 60 | I41: 18000 | J41: =I41*H41 -> 1080000 | K41: 15600 | L41: =K41*H41 -> 936000 | M41: 18000 | N41: =M41*H41 -> 1080000 | O41: 37900.8 | P41: =O41*H41 -> 2274048 | Q41: 15500 | R41: =Q41*H41 -> 930000 | S41: 4200 | T41: =S41*H41 -> 252000 | U41: 13104 | V41: =U41*H41 -> 786240 | W41: 12525 | X41: =W41*H41 -> 751500 | Y41: 15257.338 | Z41: =Y41*H41 -> 915440.28 | AA41: 16000 | AB41: =AA41*H41 -> 960000 | AC41: 20000 | AD41: =AC41*H41 -> 1200000 | AE41: =13104*1.0161 -> 13314.974 | AF41: =AE41*H41 -> 798898.46 | AH41: =AG41*H41 -> 0 | AJ41: =AI41*H41 -> 0 | AK41: =ROUND((AVERAGE(I41,K41,M41,O41,Q41,S41,U41,W41,Y41,AA41,AC41,AE41,AG41,AI41)),0) -> 16617 | AL41: =ROUND((AK41*H41),0) -> 997020 | AM41: =ROUND((MEDIAN(I41,K41,M41,O41,Q41,S41,U41,W41,Y41,AA41,AC41,AE41,AG41,AI41)),0) -> 15550 | AN41: =ROUND((H41*AM41),0) -> 933000 | AO41: =ROUND((HARMEAN(I41,K41,M41,O41,Q41,S41,U41,W41,Y41,AA41,AC41,AE41,AG41,AI41)),0) -> 13136 | AP41: =ROUND((H41*AO41),0) -> 788160 | AQ41: =ROUND((GEOMEAN(I41,K41,M41,O41,Q41,S41,U41,W41,Y41,AA41,AC41,AE41,AG41,AI41)),0) -> 15032 | AR41: =ROUND((H41*AQ41),0) -> 901920
C42: 24 | D42: Suministro e instalación cerramiento tipo I en malla eslabonada con recubrimiento en PVC, calibre 8" incluyendo el recubrimiento, Incluye tuberia (Poste, Pie de apoyo y pie de amigo). Cuatro hilos de alambre de pua y accesorios. | G42: m2 | H42: =30*2 -> 60 | I42: 162000 | J42: =I42*H42 -> 9720000 | K42: 185600 | L42: =K42*H42 -> 11136000 | M42: 125000 | N42: =M42*H42 -> 7500000 | O42: 382336 | P42: =O42*H42 -> 22940160 | Q42: 175000 | R42: =Q42*H42 -> 10500000 | S42: 140000 | T42: =S42*H42 -> 8400000 | U42: 177257 | V42: =U42*H42 -> 10635420 | W42: 169430 | X42: =W42*H42 -> 10165800 | Y42: 189720.75 | Z42: =Y42*H42 -> 11383245 | AA42: 163000 | AB42: =AA42*H42 -> 9780000 | AC42: 170000 | AD42: =AC42*H42 -> 10200000 | AE42: =177257*1.0161 -> 180110.84 | AF42: =AE42*H42 -> 10806650 | AH42: =AG42*H42 -> 0 | AJ42: =AI42*H42 -> 0 | AK42: =ROUND((AVERAGE(I42,K42,M42,O42,Q42,S42,U42,W42,Y42,AA42,AC42,AE42,AG42,AI42)),0) -> 184955 | AL42: =ROUND((AK42*H42),0) -> 11097300 | AM42: =ROUND((MEDIAN(I42,K42,M42,O42,Q42,S42,U42,W42,Y42,AA42,AC42,AE42,AG42,AI42)),0) -> 172500 | AN42: =ROUND((H42*AM42),0) -> 10350000 | AO42: =ROUND((HARMEAN(I42,K42,M42,O42,Q42,S42,U42,W42,Y42,AA42,AC42,AE42,AG42,AI42)),0) -> 172867 | AP42: =ROUND((H42*AO42),0) -> 10372020 | AQ42: =ROUND((GEOMEAN(I42,K42,M42,O42,Q42,S42,U42,W42,Y42,AA42,AC42,AE42,AG42,AI42)),0) -> 177845 | AR42: =ROUND((H42*AQ42),0) -> 10670700
C43: 25 | D43: Mortero de fijación(pisamalla) en base de malla eslabonada | G43: ml | H43: 30 | I43: 54000 | J43: =I43*H43 -> 1620000 | K43: 45800 | L43: =K43*H43 -> 1374000 | M43: 40000 | N43: =M43*H43 -> 1200000 | O43: 16208.64 | P43: =O43*H43 -> 486259.2 | Q43: 28479 | R43: =Q43*H43 -> 854370 | S43: 14000 | T43: =S43*H43 -> 420000 | U43: 26000 | V43: =U43*H43 -> 780000 | W43: 22000 | X43: =W43*H43 -> 660000 | Y43: 20000 | Z43: =Y43*H43 -> 600000 | AA43: 18000 | AB43: =AA43*H43 -> 540000 | AC43: 15000 | AD43: =AC43*H43 -> 450000 | AE43: =12940*1.0161 -> 13148.334 | AF43: =AE43*H43 -> 394450.02 | AH43: =AG43*H43 -> 0 | AJ43: =AI43*H43 -> 0 | AK43: =ROUND((AVERAGE(I43,K43,M43,O43,Q43,S43,U43,W43,Y43,AA43,AC43,AE43,AG43,AI43)),0) -> 26053 | AL43: =ROUND((AK43*H43),0) -> 781590 | AM43: =ROUND((MEDIAN(I43,K43,M43,O43,Q43,S43,U43,W43,Y43,AA43,AC43,AE43,AG43,AI43)),0) -> 21000 | AN43: =ROUND((H43*AM43),0) -> 630000 | AO43: =ROUND((HARMEAN(I43,K43,M43,O43,Q43,S43,U43,W43,Y43,AA43,AC43,AE43,AG43,AI43)),0) -> 21210 | AP43: =ROUND((H43*AO43),0) -> 636300 | AQ43: =ROUND((GEOMEAN(I43,K43,M43,O43,Q43,S43,U43,W43,Y43,AA43,AC43,AE43,AG43,AI43)),0) -> 23327 | AR43: =ROUND((H43*AQ43),0) -> 699810
C44: COSTOS DIRECTOS | J44: =SUM(J9:J43) -> 1733253440 | L44: =SUM(L9:L43) -> 4.1010824e+08 | N44: =SUM(N9:N43) -> 1032659000 | P44: =SUM(P9:P43) -> 8.098699e+08 | R44: =SUM(R9:R43) -> 1.4947973e+09 | T44: =SUM(T9:T43) -> 302757124 | V44: =SUM(V9:V43) -> 5.1493989e+08 | X44: =SUM(X9:X43) -> 542151876 | Z44: =SUM(Z9:Z43) -> 5.2074485e+08 | AB44: =SUM(AB9:AB43) -> 461250700 | AD44: =SUM(AD9:AD43) -> 463264000 | AF44: =SUM(AF9:AF43) -> 2.5277276e+08 | AH44: =SUM(AH9:AH43) -> 20003596 | AJ44: =SUM(AJ9:AJ43) -> 3.6665733e+08 | AL44: =SUM(AL9:AL43) -> 722914769 | AN44: =SUM(AN9:AN43) -> 494552307 | AP44: =SUM(AP9:AP43) -> 392286602 | AR44: =SUM(AR9:AR43) -> 501767526
D45: ADMINISTRACION | I45: 0.22 | J45: =J44*I45 -> 3.8131576e+08 | L45: =L44*$I45 -> 90223812 | N45: =N44*$I45 -> 227184980 | P45: =P44*$I45 -> 1.7817138e+08 | R45: =R44*$I45 -> 3.2885541e+08 | T45: =T44*$I45 -> 66606567 | V45: =V44*$I45 -> 1.1328678e+08 | X45: =X44*$I45 -> 1.1927341e+08 | Z45: =Z44*$I45 -> 1.1456387e+08 | AB45: =AB44*$I45 -> 101475154 | AD45: =AD44*$I45 -> 101918080 | AF45: =AF44*$I45 -> 55610006 | AH45: =AH44*$I45 -> 4400791.2 | AJ45: =AJ44*$I45 -> 80664613 | AL45: =AL44*$I45 -> 1.5904125e+08 | AN45: =AN44*$I45 -> 1.0880151e+08 | AP45: =AP44*$I45 -> 86303052 | AR45: =AR44*$I45 -> 1.1038886e+08
D46: IMPREVISTOS | I46: 0.01 | J46: =J44*I47 -> 86662672 | L46: =L44*$I46 -> 4101082.4 | N46: =N44*$I46 -> 10326590 | P46: =P44*$I46 -> 8098699 | R46: =R44*$I46 -> 14947973 | T46: =T44*$I46 -> 3027571.2 | V46: =V44*$I46 -> 5149398.9 | X46: =X44*$I46 -> 5421518.8 | Z46: =Z44*$I46 -> 5207448.5 | AB46: =AB44*$I46 -> 4612507 | AD46: =AD44*$I46 -> 4632640 | AF46: =AF44*$I46 -> 2527727.6 | AH46: =AH44*$I46 -> 200035.96 | AJ46: =AJ44*$I46 -> 3666573.3 | AL46: =AL44*$I46 -> 7229147.7 | AN46: =AN44*$I46 -> 4945523.1 | AP46: =AP44*$I46 -> 3922866 | AR46: =AR44*$I46 -> 5017675.3
D47: UTILIDAD | I47: 0.05 | J47: =J44*I47 -> 86662672 | L47: =L44*$I47 -> 20505412 | N47: =N44*$I47 -> 51632950 | P47: =P44*$I47 -> 40493495 | R47: =R44*$I47 -> 74739866 | T47: =T44*$I47 -> 15137856 | V47: =V44*$I47 -> 25746994 | X47: =X44*$I47 -> 27107594 | Z47: =Z44*$I47 -> 26037243 | AB47: =AB44*$I47 -> 23062535 | AD47: =AD44*$I47 -> 23163200 | AF47: =AF44*$I47 -> 12638638 | AH47: =AH44*$I47 -> 1000179.8 | AJ47: =AJ44*$I47 -> 18332867 | AL47: =AL44*$I47 -> 36145738 | AN47: =AN44*$I47 -> 24727615 | AP47: =AP44*$I47 -> 19614330 | AR47: =AR44*$I47 -> 25088376
C48: IVA SOBRE UTILIDAD | I48: 19% | J48: =J47*I48 -> 16465908 | L48: =L47*$I48 -> 3896028.3 | N48: =N47*$I48 -> 9810260.5 | P48: =P47*$I48 -> 7693764 | R48: =R47*$I48 -> 14200575 | T48: =T47*$I48 -> 2876192.7 | V48: =V47*$I48 -> 4891928.9 | W48: 19% | X48: =X47*$I48 -> 5150442.8 | Y48: 19% | Z48: =Z47*$I48 -> 4947076.1 | AA48: 19% | AB48: =AB47*$I48 -> 4381881.7 | AD48: =AD47*$I48 -> 4401008 | AE48: 19% | AF48: =AF47*$I48 -> 2401341.2 | AG48: 19% | AH48: =AH47*$I48 -> 190034.16 | AI48: 19% | AJ48: =AJ47*$I48 -> 3483244.7 | AK48: 19% | AL48: =AL47*$I48 -> 6867690.3 | AM48: 19% | AN48: =AN47*$I48 -> 4698246.9 | AO48: 19% | AP48: =AP47*$I48 -> 3726722.7 | AQ48: 19% | AR48: =AR47*$I48 -> 4766791.5
C49: VALOR TOTAL PROYECTO | J49: =+SUM(J44:J48) -> 2.3043604e+09 | L49: =+SUM(L44:L48) -> 5.2883457e+08 | N49: =+SUM(N44:N48) -> 1.3316138e+09 | P49: =+SUM(P44:P48) -> 1.0443272e+09 | R49: =+SUM(R44:R48) -> 1.9275411e+09 | T49: =+SUM(T44:T48) -> 3.9040531e+08 | V49: =+SUM(V44:V48) -> 6.6401499e+08 | X49: =+SUM(X44:X48) -> 6.9910484e+08 | Z49: =+SUM(Z44:Z48) -> 6.7150049e+08 | AB49: =+SUM(AB44:AB48) -> 5.9478278e+08 | AD49: =+SUM(AD44:AD48) -> 597378928 | AF49: =+SUM(AF44:AF48) -> 3.2595047e+08 | AH49: =+SUM(AH44:AH48) -> 25794637 | AJ49: =+SUM(AJ44:AJ48) -> 4.7280463e+08 | AL49: =+SUM(AL44:AL48) -> 9.3219859e+08 | AN49: =+SUM(AN44:AN48) -> 6.377252e+08 | AP49: =+SUM(AP44:AP48) -> 5.0585357e+08 | AR49: =+SUM(AR44:AR48) -> 6.4702922e+08

Sheet CIMITARRA
F2: FORMATO
F3: FORMATO 7 PROPUESTA ECONÓMICA
C4: Principio de Procedencia: 1201.092 | F4: Clave: GCON-1.0-12-112 | G4: Versión: 03 | I4: Fecha de aprobación: 28/12/2020 | J4: Página: 1 de 1
C6: OBJETO: RANC0304 REALIZAR MANTENIMIENTO DE LA INFRAESTRUCTURA AEROPORTUARIA LADO AIRE Y LADO TIERRA DE LOS AEROPUERTOS DE CIMITARRA Y PUERTO BERRIO | I6: ING ARANGO CIA SAS | K6: VÍAS Y EDIFICACIONES COLOMBIA SAS | M6: CONDEIN SAS | O6: HAH CONSTRUCCIONES SAS | Q6: ENETEL | S6: ITALOAMBIENTES | U6: JUAN CARLOS ORTIZ LOPEZ | W6: OSCAR MUÑOZ CORREA | Y6: GUSTAVO VASQUEZ PINZON | AA6: CARLOS CASTRO VEGA | AC6: FRANCISCO ALVAREZ PEREZ | AE6: PROMEDIO PROPUESTAS PRESENTADAS CONTRATACIÓN 20000584 H4 02 DE 2020 INCREMENTADOLAS AL IPC 1,61% DE 2020. | AG6: PROMEDIO PROPUESTAS PRESENTADAS CONTRATACIÓN 20000584 H4 03 DE 2020 INCREMENTADOLAS AL IPC 1,61% DE 2020. | AI6: PROMEDIO PROPUESTAS PRESENTADAS CONTRATACIÓN 20000584 H4 01 DE 2020 INCREMENTADOLAS AL IPC 1,61% DE 2020. | AK6: CONTRATO 19000734 H3 GRUPO SYC SAS | AM6: PROMEDIO | AO6: MEDIANA | AQ6: MEDIA ARMÓNICA | AS6: MEDIA GEOMÉTRICA
C7: ÍTEM | D7: DESCRIPCIÓN | G7: UNIDAD | H7: CANTIDAD | I7: VALOR UNITARIO | J7: VALOR PARCIAL | K7: VALOR UNITARIO | L7: VALOR PARCIAL | M7: VALOR UNITARIO | N7: VALOR PARCIAL | O7: VALOR UNITARIO | P7: VALOR PARCIAL | Q7: VALOR UNITARIO | R7: VALOR PARCIAL | S7: VALOR UNITARIO | T7: VALOR PARCIAL | U7: VALOR UNITARIO | V7: VALOR PARCIAL | W7: VALOR UNITARIO | X7: VALOR PARCIAL | Y7: VALOR UNITARIO | Z7: VALOR PARCIAL | AA7: VALOR UNITARIO | AB7: VALOR PARCIAL | AC7: VALOR UNITARIO | AD7: VALOR PARCIAL | AE7: VALOR UNITARIO | AF7: VALOR PARCIAL | AG7: VALOR UNITARIO | AH7: VALOR PARCIAL | AI7: VALOR UNITARIO | AJ7: VALOR PARCIAL | AK7: VALOR UNITARIO | AL7: VALOR PARCIAL | AM7: Valor Unitario | AN7: TOTAL | AO7: Valor Unitario | AP7: TOTAL | AQ7: Valor Unitario | AR7: TOTAL | AS7: Valor Unitario | AT7: TOTAL
D8: LADO TIERRA AEROPUERTO GUSTAVO ROJAS PINILLA DE CIMITARRA - SANTANDER
C9: 26 | D9: Demolicion de revoque en cielos y muros. | E9: Demolicion de revoque en cielos y muros. | F9: Demolicion de revoque en cielos y muros. | G9: m2 | H9: 500 | I9: 8000 | J9: =I9*H9 -> 4000000 | K9: 12300 | L9: =K9*H9 -> 6150000 | M9: 20000 | N9: =M9*H9 -> 10000000 | O9: 7040 | P9: =O9*H9 -> 3520000 | Q9: 14147 | R9: =H9*Q9 -> 7073500 | T9: =S9*H9 -> 0 | U9: 7100 | V9: =U9*H9 -> 3550000 | W9: 7500 | X9: =W9*H9 -> 3750000 | Y9: 10000 | Z9: =Y9*H9 -> 5000000 | AA9: 7600 | AB9: =AA9*H9 -> 3800000 | AC9: 8000 | AD9: =AC9*H9 -> 4000000 | AF9: =AE9*H9 -> 0 | AH9: =AG9*H9 -> 0 | AJ9: =AI9*H9 -> 0 | AL9: =AK9*H9 -> 0 | AM9: =ROUND((AVERAGE(I9,K9,M9,O9,Q9,S9,U9,W9,Y9,AA9,AC9,AE9,AG9,AI9,AK9)),0) -> 10169 | AN9: =ROUND((AM9*H9),0) -> 5084500 | AO9: =ROUND((MEDIAN(I9,K9,M9,O9,Q9,S9,U9,W9,Y9,AA9,AC9,AE9,AG9,AI9,AK9)),0) -> 8000 | AP9: =ROUND((H9*AO9),0) -> 4000000 | AQ9: =ROUND((HARMEAN(I9,K9,M9,O9,Q9,S9,U9,W9,Y9,AA9,AC9,AE9,AG9,AI9,AK9)),0) -> 9093 | AR9: =ROUND((H9*AQ9),0) -> 4546500 | AS9: =ROUND((GEOMEAN(I9,K9,M9,O9,Q9:S9,U9,W9,Y9,AA9,AC9,AE9,AG9,AI9,AK9)),0) -> 17422 | AT9: =ROUND((H9*AS9),0) -> 8711000
C10: 27 | D10: Suministro y colocación de revoque. Incluye ranuras, filetes y dilataciones. En muros y cielos. | E10: Suministro y colocación de revoque. Incluye ranuras, filetes y dilataciones. En muros y cielos. | F10: Suministro y colocación de revoque. Incluye ranuras, filetes y dilataciones. En muros y cielos. | G10: m2 | H10: 500 | I10: 18000 | J10: =I10*H10 -> 9000000 | K10: 28700 | L10: =K10*H10 -> 14350000 | M10: 40000 | N10: =M10*H10 -> 20000000 | O10: 27685.36 | P10: =O10*H10 -> 13842680 | Q10: 29611 | R10: =H10*Q10 -> 14805500 | S10: 21000 | T10: =S10*H10 -> 10500000 | U10: 22000 | V10: =U10*H10 -> 11000000 | W10: 25000 | X10: =W10*H10 -> 12500000 | Y10: 30000 | Z10: =Y10*H10 -> 15000000 | AA10: 25000 | AB10: =AA10*H10 -> 12500000 | AC10: 23000 | AD10: =AC10*H10 -> 11500000 | AE10: =26052*1.0161 -> 26471.437 | AF10: =AE10*H10 -> 13235719 | AH10: =AG10*H10 -> 0 | AI10: =41950*1.0161 -> 42625.395 | AJ10: =AI10*H10 -> 21312698 | AM10: =ROUND((AVERAGE(I10,K10,M10,O10,Q10,S10,U10,W10,Y10,AA10,AC10,AE10,AG10,AI10,AK10)),0) -> 27623 | AN10: =ROUND((AM10*H10),0) -> 13811500 | AO10: =ROUND((MEDIAN(I10,K10,M10,O10,Q10,S10,U10,W10,Y10,AA10,AC10,AE10,AG10,AI10,AK10)),0) -> 26471 | AP10: =ROUND((H10*AO10),0) -> 13235500 | AQ10: =ROUND((HARMEAN(I10,K10,M10,O10,Q10,S10,U10,W10,Y10,AA10,AC10,AE10,AG10,AI10,AK10)),0) -> 26188 | AR10: =ROUND((H10*AQ10),0) -> 13094000 | AS10: =ROUND((GEOMEAN(I10,K10,M10,O10,Q10:S10,U10,W10,Y10,AA10,AC10,AE10,AG10,AI10,AK10)),0) -> 42178 | AT10: =ROUND((H10*AS10),0) -> 21089000
C11: 28 | D11: Suministro y aplicación de pintura acrílica para interior, tipo Koraza o similar, de primera calidad, sobre columnas, muro o vigas y/o pintura existente, color a definir, en todas las superficies a pintar, se aplicarán cuantas manos de pintura e imprimantes sean necesarios. Incluye todo tipo de resanes y preparación de superficie. Para Muros, columnas y vigas. | E11: Suministro y aplicación de pintura acrílica para interior, tipo Koraza o similar, de primera calidad, sobre columnas, muro o vigas y/o pintura existente, color a definir, en todas las superficies a pintar, se aplicarán cuantas manos de pintura e imprimantes sean necesarios. Incluye todo tipo de resanes y preparación de superficie. Para Muros, columnas y vigas. | F11: Suministro y aplicación de pintura acrílica para interior, tipo Koraza o similar, de primera calidad, sobre columnas, muro o vigas y/o pintura existente, color a definir, en todas las superficies a pintar, se aplicarán cuantas manos de pintura e imprimantes sean necesarios. Incluye todo tipo de resanes y preparación de superficie. Para Muros, columnas y vigas. | G11: m2 | H11: 450 | I11: 18000 | J11: =I11*H11 -> 8100000 | K11: 15600 | L11: =K11*H11 -> 7020000 | M11: 40000 | N11: =M11*H11 -> 18000000 | O11: 35200 | P11: =O11*H11 -> 15840000 | Q11: 23400 | R11: =H11*Q11 -> 10530000 | S11: 32200 | T11: =S11*H11 -> 14490000 | U11: 23000 | V11: =U11*H11 -> 10350000 | W11: 25000 | X11: =W11*H11 -> 11250000 | Y11: 32000 | Z11: =Y11*H11 -> 14400000 | AA11: 25000 | AB11: =AA11*H11 -> 11250000 | AC11: 28000 | AD11: =AC11*H11 -> 12600000 | AF11: =AE11*H11 -> 0 | AH11: =AG11*H11 -> 0 | AI11: =27250*1.0161 -> 27688.725 | AJ11: =AI11*H11 -> 12459926 | AM11: =ROUND((AVERAGE(I11,K11,M11,O11,Q11,S11,U11,W11,Y11,AA11,AC11,AE11,AG11,AI11,AK11)),0) -> 27091 | AN11: =ROUND((AM11*H11),0) -> 12190950 | AO11: =ROUND((MEDIAN(I11,K11,M11,O11,Q11,S11,U11,W11,Y11,AA11,AC11,AE11,AG11,AI11,AK11)),0) -> 26344 | AP11: =ROUND((H11*AO11),0) -> 11854800 | AQ11: =ROUND((HARMEAN(I11,K11,M11,O11,Q11,S11,U11,W11,Y11,AA11,AC11,AE11,AG11,AI11,AK11)),0) -> 25348 | AR11: =ROUND((H11*AQ11),0) -> 11406600 | AS11: =ROUND((GEOMEAN(I11,K11,M11,O11,Q11:S11,U11,W11,Y11,AA11,AC11,AE11,AG11,AI11,AK11)),0) -> 41604 | AT11: =ROUND((H11*AS11),0) -> 18721800
C12: 29 | D12: Suministro y aplicación de pintura acrílica para exterior, tipo Koraza o similar, de primera calidad, sobre columnas, muro o vigas y/o pintura existente, color a definir, en todas las superficies a pintar, se aplicarán cuantas manos de pintura e imprimantes sean necesarios. Incluye todo tipo de resanes y preparación de superficie. Para Muros, columnas y vigas. | E12: Suministro y aplicación de pintura acrílica para exterior, tipo Koraza o similar, de primera calidad, sobre columnas, muro o vigas y/o pintura existente, color a definir, en todas las superficies a pintar, se aplicarán cuantas manos de pintura e imprimantes sean necesarios. Incluye todo tipo de resanes y preparación de superficie. Para Muros, columnas y vigas. | F12: Suministro y aplicación de pintura acrílica para exterior, tipo Koraza o similar, de primera calidad, sobre columnas, muro o vigas y/o pintura existente, color a definir, en todas las superficies a pintar, se aplicarán cuantas manos de pintura e imprimantes sean necesarios. Incluye todo tipo de resanes y preparación de superficie. Para Muros, columnas y vigas. | G12: m2 | H12: 700 | I12: 18000 | J12: =I12*H12 -> 12600000 | K12: 15600 | L12: =K12*H12 -> 10920000 | M12: 40000 | N12: =M12*H12 -> 28000000 | O12: 35200 | P12: =O12*H12 -> 24640000 | Q12: 23400 | R12: =H12*Q12 -> 16380000 | S12: 32200 | T12: =S12*H12 -> 22540000 | U12: 23000 | V12: =U12*H12 -> 16100000 | W12: 25000 | X12: =W12*H12 -> 17500000 | Y12: 32000 | Z12: =Y12*H12 -> 22400000 | AA12: 25000 | AB12: =AA12*H12 -> 17500000 | AC12: 28000 | AD12: =AC12*H12 -> 19600000 | AE12: =20137*1.0161 -> 20461.206 | AF12: =AE12*H12 -> 14322844 | AH12: =AG12*H12 -> 0 | AJ12: =AI12*H12 -> 0 | AM12: =ROUND((AVERAGE(I12,K12,M12,O12,Q12,S12,U12,W12,Y12,AA12,AC12,AE12,AG12,AI12,AK12)),0) -> 26488 | AN12: =ROUND((AM12*H12),0) -> 18541600 | AO12: =ROUND((MEDIAN(I12,K12,M12,O12,Q12,S12,U12,W12,Y12,AA12,AC12,AE12,AG12,AI12,AK12)),0) -> 25000 | AP12: =ROUND((H12*AO12),0) -> 17500000 | AQ12: =ROUND((HARMEAN(I12,K12,M12,O12,Q12,S12,U12,W12,Y12,AA12,AC12,AE12,AG12,AI12,AK12)),0) -> 24683 | AR12: =ROUND((H12*AQ12),0) -> 17278100 | AS12: =ROUND((GEOMEAN(I12,K12,M12,O12,Q12:S12,U12,W12,Y12,AA12,AC12,AE12,AG12,AI12,AK12)),0) -> 42052 | AT12: =ROUND((H12*AS12),0) -> 29436400
C13: 30 | D13: Demolición de piso | E13: Demolición de piso | F13: Demolición de piso | G13: m2 | H13: 240 | I13: 12000 | J13: =I13*H13 -> 2880000 | K13: 10900 | L13: =K13*H13 -> 2616000 | M13: 30000 | N13: =M13*H13 -> 7200000 | O13: 7040 | P13: =O13*H13 -> 1689600 | Q13: 24700 | R13: =H13*Q13 -> 5928000 | S13: 21000 | T13: =S13*H13 -> 5040000 | U13: 10000 | V13: =U13*H13 -> 2400000 | W13: 15000 | X13: =W13*H13 -> 3600000 | Y13: 16000 | Z13: =Y13*H13 -> 3840000 | AA13: 18000 | AB13: =AA13*H13 -> 4320000 | AC13: 17000 | AD13: =AC13*H13 -> 4080000 | AF13: =AE13*H13 -> 0 | AH13: =AG13*H13 -> 0 | AJ13: =AI13*H13 -> 0 | AM13: =ROUND((AVERAGE(I13,K13,M13,O13,Q13,S13,U13,W13,Y13,AA13,AC13,AE13,AG13,AI13,AK13)),0) -> 16513 | AN13: =ROUND((AM13*H13),0) -> 3963120 | AO13: =ROUND((MEDIAN(I13,K13,M13,O13,Q13,S13,U13,W13,Y13,AA13,AC13,AE13,AG13,AI13,AK13)),0) -> 16000 | AP13: =ROUND((H13*AO13),0) -> 3840000 | AQ13: =ROUND((HARMEAN(I13,K13,M13,O13,Q13,S13,U13,W13,Y13,AA13,AC13,AE13,AG13,AI13,AK13)),0) -> 14065 | AR13: =ROUND((H13*AQ13),0) -> 3375600 | AS13: =ROUND((GEOMEAN(I13,K13,M13,O13,Q13:S13,U13,W13,Y13,AA13,AC13,AE13,AG13,AI13,AK13)),0) -> 25095 | AT13: =ROUND((H13*AS13),0) -> 6022800
C14: 31 | D14: Suministro e instalación de impermeabilización con Restrucreto MIP o similar y pintura Supercryl larga vida o similar.(losa terraza torre de control) | E14: Suministro e instalación de impermeabilización con Restrucreto MIP o similar y pintura Supercryl larga vida o similar.(losa terraza torre de control) | F14: Suministro e instalación de impermeabilización con Restrucreto MIP o similar y pintura Supercryl larga vida o similar.(losa terraza torre de control) | G14: m2 | H14: 255 | I14: 12000 | J14: =I14*H14 -> 3060000 | K14: 35890 | L14: =K14*H14 -> 9151950 | M14: 160000 | N14: =M14*H14 -> 40800000 | O14: 140800 | P14: =O14*H14 -> 35904000 | Q14: 61170 | R14: =H14*Q14 -> 15598350 | S14: 77000 | T14: =S14*H14 -> 19635000 | U14: 99000 | V14: =U14*H14 -> 25245000 | W14: 90000 | X14: =W14*H14 -> 22950000 | Y14: 110000 | Z14: =Y14*H14 -> 28050000 | AA14: 113000 | AB14: =AA14*H14 -> 28815000 | AC14: 80000 | AD14: =AC14*H14 -> 20400000 | AF14: =AE14*H14 -> 0 | AH14: =AG14*H14 -> 0 | AJ14: =AI14*H14 -> 0 | AM14: =ROUND((AVERAGE(I14,K14,M14,O14,Q14,S14,U14,W14,Y14,AA14,AC14,AE14,AG14,AI14,AK14)),0) -> 88987 | AN14: =ROUND((AM14*H14),0) -> 22691685 | AO14: =ROUND((MEDIAN(I14,K14,M14,O14,Q14,S14,U14,W14,Y14,AA14,AC14,AE14,AG14,AI14,AK14)),0) -> 90000 | AP14: =ROUND((H14*AO14),0) -> 22950000 | AQ14: =ROUND((HARMEAN(I14,K14,M14,O14,Q14,S14,U14,W14,Y14,AA14,AC14,AE14,AG14,AI14,AK14)),0) -> 53519 | AR14: =ROUND((H14*AQ14),0) -> 13647345 | AS14: =ROUND((GEOMEAN(I14,K14,M14,O14,Q14:S14,U14,W14,Y14,AA14,AC14,AE14,AG14,AI14,AK14)),0) -> 116601 | AT14: =ROUND((H14*AS14),0) -> 29733255
C15: 32 | D15: Suministro e Instalacion muro en lámina en superboard | E15: Instalacion muro en lámina en superboard | F15: Instalacion muro en lámina en superboard | G15: m2 | H15: 77 | I15: 180000 | J15: =I15*H15 -> 13860000 | K15: 85600 | L15: =K15*H15 -> 6591200 | M15: 150000 | N15: =M15*H15 -> 11550000 | O15: 101335.04 | P15: =O15*H15 -> 7802798.1 | Q15: 98400 | R15: =H15*Q15 -> 7576800 | S15: 105000 | T15: =S15*H15 -> 8085000 | U15: 102000 | V15: =U15*H15 -> 7854000 | W15: 110000 | X15: =W15*H15 -> 8470000 | Y15: 135000 | Z15: =Y15*H15 -> 10395000 | AA15: 138000 | AB15: =AA15*H15 -> 10626000 | AC15: 120000 | AD15: =AC15*H15 -> 9240000 | AE15: =45000*1.0161 -> 45724.5 | AF15: =AE15*H15 -> 3520786.5 | AH15: =AG15*H15 -> 0 | AJ15: =AI15*H15 -> 0 | AM15: =ROUND((AVERAGE(I15,K15,M15,O15,Q15,S15,U15,W15,Y15,AA15,AC15,AE15,AG15,AI15,AK15)),0) -> 114255 | AN15: =ROUND((AM15*H15),0) -> 8797635 | AO15: =ROUND((MEDIAN(I15,K15,M15,O15,Q15,S15,U15,W15,Y15,AA15,AC15,AE15,AG15,AI15,AK15)),0) -> 107500 | AP15: =ROUND((H15*AO15),0) -> 8277500 | AQ15: =ROUND((HARMEAN(I15,K15,M15,O15,Q15,S15,U15,W15,Y15,AA15,AC15,AE15,AG15,AI15,AK15)),0) -> 102379 | AR15: =ROUND((H15*AQ15),0) -> 7883183 | AS15: =ROUND((GEOMEAN(I15,K15,M15,O15,Q15:S15,U15,W15,Y15,AA15,AC15,AE15,AG15,AI15,AK15)),0) -> 150896 | AT15: =ROUND((H15*AS15),0) -> 11618992
C16: 33 | D16: Suministro y colocación de teja ecologica, placa ondulada, fabricada con fibras vegetales y saturada con bitumen. Color verde. Incluye estructura en metalica para colocación de teja sobre la existente, correas, traslapos frontales minimo 17 cm, traslape lateral minimo 1 ondulación. | E16: Suministro y colocación de teja ecologica, placa ondulada, fabricada con fibras vegetales y saturada con bitumen. Color verde. Incluye estructura en metalica para colocación de teja sobre la existente, correas, traslapos frontales minimo 17 cm, traslape lateral minimo 1 ondulación. | F16: Suministro y colocación de teja ecologica, placa ondulada, fabricada con fibras vegetales y saturada con bitumen. Color verde. Incluye estructura en metalica para colocación de teja sobre la existente, correas, traslapos frontales minimo 17 cm, traslape lateral minimo 1 ondulación. | G16: m2 | H16: 220 | I16: 116000 | J16: =I16*H16 -> 25520000 | K16: 98100 | L16: =K16*H16 -> 21582000 | M16: 80000 | N16: =M16*H16 -> 17600000 | O16: 134505.18 | P16: =O16*H16 -> 29591140 | Q16: 230000 | R16: =H16*Q16 -> 50600000 | S16: 175000 | T16: =S16*H16 -> 38500000 | U16: 75000 | V16: =U16*H16 -> 16500000 | W16: 85000 | X16: =W16*H16 -> 18700000 | Y16: 82000 | Z16: =Y16*H16 -> 18040000 | AA16: 90000 | AB16: =AA16*H16 -> 19800000 | AC16: 100000 | AD16: =AC16*H16 -> 22000000 | AF16: =AE16*H16 -> 0 | AH16: =AG16*H16 -> 0 | AJ16: =AI16*H16 -> 0 | AM16: =ROUND((AVERAGE(I16,K16,M16,O16,Q16,S16,U16,W16,Y16,AA16,AC16,AE16,AG16,AI16,AK16)),0) -> 115055 | AN16: =ROUND((AM16*H16),0) -> 25312100 | AO16: =ROUND((MEDIAN(I16,K16,M16,O16,Q16,S16,U16,W16,Y16,AA16,AC16,AE16,AG16,AI16,AK16)),0) -> 98100 | AP16: =ROUND((H16*AO16),0) -> 21582000 | AQ16: =ROUND((HARMEAN(I16,K16,M16,O16,Q16,S16,U16,W16,Y16,AA16,AC16,AE16,AG16,AI16,AK16)),0) -> 102597 | AR16: =ROUND((H16*AQ16),0) -> 22571340 | AS16: =ROUND((GEOMEAN(I16,K16,M16,O16,Q16:S16,U16,W16,Y16,AA16,AC16,AE16,AG16,AI16,AK16)),0) -> 180212 | AT16: =ROUND((H16*AS16),0) -> 39646640
C17: 34 | D17: Suministro, transporte y construcción de piso en concreto de 21 Mpa e= 10 cm | E17: Suministro, transporte y construcción de piso en concreto de 21 Mpa e= 10 cm | F17: Suministro, transporte y construcción de piso en concreto de 21 Mpa e= 10 cm | G17: m2 | H17: 150 | I17: 112000 | J17: =I17*H17 -> 16800000 | K17: 65790 | L17: =K17*H17 -> 9868500 | M17: 140000 | N17: =M17*H17 -> 21000000 | O17: 55194.94 | P17: =O17*H17 -> 8279241 | Q17: 138600 | R17: =H17*Q17 -> 20790000 | S17: 44380 | T17: =S17*H17 -> 6657000 | U17: 70000 | V17: =U17*H17 -> 10500000 | W17: 85000 | X17: =W17*H17 -> 12750000 | Y17: 83000 | Z17: =Y17*H17 -> 12450000 | AA17: 110000 | AB17: =AA17*H17 -> 16500000 | AC17: 110000 | AD17: =AC17*H17 -> 16500000 | AE17: =89930*1.0161 -> 91377.873 | AF17: =AE17*H17 -> 13706681 | AH17: =AG17*H17 -> 0 | AJ17: =AI17*H17 -> 0 | AM17: =ROUND((AVERAGE(I17,K17,M17,O17,Q17,S17,U17,W17,Y17,AA17,AC17,AE17,AG17,AI17,AK17)),0) -> 92112 | AN17: =ROUND((AM17*H17),0) -> 13816800 | AO17: =ROUND((MEDIAN(I17,K17,M17,O17,Q17,S17,U17,W17,Y17,AA17,AC17,AE17,AG17,AI17,AK17)),0) -> 88189 | AP17: =ROUND((H17*AO17),0) -> 13228350 | AQ17: =ROUND((HARMEAN(I17,K17,M17,O17,Q17,S17,U17,W17,Y17,AA17,AC17,AE17,AG17,AI17,AK17)),0) -> 81989 | AR17: =ROUND((H17*AQ17),0) -> 12298350 | AS17: =ROUND((GEOMEAN(I17,K17,M17,O17,Q17:S17,U17,W17,Y17,AA17,AC17,AE17,AG17,AI17,AK17)),0) -> 132750 | AT17: =ROUND((H17*AS17),0) -> 19912500
C18: 35 | D18: Suministro, transporte y construcción de andenes de 21 Mpa | E18: Suministro, transporte y construcción de andenes de 21 Mpa | F18: Suministro, transporte y construcción de andenes de 21 Mpa | G18: m2 | H18: 50 | I18: 290000 | J18: =I18*H18 -> 14500000 | K18: 67457 | L18: =K18*H18 -> 3372850 | M18: 140000 | N18: =M18*H18 -> 7000000 | O18: 110389.9 | P18: =O18*H18 -> 5519495 | Q18: 138600 | R18: =H18*Q18 -> 6930000 | S18: 49000 | T18: =S18*H18 -> 2450000 | U18: 70000 | V18: =U18*H18 -> 3500000 | W18: 120000 | X18: =W18*H18 -> 6000000 | Y18: 115000 | Z18: =Y18*H18 -> 5750000 | AA18: 118000 | AB18: =AA18*H18 -> 5900000 | AC18: 115000 | AD18: =AC18*H18 -> 5750000 | AF18: =AE18*H18 -> 0 | AH18: =AG18*H18 -> 0 | AJ18: =AI18*H18 -> 0 | AM18: =ROUND((AVERAGE(I18,K18,M18,O18,Q18,S18,U18,W18,Y18,AA18,AC18,AE18,AG18,AI18,AK18)),0) -> 121222 | AN18: =ROUND((AM18*H18),0) -> 6061100 | AO18: =ROUND((MEDIAN(I18,K18,M18,O18,Q18,S18,U18,W18,Y18,AA18,AC18,AE18,AG18,AI18,AK18)),0) -> 115000 | AP18: =ROUND((H18*AO18),0) -> 5750000 | AQ18: =ROUND((HARMEAN(I18,K18,M18,O18,Q18,S18,U18,W18,Y18,AA18,AC18,AE18,AG18,AI18,AK18)),0) -> 99473 | AR18: =ROUND((H18*AQ18),0) -> 4973650 | AS18: =ROUND((GEOMEAN(I18,K18,M18,O18,Q18:S18,U18,W18,Y18,AA18,AC18,AE18,AG18,AI18,AK18)),0) -> 154606 | AT18: =ROUND((H18*AS18),0) -> 7730300
C19: 36 | D19: Suministro y colocación de puerta en aluminio anodizado. Color tabaco. Incluye ala y marco en aluminio anodizado. Incluye chapa de seguridad doble pistilo y pasador. De 0,90 x 2,10 m. | E19: Suministro y colocación de puerta en aluminio anodizado. Color tabaco. Incluye ala y marco en aluminio anodizado. Incluye chapa de seguridad doble pistilo y pasador. De 0,90 x 2,10 m. | F19: Suministro y colocación de puerta en aluminio anodizado. Color tabaco. Incluye ala y marco en aluminio anodizado. Incluye chapa de seguridad doble pistilo y pasador. De 0,90 x 2,10 m. | G19: UND. | H19: 1 | I19: 460000 | J19: =I19*H19 -> 460000 | K19: 658978 | L19: =K19*H19 -> 658978 | M19: 2000000 | N19: =M19*H19 -> 2000000 | O19: 1028126.9 | P19: =O19*H19 -> 1028126.9 | Q19: 752000 | R19: =H19*Q19 -> 752000 | S19: 1400000 | T19: =S19*H19 -> 1400000 | U19: 500000 | V19: =U19*H19 -> 500000 | W19: 480000 | X19: =W19*H19 -> 480000 | Y19: 495000 | Z19: =Y19*H19 -> 495000 | AA19: 550000 | AB19: =AA19*H19 -> 550000 | AC19: 560000 | AD19: =AC19*H19 -> 560000 | AE19: =368958*1.0161 -> 374898.22 | AF19: =AE19*H19 -> 374898.22 | AH19: =AG19*H19 -> 0 | AJ19: =AI19*H19 -> 0 | AM19: =ROUND((AVERAGE(I19,K19,M19,O19,Q19,S19,U19,W19,Y19,AA19,AC19,AE19,AG19,AI19,AK19)),0) -> 771584 | AN19: =ROUND((AM19*H19),0) -> 771584 | AO19: =ROUND((MEDIAN(I19,K19,M19,O19,Q19,S19,U19,W19,Y19,AA19,AC19,AE19,AG19,AI19,AK19)),0) -> 555000 | AP19: =ROUND((H19*AO19),0) -> 555000 | AQ19: =ROUND((HARMEAN(I19,K19,M19,O19,Q19,S19,U19,W19,Y19,AA19,AC19,AE19,AG19,AI19,AK19)),0) -> 612778 | AR19: =ROUND((H19*AQ19),0) -> 612778 | AS19: =ROUND((GEOMEAN(I19,K19,M19,O19,Q19:S19,U19,W19,Y19,AA19,AC19,AE19,AG19,AI19,AK19)),0) -> 680956 | AT19: =ROUND((H19*AS19),0) -> 680956
C20: 37 | D20: Excavación de 0 a 2 m en material heterogeneo bajo cualquier grado de humedad. medido en sitio. Incluye entibado temporal, cargue, transporte y botada de material | E20: Excavación de 0 a 2 m en material heterogeneo bajo cualquier grado de humedad. medido en sitio. Incluye entibado temporal, cargue, transporte y botada de material | F20: Excavación de 0 a 2 m en material heterogeneo bajo cualquier grado de humedad. medido en sitio. Incluye entibado temporal, cargue, transporte y botada de material | G20: m3 | H20: =473*0.2*3.7 -> 350.02 | I20: 32000 | J20: =I20*H20 -> 11200640 | K20: 34500 | L20: =K20*H20 -> 12075690 | M20: 70000 | N20: =M20*H20 -> 24501400 | O20: 75366.4 | P20: =O20*H20 -> 26379747 | Q20: 89700 | R20: =H20*Q20 -> 31396794 | S20: 159000 | T20: =S20*H20 -> 55653180 | U20: 35000 | V20: =U20*H20 -> 12250700 | W20: 33000 | X20: =W20*H20 -> 11550660 | Y20: 40000 | Z20: =Y20*H20 -> 14000800 | AA20: 27000 | AB20: =AA20*H20 -> 9450540 | AC20: 31000 | AD20: =AC20*H20 -> 10850620 | AF20: =AE20*H20 -> 0 | AH20: =AG20*H20 -> 0 | AI20: =43465.033536*1.0161 -> 44164.821 | AJ20: =AI20*H20 -> 15458570 | AM20: =ROUND((AVERAGE(I20,K20,M20,O20,Q20,S20,U20,W20,Y20,AA20,AC20,AE20,AG20,AI20,AK20)),0) -> 55894 | AN20: =ROUND((AM20*H20),0) -> 19564018 | AO20: =ROUND((MEDIAN(I20,K20,M20,O20,Q20,S20,U20,W20,Y20,AA20,AC20,AE20,AG20,AI20,AK20)),0) -> 37500 | AP20: =ROUND((H20*AO20),0) -> 13125750 | AQ20: =ROUND((HARMEAN(I20,K20,M20,O20,Q20,S20,U20,W20,Y20,AA20,AC20,AE20,AG20,AI20,AK20)),0) -> 42699 | AR20: =ROUND((H20*AQ20),0) -> 14945504 | AS20: =ROUND((GEOMEAN(I20,K20,M20,O20,Q20:S20,U20,W20,Y20,AA20,AC20,AE20,AG20,AI20,AK20)),0) -> 78715 | AT20: =ROUND((H20*AS20),0) -> 27551824
C21: 38 | D21: Construcción de dos (2) rieles en concreto, incluye base compactada, malla eslabonada y acero de refuerzo. E = 18 cm | E21: Construcción de dos (2) rieles en concreto, incluye base compactada, malla eslabonada y acero de refuerzo. E = 18 cm | F21: Construcción de dos (2) rieles en concreto, incluye base compactada, malla eslabonada y acero de refuerzo. E = 18 cm | G21: ml | H21: =473 -> 473 | I21: 260000 | J21: =I21*H21 -> 122980000 | K21: 316578 | L21: =K21*H21 -> 149741394 | M21: 420000 | N21: =M21*H21 -> 198660000 | O21: 836801.28 | P21: =O21*H21 -> 3.9580701e+08 | Q21: 164110 | R21: =H21*Q21 -> 77624030 | S21: 50316 | T21: =S21*H21 -> 23799468 | U21: 400000 | V21: =U21*H21 -> 189200000 | W21: 380000 | X21: =W21*H21 -> 179740000 | Y21: 440000 | Z21: =Y21*H21 -> 208120000 | AA21: 430000 | AB21: =AA21*H21 -> 203390000 | AC21: 425000 | AD21: =AC21*H21 -> 201025000 | AF21: =AE21*H21 -> 0 | AH21: =AG21*H21 -> 0 | AI21: =663953.04*1.0161 -> 674642.68 | AJ21: =AI21*H21 -> 3.1910599e+08 | AM21: =ROUND((AVERAGE(I21,K21,M21,O21,Q21,S21,U21,W21,Y21,AA21,AC21,AE21,AG21,AI21,AK21)),0) -> 399787 | AN21: =ROUND((AM21*H21),0) -> 189099251 | AO21: =ROUND((MEDIAN(I21,K21,M21,O21,Q21,S21,U21,W21,Y21,AA21,AC21,AE21,AG21,AI21,AK21)),0) -> 410000 | AP21: =ROUND((H21*AO21),0) -> 193930000 | AQ21: =ROUND((HARMEAN(I21,K21,M21,O21,Q21,S21,U21,W21,Y21,AA21,AC21,AE21,AG21,AI21,AK21)),0) -> 239455 | AR21: =ROUND((H21*AQ21),0) -> 113262215 | AS21: =ROUND((GEOMEAN(I21,K21,M21,O21,Q21:S21,U21,W21,Y21,AA21,AC21,AE21,AG21,AI21,AK21)),0) -> 508735 | AT21: =ROUND((H21*AS21),0) -> 240631655
C22: 39 | D22: Construcción de Concreto clase G para placa central, sobreanchos y demás elementos en concreto ciclopeo (Rel 60% piedra y 40% concreto D).) con resistencia de 2500 PSI, incluye el suministro , el transporte de los materialesal sitio de los trabajos, equipo y todo lo necesario para su correcta construcción y funcionamiento, en todo el trayecto construido de rieles en concreto. Piedra rajon 3>8". | E22: Construcción de Concreto clase G para placa central, sobreanchos y demás elementos en concreto ciclopeo (Rel 60% piedra y 40% concreto D).) con resistencia de 2500 PSI, incluye el suministro , el transporte de los materialesal sitio de los trabajos, equipo y todo lo necesario para su correcta construcción y funcionamiento, en todo el trayecto construido de rieles en concreto. Piedra rajon 3>8". | F22: Construcción de Concreto clase G para placa central, sobreanchos y demás elementos en concreto ciclopeo (Rel 60% piedra y 40% concreto D).) con resistencia de 2500 PSI, incluye el suministro , el transporte de los materialesal sitio de los trabajos, equipo y todo lo necesario para su correcta construcción y funcionamiento, en todo el trayecto construido de rieles en concreto. Piedra rajon 3>8". | G22: m3 | H22: =473*2*0.9*0.2 -> 170.28 | I22: 68000 | J22: =I22*H22 -> 11579040 | K22: 860789 | L22: =K22*H22 -> 1.4657515e+08 | M22: 850000 | N22: =M22*H22 -> 144738000 | O22: 249019.39 | P22: =O22*H22 -> 42403022 | Q22: 676768 | R22: =H22*Q22 -> 1.1524006e+08 | S22: 205800 | T22: =S22*H22 -> 35043624 | U22: 300000 | V22: =U22*H22 -> 51084000 | W22: 280000 | X22: =W22*H22 -> 47678400 | Y22: 340000 | Z22: =Y22*H22 -> 57895200 | AA22: 320000 | AB22: =AA22*H22 -> 54489600 | AC22: 322000 | AD22: =AC22*H22 -> 54830160 | AE22: =654019*1.0161 -> 664548.71 | AF22: =AE22*H22 -> 1.1315935e+08 | AH22: =AG22*H22 -> 0 | AI22: =663953.04*1.0161 -> 674642.68 | AJ22: =AI22*H22 -> 1.1487816e+08 | AM22: =ROUND((AVERAGE(I22,K22,M22,O22,Q22,S22,U22,W22,Y22,AA22,AC22,AE22,AG22,AI22,AK22)),0) -> 447044 | AN22: =ROUND((AM22*H22),0) -> 76122652 | AO22: =ROUND((MEDIAN(I22,K22,M22,O22,Q22,S22,U22,W22,Y22,AA22,AC22,AE22,AG22,AI22,AK22)),0) -> 322000 | AP22: =ROUND((H22*AO22),0) -> 54830160 | AQ22: =ROUND((HARMEAN(I22,K22,M22,O22,Q22,S22,U22,W22,Y22,AA22,AC22,AE22,AG22,AI22,AK22)),0) -> 279810 | AR22: =ROUND((H22*AQ22),0) -> 47646047 | AS22: =ROUND((GEOMEAN(I22,K22,M22,O22,Q22:S22,U22,W22,Y22,AA22,AC22,AE22,AG22,AI22,AK22)),0) -> 554891 | AT22: =ROUND((H22*AS22),0) -> 94486839
C23: 40 | D23: Construcción de cuneta (dimensiones de desarrollo0,90 m y e = 0,10 m) en concreto reforzado con resistencia 2500 PSI, fundida en sitio, incluye transporte de materiales, la formaleta, el lleno de soporte, el acero de refuerzo por retracción y temperatura y todo lo necesario para su correcta construcción y funcionamiento. | E23: Construcción de cuneta (dimensiones de desarrollo0,90 m y e = 0,10 m) en concreto reforzado con resistencia 2500 PSI, fundida en sitio, incluye transporte de materiales, la formaleta, el lleno de soporte, el acero de refuerzo por retracción y temperatura y todo lo necesario para su correcta construcción y funcionamiento. | F23: Construcción de cuneta (dimensiones de desarrollo0,90 m y e = 0,10 m) en concreto reforzado con resistencia 2500 PSI, fundida en sitio, incluye transporte de materiales, la formaleta, el lleno de soporte, el acero de refuerzo por retracción y temperatura y todo lo necesario para su correcta construcción y funcionamiento. | G23: m3 | H23: =473*2*0.9*0.1 -> 85.14 | I23: 730000 | J23: =I23*H23 -> 62152200 | K23: 785456 | L23: =K23*H23 -> 66873724 | M23: 150000 | N23: =M23*H23 -> 12771000 | O23: 459957.9 | P23: =O23*H23 -> 39160816 | Q23: 827775 | R23: =H23*Q23 -> 70476764 | S23: 247058 | T23: =S23*H23 -> 21034518 | U23: 140000 | V23: =U23*H23 -> 11919600 | W23: 155000 | X23: =W23*H23 -> 13196700 | Y23: 160000 | Z23: =Y23*H23 -> 13622400 | AA23: 200000 | AB23: =AA23*H23 -> 17028000 | AC23: 130000 | AD23: =AC23*H23 -> 11068200 | AF23: =AE23*H23 -> 0 | AH23: =AG23*H23 -> 0 | AJ23: =AI23*H23 -> 0 | AM23: =ROUND((AVERAGE(I23,K23,M23,O23,Q23,S23,U23,W23,Y23,AA23,AC23,AE23,AG23,AI23,AK23)),0) -> 362295 | AN23: =ROUND((AM23*H23),0) -> 30845796 | AO23: =ROUND((MEDIAN(I23,K23,M23,O23,Q23,S23,U23,W23,Y23,AA23,AC23,AE23,AG23,AI23,AK23)),0) -> 200000 | AP23: =ROUND((H23*AO23),0) -> 17028000 | AQ23: =ROUND((HARMEAN(I23,K23,M23,O23,Q23,S23,U23,W23,Y23,AA23,AC23,AE23,AG23,AI23,AK23)),0) -> 223231 | AR23: =ROUND((H23*AQ23),0) -> 19005887 | AS23: =ROUND((GEOMEAN(I23,K23,M23,O23,Q23:S23,U23,W23,Y23,AA23,AC23,AE23,AG23,AI23,AK23)),0) -> 439168 | AT23: =ROUND((H23*AS23),0) -> 37390764
D24: LADO AIRE AEROPUERTO GUSTAVO ROJAS PINILLA DE CIMITARRA - SANTANDER | J24: =I24*H24 -> 0 | L24: =K24*H24 -> 0 | N24: =M24*H24 -> 0 | P24: =O24*H24 -> 0 | R24: =H24*Q24 -> 0 | T24: =S24*H24 -> 0 | V24: =U24*H24 -> 0 | X24: =W24*H24 -> 0 | Z24: =Y24*H24 -> 0 | AB24: =AA24*H24 -> 0 | AD24: =AC24*H24 -> 0 | AF24: =AE24*H24 -> 0 | AH24: =AG24*H24 -> 0 | AJ24: =AI24*H24 -> 0
C25: 41 | D25: Excavación manual (concreto ciclopeo, pie de amigo y pedestales). | E25: Excavación manual (concreto ciclopeo, pie de amigo y pedestales). | F25: Excavación manual (concreto ciclopeo, pie de amigo y pedestales). | G25: m3 | H25: =+H29*0.3*0.4+H27 -> 143.352 | I25: 24000 | J25: =I25*H25 -> 3440448 | K25: 34500 | L25: =K25*H25 -> 4945644 | M25: 70000 | N25: =M25*H25 -> 10034640 | O25: 96588.8 | P25: =O25*H25 -> 13846198 | Q25: 89700 | R25: =H25*Q25 -> 12858674 | S25: 28000 | T25: =S25*H25 -> 4013856 | U25: 42641 | V25: =U25*H25 -> 6112672.6 | W25: 40759 | X25: =W25*H25 -> 5842884.2 | Y25: 43465.034 | Z25: =Y25*H25 -> 6230799.5 | AA25: 27000 | AB25: =AA25*H25 -> 3870504 | AC25: 31000 | AD25: =AC25*H25 -> 4443912 | AE25: =42641*1.0161 -> 43327.52 | AF25: =AE25*H25 -> 6211086.7 | AG25: =40759*1.0161 -> 41415.22 | AH25: =AG25*H25 -> 5936954.6 | AI25: =43465.033536*1.0161 -> 44164.821 | AJ25: =AI25*H25 -> 6331115.4 | AM25: =ROUND((AVERAGE(I25,K25,M25,O25,Q25,S25,U25,W25,Y25,AA25,AC25,AE25,AG25,AI25,AK25)),0) -> 46897 | AN25: =ROUND((AM25*H25),0) -> 6722779 | AO25: =ROUND((MEDIAN(I25,K25,M25,O25,Q25,S25,U25,W25,Y25,AA25,AC25,AE25,AG25,AI25,AK25)),0) -> 42028 | AP25: =ROUND((H25*AO25),0) -> 6024798 | AQ25: =ROUND((HARMEAN(I25,K25,M25,O25,Q25,S25,U25,W25,Y25,AA25,AC25,AE25,AG25,AI25,AK25)),0) -> 39738 | AR25: =ROUND((H25*AQ25),0) -> 5696522 | AS25: =ROUND((GEOMEAN(I25,K25,M25,O25,Q25:S25,U25,W25,Y25,AA25,AC25,AE25,AG25,AI25,AK25)),0) -> 62682 | AT25: =ROUND((H25*AS25),0) -> 8985590
C26: 42 | D26: Viga de amarre concreto 3000PSI Incluye refuerzo. | E26: Viga de amarre concreto 3000PSI Incluye refuerzo. | F26: Viga de amarre concreto 3000PSI Incluye refuerzo. | G26: m3 | H26: =+H29*0.3*0.2 -> 65.16 | I26: 820000 | J26: =I26*H26 -> 53431200 | K26: 960710 | L26: =K26*H26 -> 62599864 | M26: 1600000 | N26: =M26*H26 -> 1.04256e+08 | O26: 551949.48 | P26: =O26*H26 -> 35965028 | Q26: 1356890 | R26: =H26*Q26 -> 88414952 | S26: 74200 | T26: =S26*H26 -> 4834872 | U26: 769864 | V26: =U26*H26 -> 50164338 | W26: 735870 | X26: =W26*H26 -> 47949289 | Y26: 762015.63 | Z26: =Y26*H26 -> 49652938 | AA26: 580000 | AB26: =AA26*H26 -> 37792800 | AC26: 603000 | AD26: =AC26*H26 -> 39291480 | AE26: =769864*1.0161 -> 782258.81 | AF26: =AE26*H26 -> 50971984 | AG26: =735870*1.0161 -> 747717.51 | AH26: =AG26*H26 -> 48721273 | AI26: =762015.630656*1.0161 -> 774284.08 | AJ26: =AI26*H26 -> 50452351 | AM26: =ROUND((AVERAGE(I26,K26,M26,O26,Q26,S26,U26,W26,Y26,AA26,AC26,AE26,AG26,AI26,AK26)),0) -> 794197 | AN26: =ROUND((AM26*H26),0) -> 51749877 | AO26: =ROUND((MEDIAN(I26,K26,M26,O26,Q26,S26,U26,W26,Y26,AA26,AC26,AE26,AG26,AI26,AK26)),0) -> 765940 | AP26: =ROUND((H26*AO26),0) -> 49908650 | AQ26: =ROUND((HARMEAN(I26,K26,M26,O26,Q26,S26,U26,W26,Y26,AA26,AC26,AE26,AG26,AI26,AK26)),0) -> 464019 | AR26: =ROUND((H26*AQ26),0) -> 30235478 | AS26: =ROUND((GEOMEAN(I26,K26,M26,O26,Q26:S26,U26,W26,Y26,AA26,AC26,AE26,AG26,AI26,AK26)),0) -> 944324 | AT26: =ROUND((H26*AS26),0) -> 61532152
C27: 43 | D27: Cimiento pie amigo concreto 3000 PSI. Cimiento pedestal concreto 3000 PSI. | E27: Cimiento pie amigo concreto 3000 PSI. Cimiento pedestal concreto 3000 PSI. | F27: Cimiento pie amigo concreto 3000 PSI. Cimiento pedestal concreto 3000 PSI. | G27: m3 | H27: =+(H29/10)*0.3*0.4 -> 13.032 | I27: 720000 | J27: =I27*H27 -> 9383040 | K27: 960710 | L27: =K27*H27 -> 12519973 | M27: 1000000 | N27: =M27*H27 -> 13032000 | O27: 551949.48 | P27: =O27*H27 -> 7193005.6 | Q27: 768135 | R27: =H27*Q27 -> 10010335 | S27: 74200 | T27: =S27*H27 -> 966974.4 | U27: 626977 | V27: =U27*H27 -> 8170764.3 | W27: 599293 | X27: =W27*H27 -> 7809986.4 | Y27: 636500.85 | Z27: =Y27*H27 -> 8294879.1 | AA27: 520000 | AB27: =AA27*H27 -> 6776640 | AC27: 522000 | AD27: =AC27*H27 -> 6802704 | AE27: =626977*1.0161 -> 637071.33 | AF27: =AE27*H27 -> 8302313.6 | AG27: =599293*1.0161 -> 608941.62 | AH27: =AG27*H27 -> 7935727.2 | AI27: =636500.8536*1.0161 -> 646748.52 | AJ27: =AI27*H27 -> 8428426.7 | AM27: =ROUND((AVERAGE(I27,K27,M27,O27,Q27,S27,U27,W27,Y27,AA27,AC27,AE27,AG27,AI27,AK27)),0) -> 633752 | AN27: =ROUND((AM27*H27),0) -> 8259056 | AO27: =ROUND((MEDIAN(I27,K27,M27,O27,Q27,S27,U27,W27,Y27,AA27,AC27,AE27,AG27,AI27,AK27)),0) -> 631739 | AP27: =ROUND((H27*AO27),0) -> 8232823 | AQ27: =ROUND((HARMEAN(I27,K27,M27,O27,Q27,S27,U27,W27,Y27,AA27,AC27,AE27,AG27,AI27,AK27)),0) -> 418510 | AR27: =ROUND((H27*AQ27),0) -> 5454022 | AS27: =ROUND((GEOMEAN(I27,K27,M27,O27,Q27:S27,U27,W27,Y27,AA27,AC27,AE27,AG27,AI27,AK27)),0) -> 686539 | AT27: =ROUND((H27*AS27),0) -> 8946976
C28: 44 | D28: Mortero 1:4. para pisamalla | E28: Mortero 1:4. para pisamalla | F28: Mortero 1:4. para pisamalla | G28: m | H28: 1086 | I28: 38000 | J28: =I28*H28 -> 41268000 | K28: 45800 | L28: =K28*H28 -> 49738800 | M28: 40000 | N28: =M28*H28 -> 43440000 | O28: 16208.64 | P28: =O28*H28 -> 17602583 | Q28: 29479 | R28: =H28*Q28 -> 32014194 | S28: 8400 | T28: =S28*H28 -> 9122400 | U28: 12940 | V28: =U28*H28 -> 14052840 | W28: 12351 | X28: =W28*H28 -> 13413186 | Y28: 13136.988 | Z28: =Y28*H28 -> 14266768 | AA28: 15000 | AB28: =AA28*H28 -> 16290000 | AC28: 14000 | AD28: =AC28*H28 -> 15204000 | AE28: =12940*1.0161 -> 13148.334 | AF28: =AE28*H28 -> 14279091 | AG28: =12351*1.0161 -> 12549.851 | AH28: =AG28*H28 -> 13629138 | AI28: =13136.987552*1.0161 -> 13348.493 | AJ28: =AI28*H28 -> 14496463 | AM28: =ROUND((AVERAGE(I28,K28,M28,O28,Q28,S28,U28,W28,Y28,AA28,AC28,AE28,AG28,AI28,AK28)),0) -> 20312 | AN28: =ROUND((AM28*H28),0) -> 22058832 | AO28: =ROUND((MEDIAN(I28,K28,M28,O28,Q28,S28,U28,W28,Y28,AA28,AC28,AE28,AG28,AI28,AK28)),0) -> 13674 | AP28: =ROUND((H28*AO28),0) -> 14849964 | AQ28: =ROUND((HARMEAN(I28,K28,M28,O28,Q28,S28,U28,W28,Y28,AA28,AC28,AE28,AG28,AI28,AK28)),0) -> 15714 | AR28: =ROUND((H28*AQ28),0) -> 17065404 | AS28: =ROUND((GEOMEAN(I28,K28,M28,O28,Q28:S28,U28,W28,Y28,AA28,AC28,AE28,AG28,AI28,AK28)),0) -> 29013 | AT28: =ROUND((H28*AS28),0) -> 31508118
C29: 45 | D29: Suministro e instalación cerramiento tipo I en malla eslabonada con recubrimiento en PVC, calibre 8" incluyendo el recubrimiento, Incluye tuberia (Poste, Pie de apoyo y pie de amigo). Cuatro hilos de alambre de pua y accesorios. | E29: Suministro e instalación cerramiento tipo I en malla eslabonada con recubrimiento en PVC, calibre 8" incluyendo el recubrimiento, Incluye tuberia (Poste, Pie de apoyo y pie de amigo). Cuatro hilos de alambre de pua y accesorios. | F29: Suministro e instalación cerramiento tipo I en malla eslabonada con recubrimiento en PVC, calibre 8" incluyendo el recubrimiento, Incluye tuberia (Poste, Pie de apoyo y pie de amigo). Cuatro hilos de alambre de pua y accesorios. | G29: ml | H29: 1086 | I29: 162000 | J29: =I29*H29 -> 175932000 | K29: 185600 | L29: =K29*H29 -> 201561600 | M29: 250000 | N29: =M29*H29 -> 271500000 | O29: 382336 | P29: =O29*H29 -> 415216896 | Q29: 175000 | R29: =H29*Q29 -> 190050000 | S29: 140000 | T29: =S29*H29 -> 152040000 | U29: 177257 | V29: =U29*H29 -> 192501102 | W29: 169430 | X29: =W29*H29 -> 184000980 | Y29: 189720.75 | Z29: =Y29*H29 -> 2.0603673e+08 | AA29: 163000 | AB29: =AA29*H29 -> 177018000 | AC29: 170000 | AD29: =AC29*H29 -> 184620000 | AE29: =177257*1.0161 -> 180110.84 | AF29: =AE29*H29 -> 1.9560037e+08 | AG29: =169430*1.0161 -> 172157.82 | AH29: =AG29*H29 -> 1.869634e+08 | AI29: =189720.745984*1.0161 -> 192775.25 | AJ29: =AI29*H29 -> 2.0935392e+08 | AM29: =ROUND((AVERAGE(I29,K29,M29,O29,Q29,S29,U29,W29,Y29,AA29,AC29,AE29,AG29,AI29,AK29)),0) -> 193528 | AN29: =ROUND((AM29*H29),0) -> 210171408 | AO29: =ROUND((MEDIAN(I29,K29,M29,O29,Q29,S29,U29,W29,Y29,AA29,AC29,AE29,AG29,AI29,AK29)),0) -> 176129 | AP29: =ROUND((H29*AO29),0) -> 191276094 | AQ29: =ROUND((HARMEAN(I29,K29,M29,O29,Q29,S29,U29,W29,Y29,AA29,AC29,AE29,AG29,AI29,AK29)),0) -> 183214 | AR29: =ROUND((H29*AQ29),0) -> 198970404 | AS29: =ROUND((GEOMEAN(I29,K29,M29,O29,Q29:S29,U29,W29,Y29,AA29,AC29,AE29,AG29,AI29,AK29)),0) -> 297458 | AT29: =ROUND((H29*AS29),0) -> 323039388
C30: 46 | D30: Desmonte de cerramiento en mal estado. Incluye trasaldo de postes de concreto y alambre de púas, hasta donde lo determine el interventor y/o supervisor en el aera del aeropuerto. | E30: Desmonte de cerramiento en mal estado. Incluye trasaldo de postes de concreto y alambre de púas, hasta donde lo determine el interventor y/o supervisor en el aera del aeropuerto. | F30: Desmonte de cerramiento en mal estado. Incluye trasaldo de postes de concreto y alambre de púas, hasta donde lo determine el interventor y/o supervisor en el aera del aeropuerto. | G30: ml | H30: =+H29 -> 1086 | I30: 38000 | J30: =I30*H30 -> 41268000 | K30: 12500 | L30: =K30*H30 -> 13575000 | M30: 40000 | N30: =M30*H30 -> 43440000 | O30: 9984 | P30: =O30*H30 -> 10842624 | Q30: 15500 | R30: =H30*Q30 -> 16833000 | S30: 56000 | T30: =S30*H30 -> 60816000 | U30: 13104 | V30: =U30*H30 -> 14230944 | W30: 12525 | X30: =W30*H30 -> 13602150 | Y30: 15257.338 | Z30: =Y30*H30 -> 16569469 | AA30: 16000 | AB30: =AA30*H30 -> 17376000 | AC30: 20000 | AD30: =AC30*H30 -> 21720000 | AE30: =13104*1.0161 -> 13314.974 | AF30: =AE30*H30 -> 14460062 | AG30: =12525*1.0161 -> 12726.653 | AH30: =AG30*H30 -> 13821145 | AI30: =15257.337952*1.0161 -> 15502.981 | AJ30: =AI30*H30 -> 16836237 | AM30: =ROUND((AVERAGE(I30,K30,M30,O30,Q30,S30,U30,W30,Y30,AA30,AC30,AE30,AG30,AI30,AK30)),0) -> 20744 | AN30: =ROUND((AM30*H30),0) -> 22527984 | AO30: =ROUND((MEDIAN(I30,K30,M30,O30,Q30,S30,U30,W30,Y30,AA30,AC30,AE30,AG30,AI30,AK30)),0) -> 15379 | AP30: =ROUND((H30*AO30),0) -> 16701594 | AQ30: =ROUND((HARMEAN(I30,K30,M30,O30,Q30,S30,U30,W30,Y30,AA30,AC30,AE30,AG30,AI30,AK30)),0) -> 16162 | AR30: =ROUND((H30*AQ30),0) -> 17551932 | AS30: =ROUND((GEOMEAN(I30,K30,M30,O30,Q30:S30,U30,W30,Y30,AA30,AC30,AE30,AG30,AI30,AK30)),0) -> 28253 | AT30: =ROUND((H30*AS30),0) -> 30682758
C31: 47 | D31: Cimiento concreto ciclópeo | E31: Cimiento concreto ciclópeo | F31: Cimiento concreto ciclópeo | G31: m3 | H31: =+H29*0.4*0.3+H27 -> 143.352 | I31: 420000 | J31: =I31*H31 -> 60207840 | K31: 750200 | L31: =K31*H31 -> 1.0754267e+08 | M31: 800000 | N31: =M31*H31 -> 114681600 | O31: 249018.88 | P31: =O31*H31 -> 35697354 | Q31: 676768 | R31: =H31*Q31 -> 97016046 | S31: 21000 | T31: =S31*H31 -> 3010392 | U31: 407800 | V31: =U31*H31 -> 58458946 | W31: 389794 | X31: =W31*H31 -> 55877749 | Y31: 413975.26 | Z31: =Y31*H31 -> 59344181 | AA31: 320000 | AB31: =AA31*H31 -> 45872640 | AC31: 322000 | AD31: =AC31*H31 -> 46159344 | AE31: =407800*1.0161 -> 414365.58 | AF31: =AE31*H31 -> 59400135 | AG31: =389794*1.0161 -> 396069.68 | AH31: =AG31*H31 -> 56777381 | AI31: =413975.257856*1.0161 -> 420640.26 | AJ31: =AI31*H31 -> 60299622 | AM31: =ROUND((AVERAGE(I31,K31,M31,O31,Q31,S31,U31,W31,Y31,AA31,AC31,AE31,AG31,AI31,AK31)),0) -> 428688 | AN31: =ROUND((AM31*H31),0) -> 61453282 | AO31: =ROUND((MEDIAN(I31,K31,M31,O31,Q31,S31,U31,W31,Y31,AA31,AC31,AE31,AG31,AI31,AK31)),0) -> 410888 | AP31: =ROUND((H31*AO31),0) -> 58901617 | AQ31: =ROUND((HARMEAN(I31,K31,M31,O31,Q31,S31,U31,W31,Y31,AA31,AC31,AE31,AG31,AI31,AK31)),0) -> 177090 | AR31: =ROUND((H31*AQ31),0) -> 25386206 | AS31: =ROUND((GEOMEAN(I31,K31,M31,O31,Q31:S31,U31,W31,Y31,AA31,AC31,AE31,AG31,AI31,AK31)),0) -> 509533 | AT31: =ROUND((H31*AS31),0) -> 73042575
C32: COSTOS DIRECTOS | J32: =SUM(J9:J31) -> 703622408 | L32: =SUM(L9:L31) -> 9.2003099e+08 | N32: =SUM(N9:N31) -> 1164204640 | P32: =SUM(P9:P31) -> 1.1877714e+09 | R32: =SUM(R9:R31) -> 8.9889899e+08 | T32: =SUM(T9:T31) -> 4.9963228e+08 | V32: =SUM(V9:V31) -> 7.1564491e+08 | X32: =SUM(X9:X31) -> 6.9861199e+08 | Z32: =SUM(Z9:Z31) -> 7.8985417e+08 | AB32: =SUM(AB9:AB31) -> 720915724 | AD32: =SUM(AD9:AD31) -> 722245420 | AF32: =SUM(AF9:AF31) -> 5.0754532e+08 | AH32: =SUM(AH9:AH31) -> 3.3378501e+08 | AJ32: =SUM(AJ9:AJ31) -> 8.4941348e+08 | AL32: =SUM(AL9:AL31) -> 0 | AN32: =SUM(AN9:AN31) -> 829617509 | AP32: =SUM(AP9:AP31) -> 747582600 | AR32: =SUM(AR9:AR31) -> 606907067 | AT32: =SUM(AT9:AT31) -> 1131102282
D33: ADMINISTRACION | I33: 0.22 | J33: =J32*I33 -> 1.5479693e+08 | L33: =L32*$I33 -> 2.0240682e+08 | N33: =N32*$I33 -> 2.5612502e+08 | P33: =P32*$I33 -> 2.613097e+08 | R33: =R32*$I33 -> 1.9775778e+08 | T33: =T32*$I33 -> 1.099191e+08 | V33: =V32*$I33 -> 1.5744188e+08 | X33: =X32*$I33 -> 1.5369464e+08 | Z33: =Z32*$I33 -> 1.7376792e+08 | AB33: =AB32*$I33 -> 1.5860146e+08 | AD33: =AD32*$I33 -> 1.5889399e+08 | AF33: =AF32*$I33 -> 1.1165997e+08 | AH33: =AH32*$I33 -> 73432703 | AJ33: =AJ32*$I33 -> 1.8687097e+08 | AL33: =AL32*$I33 -> 0 | AN33: =AN32*$I33 -> 1.8251585e+08 | AP33: =AP32*$I33 -> 164468172 | AR33: =AR32*$I33 -> 1.3351955e+08 | AT33: =AT32*$I33 -> 2.488425e+08
D34: IMPREVISTOS | I34: 0.01 | J34: =J32*I35 -> 35181120 | L34: =L32*$I34 -> 9200309.9 | N34: =N32*$I34 -> 11642046 | P34: =P32*$I34 -> 11877714 | R34: =R32*$I34 -> 8988989.9 | T34: =T32*$I34 -> 4996322.8 | V34: =V32*$I34 -> 7156449.1 | X34: =X32*$I34 -> 6986119.9 | Z34: =Z32*$I34 -> 7898541.7 | AB34: =AB32*$I34 -> 7209157.2 | AD34: =AD32*$I34 -> 7222454.2 | AF34: =AF32*$I34 -> 5075453.2 | AH34: =AH32*$I34 -> 3337850.1 | AJ34: =AJ32*$I34 -> 8494134.8 | AL34: =AL32*$I34 -> 0 | AN34: =AN32*$I34 -> 8296175.1 | AP34: =AP32*$I34 -> 7475826 | AR34: =AR32*$I34 -> 6069070.7 | AT34: =AT32*$I34 -> 11311023
D35: UTILIDAD | I35: 0.05 | J35: =J32*I35 -> 35181120 | L35: =L32*$I35 -> 46001549 | N35: =N32*$I35 -> 58210232 | P35: =P32*$I35 -> 59388568 | R35: =R32*$I35 -> 44944950 | T35: =T32*$I35 -> 24981614 | V35: =V32*$I35 -> 35782245 | X35: =X32*$I35 -> 34930599 | Z35: =Z32*$I35 -> 39492708 | AB35: =AB32*$I35 -> 36045786 | AD35: =AD32*$I35 -> 36112271 | AF35: =AF32*$I35 -> 25377266 | AH35: =AH32*$I35 -> 16689251 | AJ35: =AJ32*$I35 -> 42470674 | AL35: =AL32*$I35 -> 0 | AN35: =AN32*$I35 -> 41480875 | AP35: =AP32*$I35 -> 37379130 | AR35: =AR32*$I35 -> 30345353 | AT35: =AT32*$I35 -> 56555114
C36: IVA SOBRE UTILIDAD | I36: 19% | J36: =J35*I36 -> 6684412.9 | L36: =L35*$I36 -> 8740294.4 | N36: =N35*$I36 -> 11059944 | P36: =P35*$I36 -> 11283828 | R36: =R35*$I36 -> 8539540.5 | S36: 19% | T36: =T35*$I36 -> 4746506.7 | U36: 19% | V36: =V35*$I36 -> 6798626.6 | W36: 19% | X36: =X35*$I36 -> 6636813.9 | Y36: 19% | Z36: =Z35*$I36 -> 7503614.6 | AA36: 19% | AB36: =AB35*$I36 -> 6848699.4 | AC36: 19% | AD36: =AD35*$I36 -> 6861331.5 | AE36: 19% | AF36: =AF35*$I36 -> 4821680.6 | AG36: 19% | AH36: =AH35*$I36 -> 3170957.6 | AI36: 19% | AJ36: =AJ35*$I36 -> 8069428 | AK36: 19% | AL36: =AL35*$I36 -> 0 | AM36: 19% | AN36: =AN35*$I36 -> 7881366.3 | AO36: 19% | AP36: =AP35*$I36 -> 7102034.7 | AQ36: 19% | AR36: =AR35*$I36 -> 5765617.1 | AS36: 19% | AT36: =AT35*$I36 -> 10745472
C37: VALOR TOTAL (1) | J37: =+SUM(J32:J36) -> 9.3546599e+08 | L37: =+SUM(L32:L36) -> 1.18638e+09 | N37: =+SUM(N32:N36) -> 1.5012419e+09 | P37: =+SUM(P32:P36) -> 1.5316312e+09 | R37: =+SUM(R32:R36) -> 1.1591303e+09 | T37: =+SUM(T32:T36) -> 6.4427583e+08 | V37: =+SUM(V32:V36) -> 9.2282411e+08 | X37: =+SUM(X32:X36) -> 9.0086015e+08 | Z37: =+SUM(Z32:Z36) -> 1.0185169e+09 | AB37: =+SUM(AB32:AB36) -> 9.2962083e+08 | AD37: =+SUM(AD32:AD36) -> 9.3133547e+08 | AF37: =+SUM(AF32:AF36) -> 6.5447969e+08 | AH37: =+SUM(AH32:AH36) -> 4.3041578e+08 | AJ37: =+SUM(AJ32:AJ36) -> 1.0953187e+09 | AL37: =+SUM(AL32:AL36) -> 0 | AN37: =+SUM(AN32:AN36) -> 1.0697918e+09 | AP37: =+SUM(AP32:AP36) -> 9.6400776e+08 | AR37: =+SUM(AR32:AR36) -> 7.8260666e+08 | AT37: =+SUM(AT32:AT36) -> 1.4585564e+09
C39: 48 | D39: LADO TIERRA AEROPUERTO GUSTAVO ROJAS PINILLA DE CIMITARRA - SANTANDER
D40: Suministros
D41: Suministro de silla tandem metálica 4 puestos, Base en acero cromado, Brazos Ergonómicos en acero cromado, Forma 4 puestos, Patas en media luna en tubo elíptico de 62×31 mm CAL 16 pulgadas, Pintado con pintura electrostática anticorrosiva, Viga rectangular de 7/8 CAL 18 pulgada | G41: UND. | H41: 5 | I41: 680000 | J41: =I41*H41 -> 3400000 | K41: 389620 | L41: =K41*H41 -> 1948100 | M41: 1300000 | N41: =M41*H41 -> 6500000 | O41: 667000 | P41: =O41*H41 -> 3335000 | Q41: 654321 | R41: =H41*Q41 -> 3271605 | S41: 1000000 | T41: =S41*H41 -> 5000000 | U41: 760000 | V41: =U41*H41 -> 3800000 | W41: 723000 | X41: =W41*H41 -> 3615000 | Y41: 730000 | Z41: =Y41*H41 -> 3650000 | AA41: 726000 | AB41: =AA41*H41 -> 3630000 | AC41: 699000 | AD41: =AC41*H41 -> 3495000 | AF41: =AE41*H41 -> 0 | AH41: =AG41*H41 -> 0 | AJ41: =AI41*H41 -> 0 | AL41: =AK41*J41 -> 0 | AM41: =ROUND((AVERAGE(I41,K41,M41,O41,Q41,U41,W41,Y41,AA41,AC41,AE41,AG41,AI41,AK41)),0) -> 732894 | AN41: =ROUND((AM41*H41),0) -> 3664470 | AO41: =ROUND((MEDIAN(I41,K41,M41,O41,Q41,U41,W41,Y41,AA41,AC41,AE41,AG41,AI41,AK41)),0) -> 711000 | AP41: =ROUND((H41*AO41),0) -> 3555000 | AQ41: =ROUND((HARMEAN(I41,K41,M41,O41,Q41,U41,W41,Y41,AA41,AC41,AE41,AG41,AI41,AK41)),0) -> 679774 | AR41: =ROUND((H41*AQ41),0) -> 3398870 | AS41: =ROUND((GEOMEAN(I41,K41,M41,O41,Q41,U41,W41,Y41,AA41,AC41,AE41,AG41,AI41,AK41)),0) -> 705618 | AT41: =ROUND((H41*AS41),0) -> 3528090
D42: SUBTOTAL | J42: =J41 -> 3400000 | L42: =L41 -> 1948100 | N42: =N41 -> 6500000 | P42: =P41 -> 3335000 | R42: =R41 -> 3271605 | T42: =T41 -> 5000000 | V42: =V41 -> 3800000 | X42: =X41 -> 3615000 | Z42: =Z41 -> 3650000 | AB42: =AB41 -> 3630000 | AD42: =AD41 -> 3495000 | AF42: =AF41 -> 0 | AH42: =AH41 -> 0 | AJ42: =AJ41 -> 0 | AL42: =AL41 -> 0 | AN42: =AN41 -> 3664470 | AP42: =AP41 -> 3555000 | AR42: =AR41 -> 3398870 | AT42: =AT41 -> 3528090
F43: IVA | I43: 19% | J43: =J42*I43 -> 646000 | K43: 19% | L43: =L42*K43 -> 370139 | M43: 19% | N43: =N42*M43 -> 1235000 | O43: 19% | P43: =P42*O43 -> 633650 | Q43: 19% | R43: =R42*Q43 -> 621604.95 | S43: 19% | T43: =T42*S43 -> 950000 | U43: 19% | V43: =V42*U43 -> 722000 | W43: 19% | X43: =X42*W43 -> 686850 | Y43: 19% | Z43: =Z42*Y43 -> 693500 | AA43: 19% | AB43: =AB42*AA43 -> 689700 | AC43: 19% | AD43: =AD42*AC43 -> 664050 | AE43: 19% | AF43: =AF42*AE43 -> 0 | AG43: 19% | AH43: =AH42*AG43 -> 0 | AI43: 19% | AJ43: =AJ42*AI43 -> 0 | AK43: 19% | AL43: =AL42*AK43 -> 0 | AM43: 19% | AN43: =AN42*AM43 -> 696249.3 | AO43: 19% | AP43: =AP42*AO43 -> 675450 | AQ43: 19% | AR43: =AR42*AQ43 -> 645785.3 | AS43: 19% | AT43: =AT42*AS43 -> 670337.1
D44: TOTAL SUMINISTROS (2) | J44: =SUM(J42:J43) -> 4046000 | L44: =SUM(L42:L43) -> 2318239 | N44: =SUM(N42:N43) -> 7735000 | P44: =SUM(P42:P43) -> 3968650 | R44: =SUM(R42:R43) -> 3893210 | T44: =SUM(T42:T43) -> 5950000 | V44: =SUM(V42:V43) -> 4522000 | X44: =SUM(X42:X43) -> 4301850 | Z44: =SUM(Z42:Z43) -> 4343500 | AB44: =SUM(AB42:AB43) -> 4319700 | AD44: =SUM(AD42:AD43) -> 4159050 | AF44: =SUM(AF42:AF43) -> 0 | AH44: =SUM(AH42:AH43) -> 0 | AJ44: =SUM(AJ42:AJ43) -> 0 | AL44: =SUM(AL42:AL43) -> 0 | AN44: =SUM(AN42:AN43) -> 4360719.3 | AP44: =SUM(AP42:AP43) -> 4230450 | AR44: =SUM(AR42:AR43) -> 4044655.3 | AT44: =SUM(AT42:AT43) -> 4198427.1
D46: VALOR TOTAL (1) | J46: =J37+J44 -> 9.3951199e+08 | L46: =L37+L44 -> 1.1886982e+09 | N46: =N37+N44 -> 1.5089769e+09 | P46: =P37+P44 -> 1.5355998e+09 | R46: =R37+R44 -> 1.1630235e+09 | T46: =T37+T44 -> 6.5022583e+08 | V46: =V37+V44 -> 9.2734611e+08 | X46: =X37+X44 -> 9.05162e+08 | Z46: =Z37+Z44 -> 1.0228604e+09 | AB46: =AB37+AB44 -> 9.3394053e+08 | AD46: =AD37+AD44 -> 9.3549452e+08 | AF46: =AF37+AF44 -> 6.5447969e+08 | AH46: =AH37+AH44 -> 4.3041578e+08 | AJ46: =AJ37+AJ44 -> 1.0953187e+09 | AL46: =AL37+AL44 -> 0 | AN46: =AN37+AN44 -> 1.0741525e+09 | AP46: =AP37+AP44 -> 9.6823821e+08 | AR46: =AR37+AR44 -> 7.8665132e+08 | AT46: =AT37+AT44 -> 1.4627548e+09

Sheet NUQUI
F2: FORMATO
F3: FORMATO 7 PROPUESTA ECONÓMICA
C4: Principio de Procedencia: 1201.092 | F4: Clave: GCON-1.0-12-112 | G4: Versión: 01 | I4: Fecha: 28/10/2019 | J4: Página: 1 de 1
C6: OBJETO: REALIZAR MANTENIMIENTO GENERAL DE LOS AEROPUERTOS Y ESTACIONES DE LA REGIONAL (NUQUI) | I6: CONDEIN SAS | K6: WILBER MOSQUERA MOSQUERA | M6: PROSOI SAS | O6: PROMEDIO PROPUESTAS
C7: ÍTEM | D7: DESCRIPCIÓN | G7: UNIDAD | H7: CANTIDAD | I7: VALOR UNITARIO | J7: VALOR PARCIAL | K7: VALOR UNITARIO | L7: VALOR PARCIAL | M7: VALOR UNITARIO | N7: VALOR PARCIAL | O7: VALOR UNITARIO | P7: VALOR PARCIAL
C8: 1 | D8: Mantenimiento de zonas verdes. 1. Roceria: zonas de seguridad y demás áreas del aeropuerto. Debe incluir la limpieza de las áreas perimetrales internas (desde las zonas de seguridad hasta el cerramiento). Consistente en desmonte y limpieza de zonas no boscosas. Incluye Aplicación de matamatelezas (combatran, randall o similar) a todas las zonas de seguridad incluida la base del cerramiento. 2. Limpieza manual del cerramiento (mallas), retirando todo elemento orgánico e inorgánico. Se hará además la fumigación con un herbicida químico. Incluye Cargue y disposición de material sobrante al botadero autorizado | G8: Ha | H8: =10.45*5 -> 52.25 | I8: 700000 | J8: =I8*H8 -> 36575000 | K8: 990000 | L8: =K8*H8 -> 51727500 | M8: 480000 | N8: =M8*H8 -> 25080000 | O8: =AVERAGE(I8,K8,M8) -> 723333.33 | P8: =O8*H8 -> 37794167
C9: 2 | D9: Limpieza (desmalezado y evacuación sedimentos) en canales (en tierra o en concreto) de evacuación aguas, retiro y disposición de material sobrante a cualquier distancia en botadero autorizado. Consistente en mantenimiento de taludes, reconstrucción de canales y limpieza de cauce a cualquier ancho de canal. Se debe garantizar por el tiempo de duración del contrato el caudal natural de las aguas retirando todo elemento que le impida al agua su curso normal. | G9: m | H9: =2090*5 -> 10450 | I9: 8000 | J9: =I9*H9 -> 83600000 | K9: 28700 | L9: =K9*H9 -> 299915000 | M9: 4500 | N9: =M9*H9 -> 47025000 | O9: =AVERAGE(I9,K9,M9) -> 13733.333 | P9: =O9*H9 -> 1.4351333e+08
C10: 3 | D10: Excavación manual (concreto ciclopeo, pie de amigo y pedestales). | G10: m3 | H10: =+H14*0.3*0.4+H12 -> 26.4 | I10: 70000 | J10: =I10*H10 -> 1848000 | K10: 38400 | L10: =K10*H10 -> 1013760 | M10: 35000 | N10: =M10*H10 -> 924000 | O10: =AVERAGE(I10,K10,M10) -> 47800 | P10: =O10*H10 -> 1261920
C11: 4 | D11: Viga de amarre concreto 3000PSI Incluye refuerzo. | G11: m3 | H11: =+H14*0.3*0.2 -> 12 | I11: 1600000 | J11: =I11*H11 -> 19200000 | K11: 990000 | L11: =K11*H11 -> 11880000 | M11: 950000 | N11: =M11*H11 -> 11400000 | O11: =AVERAGE(I11,K11,M11) -> 1180000 | P11: =O11*H11 -> 14160000
C12: 5 | D12: Cimiento pie amigo concreto 3000 PSI. Cimiento pedestal concreto 3000 PSI. | G12: m3 | H12: =+(H14/10)*0.3*0.4 -> 2.4 | I12: 1400000 | J12: =I12*H12 -> 3360000 | K12: 465900 | L12: =K12*H12 -> 1118160 | M12: 1100000 | N12: =M12*H12 -> 2640000 | O12: =AVERAGE(I12,K12,M12) -> 988633.33 | P12: =O12*H12 -> 2372720
C13: 6 | D13: Mortero 1:4. para pie de amigo | G13: m | H13: =+H14 -> 200 | I13: 20000 | J13: =I13*H13 -> 4000000 | K13: 21300 | L13: =K13*H13 -> 4260000 | M13: 15000 | N13: =M13*H13 -> 3000000 | O13: =AVERAGE(I13,K13,M13) -> 18766.667 | P13: =O13*H13 -> 3753333.3
C14: 7 | D14: Suministro e instalación cerramiento tipo I en malla eslabonada con recubrimiento en PVC, calibre 8" incluyendo el recubrimiento, Incluye tuberia (Poste, Pie de apoyo y pie de amigo). Cuatro hilos de alambre de pua y accesorios. | G14: m | H14: 200 | I14: 180000 | J14: =I14*H14 -> 36000000 | K14: 89700 | L14: =K14*H14 -> 17940000 | M14: 450000 | N14: =M14*H14 -> 90000000 | O14: =AVERAGE(I14,K14,M14) -> 239900 | P14: =O14*H14 -> 47980000
C15: 8 | D15: Desmonte de cerramiento en mal estado | G15: m | H15: =+H14 -> 200 | I15: 20000 | J15: =I15*H15 -> 4000000 | K15: 15200 | L15: =K15*H15 -> 3040000 | M15: 25000 | N15: =M15*H15 -> 5000000 | O15: =AVERAGE(I15,K15,M15) -> 20066.667 | P15: =O15*H15 -> 4013333.3
C16: 9 | D16: Cimiento concreto ciclópeo | G16: m3 | H16: =+H14*0.4*0.3+H12 -> 26.4 | I16: 800000 | J16: =I16*H16 -> 21120000 | K16: 455500 | L16: =K16*H16 -> 12025200 | M16: 600000 | N16: =M16*H16 -> 15840000 | O16: =AVERAGE(I16,K16,M16) -> 618500 | P16: =O16*H16 -> 16328400
C17: 10 | D17: Excavación manual en material común y conglomerado. Incluye cargue y botada de escombros. E=20cm. | G17: m3 | H17: =125+(48*0.3)+(32*0.2) -> 145.8 | I17: 70000 | J17: =I17*H17 -> 10206000 | K17: 38400 | L17: =K17*H17 -> 5598720 | M17: 40000 | N17: =M17*H17 -> 5832000 | O17: =AVERAGE(I17,K17,M17) -> 49466.667 | P17: =O17*H17 -> 7212240
C18: 11 | D18: Entresuelo en piedra, E= 10 cm. incluye recebo compactado en arenila E= 5 cm., Incluye acomodamiento y nivelación de piedra de entresuelo. | G18: m3 | H18: 80 | I18: 140000 | J18: =I18*H18 -> 11200000 | K18: 65000 | L18: =K18*H18 -> 5200000 | M18: 80000 | N18: =M18*H18 -> 6400000 | O18: =AVERAGE(I18,K18,M18) -> 95000 | P18: =O18*H18 -> 7600000
C19: 12 | D19: Construcción de señalización de mangaveletas en concreto ciclopeo, forma: (anillo circular) donde su radio mayor es 7,5 m y su radio menor es 6 m, espesor e = 0,07 m, ancho = 1,50 m. juntas de madera cada 1,50 m. incluye pintura a base de aceite color blanco. para demarcación de mangaveletas. | G19: m3 | H19: 9 | I19: 1400000 | J19: =I19*H19 -> 12600000 | K19: 1000000 | L19: =K19*H19 -> 9000000 | M19: 400000 | N19: =M19*H19 -> 3600000 | O19: =AVERAGE(I19,K19,M19) -> 933333.33 | P19: =O19*H19 -> 8400000 | U19: =300*0.4*0.4 -> 48
C20: 13 | D20: Suministro e instalación lavamanos para discapacitados, inlcuye grifería | G20: und | H20: 1 | I20: 900000 | J20: =I20*H20 -> 900000 | K20: 310000 | L20: =K20*H20 -> 310000 | M20: 550000 | N20: =M20*H20 -> 550000 | O20: =AVERAGE(I20,K20,M20) -> 586666.67 | P20: =O20*H20 -> 586666.67
C21: 14 | D21: Suministro e instalación sanitario para discapacitados | G21: und | H21: 1 | I21: 800000 | J21: =I21*H21 -> 800000 | K21: 650000 | L21: =K21*H21 -> 650000 | M21: 500000 | N21: =M21*H21 -> 500000 | O21: =AVERAGE(I21,K21,M21) -> 650000 | P21: =O21*H21 -> 650000
C22: 15 | D22: Suministro e instalación barras de apoyo para baño de discapacitados | G22: und | H22: 2 | I22: 150000 | J22: =I22*H22 -> 300000 | K22: 250000 | L22: =K22*H22 -> 500000 | M22: 300000 | N22: =M22*H22 -> 600000 | O22: =AVERAGE(I22,K22,M22) -> 233333.33 | P22: =O22*H22 -> 466666.67
C23: 16 | D23: Desmonte de aparados sanitarios | G23: und | H23: 2 | I23: 30000 | J23: =I23*H23 -> 60000 | K23: 50000 | L23: =K23*H23 -> 100000 | M23: 25000 | N23: =M23*H23 -> 50000 | O23: =AVERAGE(I23,K23,M23) -> 35000 | P23: =O23*H23 -> 70000
C24: 17 | D24: Demolicion de enchape | G24: m2 | H24: 22 | I24: 15000 | J24: =I24*H24 -> 330000 | K24: 25000 | L24: =K24*H24 -> 550000 | M24: 25000 | N24: =M24*H24 -> 550000 | O24: =AVERAGE(I24,K24,M24) -> 21666.667 | P24: =O24*H24 -> 476666.67
C25: 18 | D25: Enchape piso en cerámica | G25: m2 | H25: =5+33+80 -> 118 | I25: 90000 | J25: =I25*H25 -> 10620000 | K25: 87600 | L25: =K25*H25 -> 10336800 | M25: 65000 | N25: =M25*H25 -> 7670000 | O25: =AVERAGE(I25,K25,M25) -> 80866.667 | P25: =O25*H25 -> 9542266.7
C26: 19 | D26: Enchape muro en cerámica | G26: m2 | H26: =17+14 -> 31 | I26: 90000 | J26: =I26*H26 -> 2790000 | K26: 87600 | L26: =K26*H26 -> 2715600 | M26: 60000 | N26: =M26*H26 -> 1860000 | O26: =AVERAGE(I26,K26,M26) -> 79200 | P26: =O26*H26 -> 2455200
C27: 20 | D27: Rejilla de piso de 2" | G27: und | H27: 1 | I27: 12000 | J27: =I27*H27 -> 12000 | K27: 32000 | L27: =K27*H27 -> 32000 | M27: 25000 | N27: =M27*H27 -> 25000 | O27: =AVERAGE(I27,K27,M27) -> 23000 | P27: =O27*H27 -> 23000
C28: 21 | D28: Espejos | G28: m2 | H28: 5 | I28: 150000 | J28: =I28*H28 -> 750000 | K28: 12000 | L28: =K28*H28 -> 60000 | M28: 110000 | N28: =M28*H28 -> 550000 | O28: =AVERAGE(I28,K28,M28) -> 90666.667 | P28: =O28*H28 -> 453333.33
C29: 22 | D29: Suministro e instalación de ventana en aluminio | G29: m2 | H29: 14 | I29: 450000 | J29: =I29*H29 -> 6300000 | K29: 454000 | L29: =K29*H29 -> 6356000 | M29: 600000 | N29: =M29*H29 -> 8400000 | O29: =AVERAGE(I29,K29,M29) -> 501333.33 | P29: =O29*H29 -> 7018666.7
C30: 23 | D30: Suministro e instalación de puerta lamina (incluye retiro y cerradura) | G30: und | H30: 6 | I30: 1200000 | J30: =I30*H30 -> 7200000 | K30: 354000 | L30: =K30*H30 -> 2124000 | M30: 900000 | N30: =M30*H30 -> 5400000 | O30: =AVERAGE(I30,K30,M30) -> 818000 | P30: =O30*H30 -> 4908000
C31: 24 | D31: Muro divisorio (bloque no. 4) | G31: m2 | H31: 70 | I31: 100000 | J31: =I31*H31 -> 7000000 | K31: 89700 | L31: =K31*H31 -> 6279000 | M31: 48000 | N31: =M31*H31 -> 3360000 | O31: =AVERAGE(I31,K31,M31) -> 79233.333 | P31: =O31*H31 -> 5546333.3
C32: 25 | D32: Pañete liso impermeabilizado muros 1:4 (incluye filos y dilataciones) | G32: m2 | H32: =+H31*2 -> 140 | I32: 40000 | J32: =I32*H32 -> 5600000 | K32: 36400 | L32: =K32*H32 -> 5096000 | M32: 28000 | N32: =M32*H32 -> 3920000 | O32: =AVERAGE(I32,K32,M32) -> 34800 | P32: =O32*H32 -> 4872000
C33: 26 | D33: Estuco y pintura Koraza sobre muro (tres manos o las necesarias para un correcto acabado) | G33: m2 | H33: 140 | I33: 45000 | J33: =I33*H33 -> 6300000 | K33: 19800 | L33: =K33*H33 -> 2772000 | M33: 30000 | N33: =M33*H33 -> 4200000 | O33: =AVERAGE(I33,K33,M33) -> 31600 | P33: =O33*H33 -> 4424000
C34: 27 | D34: Resane y pintura Koraza sobre muro (tres manos o las necesarias para un correcto acabado) | G34: m2 | H34: 240 | I34: 25000 | J34: =I34*H34 -> 6000000 | K34: 19800 | L34: =K34*H34 -> 4752000 | M34: 25000 | N34: =M34*H34 -> 6000000 | O34: =AVERAGE(I34,K34,M34) -> 23266.667 | P34: =O34*H34 -> 5584000
C35: 28 | D35: Suministro e instalación cubierta termoacustica (incluye estructura metalica) | G35: m2 | H35: =48+90 -> 138 | I35: 200000 | J35: =I35*H35 -> 27600000 | K35: 198450 | L35: =K35*H35 -> 27386100 | M35: 150000 | N35: =M35*H35 -> 20700000 | O35: =AVERAGE(I35,K35,M35) -> 182816.67 | P35: =O35*H35 -> 25228700
C36: 29 | D36: Base compactada | G36: m2 | H36: =48*0.2+(32*0.3) -> 19.2 | I36: 160000 | J36: =I36*H36 -> 3072000 | K36: 62300 | L36: =K36*H36 -> 1196160 | M36: 45000 | N36: =M36*H36 -> 864000 | O36: =AVERAGE(I36,K36,M36) -> 89100 | P36: =O36*H36 -> 1710720
C37: 30 | D37: Losa de piso en concreto de 3000 PSI, de e=10cm inlcuye malla electrosoldada | G37: m2 | H37: =48+32 -> 80 | I37: 180000 | J37: =I37*H37 -> 14400000 | K37: 245600 | L37: =K37*H37 -> 19648000 | M37: 105000 | N37: =M37*H37 -> 8400000 | O37: =AVERAGE(I37,K37,M37) -> 176866.67 | P37: =O37*H37 -> 14149333
C38: 31 | D38: Socalo en ceramica | G38: m | H38: 30 | I38: 25000 | J38: =I38*H38 -> 750000 | K38: 47800 | L38: =K38*H38 -> 1434000 | M38: 15000 | N38: =M38*H38 -> 450000 | O38: =AVERAGE(I38,K38,M38) -> 29266.667 | P38: =O38*H38 -> 878000
C39: 32 | D39: Punto electrico | G39: und | H39: 8 | I39: 150000 | J39: =I39*H39 -> 1200000 | K39: 89300 | L39: =K39*H39 -> 714400 | M39: 95000 | N39: =M39*H39 -> 760000 | O39: =AVERAGE(I39,K39,M39) -> 111433.33 | P39: =O39*H39 -> 891466.67
C40: 33 | D40: Red electrica en tuberia Emt, tres hilos, calibre 10. | G40: m | H40: 24 | I40: 30000 | J40: =I40*H40 -> 720000 | K40: 27690 | L40: =K40*H40 -> 664560 | M40: 20000 | N40: =M40*H40 -> 480000 | O40: =AVERAGE(I40,K40,M40) -> 25896.667 | P40: =O40*H40 -> 621520
C41: 34 | D41: Suministro e instalación de luminaria tipo led de 2*32m | G41: und | H41: 2 | I41: 200000 | J41: =I41*H41 -> 400000 | K41: 134500 | L41: =K41*H41 -> 269000 | M41: 180000 | N41: =M41*H41 -> 360000 | O41: =AVERAGE(I41,K41,M41) -> 171500 | P41: =O41*H41 -> 343000
C42: 35 | D42: Suministro e instalación lavamanos con grifería | G42: und | H42: 1 | I42: 450000 | J42: =I42*H42 -> 450000 | K42: 320590 | L42: =K42*H42 -> 320590 | M42: 400000 | N42: =M42*H42 -> 400000 | O42: =AVERAGE(I42,K42,M42) -> 390196.67 | P42: =O42*H42 -> 390196.67
C43: 36 | D43: Suministro e instalación inodoro | G43: und | H43: 1 | I43: 550000 | J43: =I43*H43 -> 550000 | K43: 367890 | L43: =K43*H43 -> 367890 | M43: 400000 | N43: =M43*H43 -> 400000 | O43: =AVERAGE(I43,K43,M43) -> 439296.67 | P43: =O43*H43 -> 439296.67
C44: 37 | D44: Suministro e instalación de ducha | G44: und | H44: 1 | I44: 150000 | J44: =I44*H44 -> 150000 | K44: 112357 | L44: =K44*H44 -> 112357 | M44: 250000 | N44: =M44*H44 -> 250000 | O44: =AVERAGE(I44,K44,M44) -> 170785.67 | P44: =O44*H44 -> 170785.67
C45: 38 | D45: Desmonte de ventana en aluminio | G45: und | H45: 6 | I45: 20000 | J45: =I45*H45 -> 120000 | K45: 45000 | L45: =K45*H45 -> 270000 | M45: 20000 | N45: =M45*H45 -> 120000 | O45: =AVERAGE(I45,K45,M45) -> 28333.333 | P45: =O45*H45 -> 170000
C46: 39 | D46: Desmonte de puertas | G46: und | H46: 4 | I46: 25000 | J46: =I46*H46 -> 100000 | K46: 45000 | L46: =K46*H46 -> 180000 | M46: 20000 | N46: =M46*H46 -> 80000 | O46: =AVERAGE(I46,K46,M46) -> 30000 | P46: =O46*H46 -> 120000
C47: 40 | D47: Suministro e instalación de cocina integral, inlcuye mueble inferior y superior, mesón en acero inoxidable | G47: m | H47: 4 | I47: 1500000 | J47: =I47*H47 -> 6000000 | K47: 1890678 | L47: =K47*H47 -> 7562712 | M47: 650000 | N47: =M47*H47 -> 2600000 | O47: =AVERAGE(I47,K47,M47) -> 1346892.7 | P47: =O47*H47 -> 5387570.7
C48: 41 | D48: Suministro e instalación de lavaplatos, inlcuye grifería | G48: und | H48: 2 | I48: 300000 | J48: =I48*H48 -> 600000 | K48: 289000 | L48: =K48*H48 -> 578000 | M48: 200000 | N48: =M48*H48 -> 400000 | O48: =AVERAGE(I48,K48,M48) -> 263000 | P48: =O48*H48 -> 526000
C49: 42 | D49: Suministro e instalación de estufa electrica de dos puestos | G49: und | H49: 2 | I49: 600000 | J49: =I49*H49 -> 1200000 | K49: 176890 | L49: =K49*H49 -> 353780 | M49: 450000 | N49: =M49*H49 -> 900000 | O49: =AVERAGE(I49,K49,M49) -> 408963.33 | P49: =O49*H49 -> 817926.67
C50: 43 | D50: Suministro, transporte e instalación de puerta (2,73x2,40m) en aluminio y vidrio templado de 8mm, cuerpo fijo (2,40x0,73m) y dos hojas (2,40x1,00m), con apertura automatica, incluye sandblasting con diseño y motor de un caballo de fuerza y todos los accesorios para su correcto funcionamiento | G50: und | H50: 1 | I50: 6000000 | J50: =I50*H50 -> 6000000 | K50: 985643 | L50: =K50*H50 -> 985643 | M50: 4000000 | N50: =M50*H50 -> 4000000 | O50: =AVERAGE(I50,K50,M50) -> 3661881 | P50: =O50*H50 -> 3661881
C51: COSTOS TOTALES | J51: =SUM(J8:J50) -> 361983000 | L51: =SUM(L8:L50) -> 527394932 | N51: =SUM(N8:N50) -> 301540000 | P51: =SUM(P8:P50) -> 3.9697264e+08
C52: ADMINISTRACIÓN | I52: 20% | J52: =+J51*I52 -> 72396600 | K52: 20% | L52: =+L51*K52 -> 1.0547899e+08 | M52: 20% | N52: =+N51*M52 -> 60308000 | O52: 20% | P52: =+P51*O52 -> 79394529
C53: IMPREVISTOS | I53: 1% | J53: =+J51*I53 -> 3619830 | K53: 1% | L53: =+L51*K53 -> 5273949.3 | M53: 1% | N53: =+N51*M53 -> 3015400 | O53: 1% | P53: =+P51*O53 -> 3969726.4
C54: UTILIDAD | I54: 5% | J54: =+J51*I54 -> 18099150 | K54: 5% | L54: =+L51*K54 -> 26369747 | M54: 5% | N54: =+N51*M54 -> 15077000 | O54: 5% | P54: =+P51*O54 -> 19848632
C55: IVA | I55: 19% | J55: =+J54*I55 -> 3438838.5 | K55: 19% | L55: =+L54*K55 -> 5010251.9 | M55: 19% | N55: =+N54*M55 -> 2864630 | O55: 19% | P55: =+P54*O55 -> 3771240.1
C56: TOTAL PROYECTO | J56: =+SUM(J51:J55) -> 4.5953742e+08 | L56: =+SUM(L51:L55) -> 6.6952787e+08 | N56: =+SUM(N51:N55) -> 382805030 | P56: =+SUM(P51:P55) -> 5.0395677e+08

Sheet QUIBDO
F2: FORMATO
F3: FORMATO 7 PROPUESTA ECONÓMICA
C4: Principio de Procedencia: 1201.092 | F4: Clave: GCON-1.0-12-112 | G4: Versión: 01 | I4: Fecha: 28/10/2019 | J4: Página: 1 de 1
C6: OBJETO: REALIZAR MANTENIMIENTO GENERAL DE LOS AEROPUERTOS Y ESTACIONES DE LA REGIONAL (QUIBDO) | I6: CONDEIN SAS | K6: WILBER MOSQUERA MOSQUERA | M6: PROSOI SAS | O6: PROMEDIO PROPUESTAS
C7: ÍTEM | D7: DESCRIPCIÓN | G7: UNIDAD | H7: CANTIDAD | I7: VALOR UNITARIO | J7: VALOR PARCIAL | K7: VALOR UNITARIO | L7: VALOR PARCIAL | M7: VALOR UNITARIO | N7: VALOR PARCIAL | O7: VALOR UNITARIO | P7: VALOR PARCIAL
C8: 1 | D8: Mantenimiento de zonas verdes. 1. Roceria: zonas de seguridad y demás áreas del aeropuerto. Debe incluir la limpieza de las áreas perimetrales internas (desde las zonas de seguridad hasta el cerramiento). Consistente en desmonte y limpieza de zonas no boscosas. Incluye Aplicación de matamatelezas (combatran, randall o similar) a todas las zonas de seguridad incluida la base del cerramiento. 2. Limpieza manual del cerramiento (mallas), retirando todo elemento orgánico e inorgánico. Se hará además la fumigación con un herbicida químico. Incluye Cargue y disposición de material sobrante al botadero autorizado | G8: Ha | H8: 5 | I8: 580000 | J8: =I8*H8 -> 2900000 | K8: 920000 | L8: =K8*H8 -> 4600000 | M8: 550000 | N8: =M8*H8 -> 2750000 | O8: =AVERAGE(I8,K8,M8) -> 683333.33 | P8: =O8*H8 -> 3416666.7
C9: 2 | D9: Aplicación de Sikaflex para sello de ventanas | G9: m | H9: 150 | I9: 40000 | J9: =I9*H9 -> 6000000 | K9: 16800 | L9: =K9*H9 -> 2520000 | M9: 15000 | N9: =M9*H9 -> 2250000 | O9: =AVERAGE(I9,K9,M9) -> 23933.333 | P9: =O9*H9 -> 3590000
C10: COSTOS TOTALES | J10: =+J8+J9 -> 8900000 | L10: =+L8+L9 -> 7120000 | N10: =+N8+N9 -> 5000000 | P10: =+P8+P9 -> 7006666.7
C11: ADMINISTRACIÓN | I11: 20% | J11: =+J10*I11 -> 1780000 | K11: 20% | L11: =+L10*K11 -> 1424000 | M11: 20% | N11: =+N10*M11 -> 1000000 | O11: 20% | P11: =+P10*O11 -> 1401333.3
C12: IMPREVISTOS | I12: 1% | J12: =+J10*I12 -> 89000 | K12: 1% | L12: =+L10*K12 -> 71200 | M12: 1% | N12: =+N10*M12 -> 50000 | O12: 1% | P12: =+P10*O12 -> 70066.667
C13: UTILIDAD | I13: 5% | J13: =+J10*I13 -> 445000 | K13: 5% | L13: =+L10*K13 -> 356000 | M13: 5% | N13: =+N10*M13 -> 250000 | O13: 5% | P13: =+P10*O13 -> 350333.33
C14: IVA | I14: 19% | J14: =+J13*I14 -> 84550 | K14: 19% | L14: =+L13*K14 -> 67640 | M14: 19% | N14: =+N13*M14 -> 47500 | O14: 19% | P14: =+P13*O14 -> 66563.333
C15: TOTAL PROYECTO | J15: =+SUM(J10:J14) -> 11298550 | L15: =+SUM(L10:L14) -> 9038840 | N15: =+SUM(N10:N14) -> 6347500 | P15: =+SUM(P10:P14) -> 8894963.3

Sheet PUERTO BERRIO (2)
F2: FORMATO
F3: FORMATO 7 PROPUESTA ECONÓMICA
C4: Principio de Procedencia: 1201.092 | F4: Clave: GCON-1.0-12-112 | G4: Versión: 03 | I4: Fecha de aprobación: 28/12/2020 | J4: Página: 1 de 1
C6: OBJETO: RANC0304 REALIZAR MANTENIMIENTO DE LA INFRAESTRUCTURA AEROPORTUARIA LADO AIRE Y LADO TIERRA DE LOS AEROPUERTOS DE CIMITARRA Y PUERTO BERRIO | I6: ING ARANGO CIA SAS | K6: VÍAS Y EDIFICACIONES COLOMBIA SAS | M6: CONDEIN SAS | O6: HAH CONSTRUCCIONES SAS | Q6: ENETEL | S6: ITALOAMBIENTES | U6: JUAN CARLOS ORTIZ LOPEZ | W6: OSCAR MUÑOZ CORREA | Y6: GUSTAVO VASQUEZ PINZON | AA6: CARLOS CASTRO VEGA | AC6: FRANCISCO ALVAREZ PEREZ | AE6: PROMEDIO PROPUESTAS PRESENTADAS CONTRATACIÓN 20000584 H4 02 DE 2020 INCREMENTADOLAS AL IPC 1,61% DE 2020. | AG6: PROMEDIO PROPUESTAS PRESENTADAS CONTRATACIÓN 20000584 H4 01 DE 2020 INCREMENTADOLAS AL IPC 1,61% DE 2020. | AI6: CONTRATO 19000915 H4 GRUPO SYC SAS | AK6: PROMEDIO | AM6: MEDIANA | AO6: MEDIA ARMÓNICA | AQ6: MEDIA GEOMÉTRICA
C7: ÍTEM | D7: DESCRIPCIÓN | G7: UNIDAD | H7: CANTIDAD | I7: VALOR UNITARIO | J7: VALOR PARCIAL | K7: VALOR UNITARIO | L7: VALOR PARCIAL | M7: VALOR UNITARIO | N7: VALOR PARCIAL | O7: VALOR UNITARIO | P7: VALOR PARCIAL | Q7: VALOR UNITARIO | R7: VALOR PARCIAL | S7: VALOR UNITARIO | T7: VALOR PARCIAL | U7: VALOR UNITARIO | V7: VALOR PARCIAL | W7: VALOR UNITARIO | X7: VALOR PARCIAL | Y7: VALOR UNITARIO | Z7: VALOR PARCIAL | AA7: VALOR UNITARIO | AB7: VALOR PARCIAL | AC7: VALOR UNITARIO | AD7: VALOR PARCIAL | AE7: VALOR UNITARIO | AF7: VALOR PARCIAL | AG7: VALOR UNITARIO | AH7: VALOR PARCIAL | AI7: VALOR UNITARIO | AJ7: VALOR PARCIAL | AK7: Valor Unitario | AL7: TOTAL | AM7: Valor Unitario | AN7: TOTAL | AO7: Valor Unitario | AP7: TOTAL | AQ7: Valor Unitario | AR7: TOTAL
D8: LADO TIERRA AEROPUERTO MORELA DE PUERTO BERRIO - ANTIOQUIA
C9: 1 | D9: Retiro de malla eslabonada | G9: m2 | H9: 2.3 | I9: 12000 | J9: =I9*H9 -> 27600 | K9: 15600 | L9: =K9*H9 -> 35880 | M9: 25000 | N9: =M9*H9 -> 57500 | O9: 37900.8 | P9: =O9*H9 -> 87171.84 | Q9: 18600 | R9: =Q9*H9 -> 42780 | S9: 4200 | T9: =S9*H9 -> 9660 | U9: 13104 | V9: =U9*H9 -> 30139.2 | W9: 12525 | X9: =W9*H9 -> 28807.5 | Y9: 15257.338 | Z9: =Y9*H9 -> 35091.877 | AA9: 16000 | AB9: =AA9*H9 -> 36800 | AC9: 20000 | AD9: =AC9*H9 -> 46000 | AE9: =13104*1.0161 -> 13314.974 | AF9: =AE9*H9 -> 30624.441 | AH9: =AG9*H9 -> 0 | AJ9: =AI9*H9 -> 0 | AK9: =ROUND((AVERAGE(I9,K9,M9,O9,Q9,S9,U9,W9,Y9,AA9,AC9,AE9,AG9,AI9)),0) -> 16959 | AL9: =ROUND((AK9*H9),0) -> 39006 | AM9: =ROUND((MEDIAN(I9,K9,M9,O9,Q9,S9,U9,W9,Y9,AA9,AC9,AE9,AG9,AI9)),0) -> 15429 | AN9: =ROUND((H9*AM9),0) -> 35487 | AO9: =ROUND((HARMEAN(I9,K9,M9,O9,Q9,S9,U9,W9,Y9,AA9,AC9,AE9,AG9,AI9)),0) -> 13115 | AP9: =ROUND((H9*AO9),0) -> 30165 | AQ9: =ROUND((GEOMEAN(I9,K9,M9,O9,Q9,S9,U9,W9,Y9,AA9,AC9,AE9,AG9,AI9)),0) -> 15164 | AR9: =ROUND((H9*AQ9),0) -> 34877
C10: 2 | D10: Demolición de piso | E10: Demolición de piso | F10: Demolición de piso | G10: m2 | H10: 2 | I10: 24000 | J10: =I10*H10 -> 48000 | K10: 105000 | L10: =K10*H10 -> 210000 | M10: 300000 | N10: =M10*H10 -> 600000 | O10: 177851.26 | P10: =O10*H10 -> 355702.52 | Q10: 247000 | R10: =Q10*H10 -> 494000 | S10: 28000 | T10: =S10*H10 -> 56000 | U10: 10000 | V10: =U10*H10 -> 20000 | W10: 15000 | X10: =W10*H10 -> 30000 | Y10: 16000 | Z10: =Y10*H10 -> 32000 | AA10: 18000 | AB10: =AA10*H10 -> 36000 | AC10: 17000 | AD10: =AC10*H10 -> 34000 | AE10: =144215*1.0161 -> 146536.86 | AF10: =AE10*H10 -> 293073.72 | AG10: =19031*1.0161 -> 19337.399 | AH10: =AG10*H10 -> 38674.798 | AJ10: =AI10*H10 -> 0 | AK10: =ROUND((AVERAGE(I10,K10,M10,O10,Q10,S10,U10,W10,Y10,AA10,AC10,AE10,AG10,AI10)),0) -> 86440 | AL10: =ROUND((AK10*H10),0) -> 172880 | AM10: =ROUND((MEDIAN(I10,K10,M10,O10,Q10,S10,U10,W10,Y10,AA10,AC10,AE10,AG10,AI10)),0) -> 24000 | AN10: =ROUND((H10*AM10),0) -> 48000 | AO10: =ROUND((HARMEAN(I10,K10,M10,O10,Q10,S10,U10,W10,Y10,AA10,AC10,AE10,AG10,AI10)),0) -> 25897 | AP10: =ROUND((H10*AO10),0) -> 51794 | AQ10: =ROUND((GEOMEAN(I10,K10,M10,O10,Q10,S10,U10,W10,Y10,AA10,AC10,AE10,AG10,AI10)),0) -> 43395 | AR10: =ROUND((H10*AQ10),0) -> 86790
C11: 3 | D11: Demolición de muro en ladrillo o bloque o drywall | E11: Demolición de muro en ladrillo o bloque o drywall | F11: Demolición de muro en ladrillo o bloque o drywall | G11: m2 | H11: 4 | I11: 23000 | J11: =I11*H11 -> 92000 | K11: 45700 | L11: =K11*H11 -> 182800 | M11: 35000 | N11: =M11*H11 -> 140000 | O11: 39040 | P11: =O11*H11 -> 156160 | Q11: 31350 | R11: =Q11*H11 -> 125400 | S11: 35000 | T11: =S11*H11 -> 140000 | U11: 24000 | V11: =U11*H11 -> 96000 | W11: 30000 | X11: =W11*H11 -> 120000 | Y11: 32000 | Z11: =Y11*H11 -> 128000 | AA11: 29600 | AB11: =AA11*H11 -> 118400 | AC11: 36000 | AD11: =AC11*H11 -> 144000 | AE11: =27463*1.0161 -> 27905.154 | AF11: =AE11*H11 -> 111620.62 | AH11: =AG11*H11 -> 0 | AJ11: =AI11*H11 -> 0 | AK11: =ROUND((AVERAGE(I11,K11,M11,O11,Q11,S11,U11,W11,Y11,AA11,AC11,AE11,AG11,AI11)),0) -> 32383 | AL11: =ROUND((AK11*H11),0) -> 129532 | AM11: =ROUND((MEDIAN(I11,K11,M11,O11,Q11,S11,U11,W11,Y11,AA11,AC11,AE11,AG11,AI11)),0) -> 31675 | AN11: =ROUND((H11*AM11),0) -> 126700 | AO11: =ROUND((HARMEAN(I11,K11,M11,O11,Q11,S11,U11,W11,Y11,AA11,AC11,AE11,AG11,AI11)),0) -> 31277 | AP11: =ROUND((H11*AO11),0) -> 125108 | AQ11: =ROUND((GEOMEAN(I11,K11,M11,O11,Q11,S11,U11,W11,Y11,AA11,AC11,AE11,AG11,AI11)),0) -> 31825 | AR11: =ROUND((H11*AQ11),0) -> 127300
C12: 4 | D12: Desmonte de ventiladores | E12: Desmonte de ventiladores | F12: Desmonte de ventiladores | G12: UND. | H12: 2 | I12: 18000 | J12: =I12*H12 -> 36000 | K12: 25000 | L12: =K12*H12 -> 50000 | M12: 50000 | N12: =M12*H12 -> 100000 | O12: 18115.16 | P12: =O12*H12 -> 36230.32 | Q12: 85000 | R12: =Q12*H12 -> 170000 | S12: 21000 | T12: =S12*H12 -> 42000 | U12: 26000 | V12: =U12*H12 -> 52000 | W12: 30000 | X12: =W12*H12 -> 60000 | Y12: 30000 | Z12: =Y12*H12 -> 60000 | AA12: 35000 | AB12: =AA12*H12 -> 70000 | AC12: 40000 | AD12: =AC12*H12 -> 80000 | AF12: =AE12*H12 -> 0 | AH12: =AG12*H12 -> 0 | AJ12: =AI12*H12 -> 0 | AK12: =ROUND((AVERAGE(I12,K12,M12,O12,Q12,S12,U12,W12,Y12,AA12,AC12,AE12,AG12,AI12)),0) -> 34374 | AL12: =ROUND((AK12*H12),0) -> 68748 | AM12: =ROUND((MEDIAN(I12,K12,M12,O12,Q12,S12,U12,W12,Y12,AA12,AC12,AE12,AG12,AI12)),0) -> 30000 | AN12: =ROUND((H12*AM12),0) -> 60000 | AO12: =ROUND((HARMEAN(I12,K12,M12,O12,Q12,S12,U12,W12,Y12,AA12,AC12,AE12,AG12,AI12)),0) -> 28289 | AP12: =ROUND((H12*AO12),0) -> 56578 | AQ12: =ROUND((GEOMEAN(I12,K12,M12,O12,Q12,S12,U12,W12,Y12,AA12,AC12,AE12,AG12,AI12)),0) -> 30820 | AR12: =ROUND((H12*AQ12),0) -> 61640
C13: 5 | D13: Retiro de ventana metalica y vidrio | E13: Retiro de ventana metalica y vidrio | F13: Retiro de ventana metalica y vidrio | J13: =I13*H13 -> 0 | L13: =K13*H13 -> 0 | N13: =M13*H13 -> 0 | P13: =O13*H13 -> 0 | R13: =Q13*H13 -> 0 | T13: =S13*H13 -> 0 | V13: =U13*H13 -> 0 | X13: =W13*H13 -> 0 | Z13: =Y13*H13 -> 0 | AB13: =AA13*H13 -> 0 | AD13: =AC13*H13 -> 0 | AF13: =AE13*H13 -> 0 | AH13: =AG13*H13 -> 0 | AJ13: =AI13*H13 -> 0
C14: 5.1 | D14: De 2,00x2,80 m | E14: De 2,00x2,80 m | F14: De 2,00x2,80 m | G14: UND. | H14: 1 | I14: 32000 | J14: =I14*H14 -> 32000 | K14: 32600 | L14: =K14*H14 -> 32600 | M14: 200000 | N14: =M14*H14 -> 200000 | O14: 49239.04 | P14: =O14*H14 -> 49239.04 | Q14: 67200 | R14: =Q14*H14 -> 67200 | S14: 98000 | T14: =S14*H14 -> 98000 | U14: 30000 | V14: =U14*H14 -> 30000 | W14: 33000 | X14: =W14*H14 -> 33000 | Y14: 36000 | Z14: =Y14*H14 -> 36000 | AA14: 50000 | AB14: =AA14*H14 -> 50000 | AC14: 60000 | AD14: =AC14*H14 -> 60000 | AE14: =12000*1.0161 -> 12193.2 | AF14: =AE14*H14 -> 12193.2 | AH14: =AG14*H14 -> 0 | AJ14: =AI14*H14 -> 0 | AK14: =ROUND((AVERAGE(I14,K14,M14,O14,Q14,S14,U14,W14,Y14,AA14,AC14,AE14,AG14,AI14)),0) -> 58353 | AL14: =ROUND((AK14*H14),0) -> 58353 | AM14: =ROUND((MEDIAN(I14,K14,M14,O14,Q14,S14,U14,W14,Y14,AA14,AC14,AE14,AG14,AI14)),0) -> 42620 | AN14: =ROUND((H14*AM14),0) -> 42620 | AO14: =ROUND((HARMEAN(I14,K14,M14,O14,Q14,S14,U14,W14,Y14,AA14,AC14,AE14,AG14,AI14)),0) -> 37219 | AP14: =ROUND((H14*AO14),0) -> 37219 | AQ14: =ROUND((GEOMEAN(I14,K14,M14,O14,Q14,S14,U14,W14,Y14,AA14,AC14,AE14,AG14,AI14)),0) -> 45933 | AR14: =ROUND((H14*AQ14),0) -> 45933
C15: 5.2 | D15: De 2,79 x 2,65 m | E15: De 2,79 x 2,65 m | F15: De 2,79 x 2,65 m | G15: UND. | H15: 2 | I15: 38000 | J15: =I15*H15 -> 76000 | K15: 33200 | L15: =K15*H15 -> 66400 | M15: 250000 | N15: =M15*H15 -> 500000 | O15: 65007.36 | P15: =O15*H15 -> 130014.72 | Q15: 89040 | R15: =Q15*H15 -> 178080 | S15: 98000 | T15: =S15*H15 -> 196000 | U15: 32000 | V15: =U15*H15 -> 64000 | W15: 36000 | X15: =W15*H15 -> 72000 | Y15: 38000 | Z15: =Y15*H15 -> 76000 | AA15: 55000 | AB15: =AA15*H15 -> 110000 | AC15: 62000 | AD15: =AC15*H15 -> 124000 | AE15: =12000*1.0161 -> 12193.2 | AF15: =AE15*H15 -> 24386.4 | AH15: =AG15*H15 -> 0 | AJ15: =AI15*H15 -> 0 | AK15: =ROUND((AVERAGE(I15,K15,M15,O15,Q15,S15,U15,W15,Y15,AA15,AC15,AE15,AG15,AI15)),0) -> 67370 | AL15: =ROUND((AK15*H15),0) -> 134740 | AM15: =ROUND((MEDIAN(I15,K15,M15,O15,Q15,S15,U15,W15,Y15,AA15,AC15,AE15,AG15,AI15)),0) -> 46500 | AN15: =ROUND((H15*AM15),0) -> 93000 | AO15: =ROUND((HARMEAN(I15,K15,M15,O15,Q15,S15,U15,W15,Y15,AA15,AC15,AE15,AG15,AI15)),0) -> 40144 | AP15: =ROUND((H15*AO15),0) -> 80288 | AQ15: =ROUND((GEOMEAN(I15,K15,M15,O15,Q15,S15,U15,W15,Y15,AA15,AC15,AE15,AG15,AI15)),0) -> 51215 | AR15: =ROUND((H15*AQ15),0) -> 102430
C16: 5.3 | D16: Retiro de ventana metalica y vidrio | E16: Retiro de ventana metalica y vidrio | F16: Retiro de ventana metalica y vidrio | G16: m2 | I16: 34000 | J16: =I16*H16 -> 0 | K16: 31500 | L16: =K16*H16 -> 0 | M16: 40000 | N16: =M16*H16 -> 0 | O16: 57472 | P16: =O16*H16 -> 0 | Q16: 12000 | R16: =Q16*H16 -> 0 | S16: 602000 | T16: =S16*H16 -> 0 | U16: 36000 | V16: =U16*H16 -> 0 | W16: 40000 | X16: =W16*H16 -> 0 | Y16: 41000 | Z16: =Y16*H16 -> 0 | AA16: 59000 | AB16: =AA16*H16 -> 0 | AC16: 62000 | AD16: =AC16*H16 -> 0 | AE16: =12000*1.0161 -> 12193.2 | AF16: =AE16*H16 -> 0 | AG16: =61433.33*1.0161 -> 62422.407 | AH16: =AG16*H16 -> 0 | AJ16: =AI16*H16 -> 0 | AK16: =ROUND((AVERAGE(I16,K16,M16,O16,Q16,S16,U16,W16,Y16,AA16,AC16,AE16,AG16,AI16)),0) -> 83814 | AL16: =ROUND((AK16*H16),0) -> 0 | AM16: =ROUND((MEDIAN(I16,K16,M16,O16,Q16,S16,U16,W16,Y16,AA16,AC16,AE16,AG16,AI16)),0) -> 40000 | AN16: =ROUND((H16*AM16),0) -> 0 | AO16: =ROUND((HARMEAN(I16,K16,M16,O16,Q16,S16,U16,W16,Y16,AA16,AC16,AE16,AG16,AI16)),0) -> 32760 | AP16: =ROUND((H16*AO16),0) -> 0 | AQ16: =ROUND((GEOMEAN(I16,K16,M16,O16,Q16,S16,U16,W16,Y16,AA16,AC16,AE16,AG16,AI16)),0) -> 44795 | AR16: =ROUND((H16*AQ16),0) -> 0
C17: 6 | D17: Suministro e instalación de Ventilador industrial 56 pulgadas cm Mediterráneo blanco o similar. Ventilador para techo, 3 aspas, 5 velocidades. Voltaje 110 - 120v. Metalico. | E17: Suministro e instalación de Ventilador industrial 56 pulgadas cm Mediterráneo blanco o similar. Ventilador para techo, 3 aspas, 5 velocidades. Voltaje 110 - 120v. Metalico. | F17: Suministro e instalación de Ventilador industrial 56 pulgadas cm Mediterráneo blanco o similar. Ventilador para techo, 3 aspas, 5 velocidades. Voltaje 110 - 120v. Metalico. | G17: UND. | H17: 4 | I17: 560000 | J17: =I17*H17 -> 2240000 | K17: 750654 | L17: =K17*H17 -> 3002616 | M17: 450000 | N17: =M17*H17 -> 1800000 | O17: 413888 | P17: =O17*H17 -> 1655552 | Q17: 750000 | R17: =Q17*H17 -> 3000000 | S17: 560000 | T17: =S17*H17 -> 2240000 | U17: 400000 | V17: =U17*H17 -> 1600000 | W17: 420000 | X17: =W17*H17 -> 1680000 | Y17: 425000 | Z17: =Y17*H17 -> 1700000 | AA17: 430000 | AB17: =AA17*H17 -> 1720000 | AC17: 426000 | AD17: =AC17*H17 -> 1704000 | AF17: =AE17*H17 -> 0 | AH17: =AG17*H17 -> 0 | AJ17: =AI17*H17 -> 0 | AK17: =ROUND((AVERAGE(I17,K17,M17,O17,Q17,S17,U17,W17,Y17,AA17,AC17,AE17,AG17,AI17)),0) -> 507777 | AL17: =ROUND((AK17*H17),0) -> 2031108 | AM17: =ROUND((MEDIAN(I17,K17,M17,O17,Q17,S17,U17,W17,Y17,AA17,AC17,AE17,AG17,AI17)),0) -> 430000 | AN17: =ROUND((H17*AM17),0) -> 1720000 | AO17: =ROUND((HARMEAN(I17,K17,M17,O17,Q17,S17,U17,W17,Y17,AA17,AC17,AE17,AG17,AI17)),0) -> 482834 | AP17: =ROUND((H17*AO17),0) -> 1931336 | AQ17: =ROUND((GEOMEAN(I17,K17,M17,O17,Q17,S17,U17,W17,Y17,AA17,AC17,AE17,AG17,AI17)),0) -> 494264 | AR17: =ROUND((H17*AQ17),0) -> 1977056
C18: 7 | D18: Suministro e instalación de black out, telon blanco manual, pentagrama o similar, con barrera protectora que aislan el frío / calor y ruido al interior. | E18: Suministro e instalación de black out, telon blanco manual, pentagrama o similar, con barrera protectora que aislan el frío / calor y ruido al interior. | F18: Suministro e instalación de black out, telon blanco manual, pentagrama o similar, con barrera protectora que aislan el frío / calor y ruido al interior. | G18: m2 | H18: 33 | I18: 160000 | J18: =I18*H18 -> 5280000 | K18: 17600 | L18: =K18*H18 -> 580800 | M18: 220000 | N18: =M18*H18 -> 7260000 | O18: 500934.4 | P18: =O18*H18 -> 16530835 | Q18: 115000 | R18: =Q18*H18 -> 3795000 | S18: 154000 | T18: =S18*H18 -> 5082000 | U18: 282784 | V18: =U18*H18 -> 9331872 | W18: 220000 | X18: =W18*H18 -> 7260000 | Y18: 600000 | Z18: =Y18*H18 -> 19800000 | AA18: 350000 | AB18: =AA18*H18 -> 11550000 | AC18: 100000 | AD18: =AC18*H18 -> 3300000 | AF18: =AE18*H18 -> 0 | AH18: =AG18*H18 -> 0 | AJ18: =AI18*H18 -> 0 | AK18: =ROUND((AVERAGE(I18,K18,M18,O18,Q18,S18,U18,W18,Y18,AA18,AC18,AE18,AG18,AI18)),0) -> 247302 | AL18: =ROUND((AK18*H18),0) -> 8160966 | AM18: =ROUND((MEDIAN(I18,K18,M18,O18,Q18,S18,U18,W18,Y18,AA18,AC18,AE18,AG18,AI18)),0) -> 220000 | AN18: =ROUND((H18*AM18),0) -> 7260000 | AO18: =ROUND((HARMEAN(I18,K18,M18,O18,Q18,S18,U18,W18,Y18,AA18,AC18,AE18,AG18,AI18)),0) -> 102416 | AP18: =ROUND((H18*AO18),0) -> 3379728 | AQ18: =ROUND((GEOMEAN(I18,K18,M18,O18,Q18,S18,U18,W18,Y18,AA18,AC18,AE18,AG18,AI18)),0) -> 181824 | AR18: =ROUND((H18*AQ18),0) -> 6000192
C19: 8 | D19: Suministro e instalacion de ventanal de piso en aluminio y vidrio color bronce con pelicula de seguridad a los vidrios. Diseño en dos niveles, el nivel superior con una altura de 75 cm alas pivontantes. El Nivel inferior con una altura de 2 m y dos (2) alas corredizas. Ver diseño. | E19: Suministro e instalacion de ventanal de piso en aluminio y vidrio color bronce con pelicula de seguridad a los vidrios. Diseño en dos niveles, el nivel superior con una altura de 75 cm alas pivontantes. El Nivel inferior con una altura de 2 m y dos (2) alas corredizas. Ver diseño. | F19: Suministro e instalacion de ventanal de piso en aluminio y vidrio color bronce con pelicula de seguridad a los vidrios. Diseño en dos niveles, el nivel superior con una altura de 75 cm alas pivontantes. El Nivel inferior con una altura de 2 m y dos (2) alas corredizas. Ver diseño. | J19: =I19*H19 -> 0 | L19: =K19*H19 -> 0 | N19: =M19*H19 -> 0 | P19: =O19*H19 -> 0 | R19: =Q19*H19 -> 0 | T19: =S19*H19 -> 0 | V19: =U19*H19 -> 0 | X19: =W19*H19 -> 0 | Z19: =Y19*H19 -> 0 | AB19: =AA19*H19 -> 0 | AD19: =AC19*H19 -> 0 | AF19: =AE19*H19 -> 0 | AH19: =AG19*H19 -> 0 | AJ19: =AI19*H19 -> 0
C20: 8.1 | D20: De 2,00x2,80 m | G20: UND. | H20: 1 | I20: 626000 | J20: =I20*H20 -> 626000 | K20: 858000 | L20: =K20*H20 -> 858000 | M20: 3600000 | N20: =M20*H20 -> 3600000 | O20: 4071424 | P20: =O20*H20 -> 4071424 | Q20: 1904000 | R20: =Q20*H20 -> 1904000 | S20: 2380000 | T20: =S20*H20 -> 2380000 | U20: 600000 | V20: =U20*H20 -> 600000 | W20: 450000 | X20: =W20*H20 -> 450000 | Y20: 500000 | Z20: =Y20*H20 -> 500000 | AA20: 520000 | AB20: =AA20*H20 -> 520000 | AC20: 580000 | AD20: =AC20*H20 -> 580000 | AF20: =AE20*H20 -> 0 | AH20: =AG20*H20 -> 0 | AJ20: =AI20*H20 -> 0 | AK20: =ROUND((AVERAGE(I20,K20,M20,O20,Q20,S20,U20,W20,Y20,AA20,AC20,AE20,AG20,AI20)),0) -> 1462675 | AL20: =ROUND((AK20*H20),0) -> 1462675 | AM20: =ROUND((MEDIAN(I20,K20,M20,O20,Q20,S20,U20,W20,Y20,AA20,AC20,AE20,AG20,AI20)),0) -> 626000 | AN20: =ROUND((H20*AM20),0) -> 626000 | AO20: =ROUND((HARMEAN(I20,K20,M20,O20,Q20,S20,U20,W20,Y20,AA20,AC20,AE20,AG20,AI20)),0) -> 798965 | AP20: =ROUND((H20*AO20),0) -> 798965 | AQ20: =ROUND((GEOMEAN(I20,K20,M20,O20,Q20,S20,U20,W20,Y20,AA20,AC20,AE20,AG20,AI20)),0) -> 1034518 | AR20: =ROUND((H20*AQ20),0) -> 1034518
C21: 8.2 | D21: De 2,79 x 2,65 m | G21: UND. | H21: 2 | I21: 835000 | J21: =I21*H21 -> 1670000 | K21: 965480 | L21: =K21*H21 -> 1930960 | M21: 4800000 | N21: =M21*H21 -> 9600000 | O21: 5675370.2 | P21: =O21*H21 -> 11350740 | Q21: 2513000 | R21: =Q21*H21 -> 5026000 | S21: 2940000 | T21: =S21*H21 -> 5880000 | U21: 650000 | V21: =U21*H21 -> 1300000 | W21: 470000 | X21: =W21*H21 -> 940000 | Y21: 470000 | Z21: =Y21*H21 -> 940000 | AA21: 490000 | AB21: =AA21*H21 -> 980000 | AC21: 500000 | AD21: =AC21*H21 -> 1000000 | AF21: =AE21*H21 -> 0 | AH21: =AG21*H21 -> 0 | AJ21: =AI21*H21 -> 0 | AK21: =ROUND((AVERAGE(I21,K21,M21,O21,Q21,S21,U21,W21,Y21,AA21,AC21,AE21,AG21,AI21)),0) -> 1846259 | AL21: =ROUND((AK21*H21),0) -> 3692518 | AM21: =ROUND((MEDIAN(I21,K21,M21,O21,Q21,S21,U21,W21,Y21,AA21,AC21,AE21,AG21,AI21)),0) -> 835000 | AN21: =ROUND((H21*AM21),0) -> 1670000 | AO21: =ROUND((HARMEAN(I21,K21,M21,O21,Q21,S21,U21,W21,Y21,AA21,AC21,AE21,AG21,AI21)),0) -> 833930 | AP21: =ROUND((H21*AO21),0) -> 1667860 | AQ21: =ROUND((GEOMEAN(I21,K21,M21,O21,Q21,S21,U21,W21,Y21,AA21,AC21,AE21,AG21,AI21)),0) -> 1171577 | AR21: =ROUND((H21*AQ21),0) -> 2343154
C22: 8.3 | D22: De 2,80 x 0,75 m | G22: UND. | H22: 1 | I22: 480000 | J22: =I22*H22 -> 480000 | K22: 790830 | L22: =K22*H22 -> 790830 | M22: 1350000 | N22: =M22*H22 -> 1350000 | O22: 1526784 | P22: =O22*H22 -> 1526784 | Q22: 7140000 | R22: =Q22*H22 -> 7140000 | S22: 2380000 | T22: =S22*H22 -> 2380000 | U22: 450000 | V22: =U22*H22 -> 450000 | W22: 400000 | X22: =W22*H22 -> 400000 | Y22: 390000 | Z22: =Y22*H22 -> 390000 | AA22: 412000 | AB22: =AA22*H22 -> 412000 | AC22: 420000 | AD22: =AC22*H22 -> 420000 | AF22: =AE22*H22 -> 0 | AH22: =AG22*H22 -> 0 | AJ22: =AI22*H22 -> 0 | AK22: =ROUND((AVERAGE(I22,K22,M22,O22,Q22,S22,U22,W22,Y22,AA22,AC22,AE22,AG22,AI22)),0) -> 1430874 | AL22: =ROUND((AK22*H22),0) -> 1430874 | AM22: =ROUND((MEDIAN(I22,K22,M22,O22,Q22,S22,U22,W22,Y22,AA22,AC22,AE22,AG22,AI22)),0) -> 480000 | AN22: =ROUND((H22*AM22),0) -> 480000 | AO22: =ROUND((HARMEAN(I22,K22,M22,O22,Q22,S22,U22,W22,Y22,AA22,AC22,AE22,AG22,AI22)),0) -> 632248 | AP22: =ROUND((H22*AO22),0) -> 632248 | AQ22: =ROUND((GEOMEAN(I22,K22,M22,O22,Q22,S22,U22,W22,Y22,AA22,AC22,AE22,AG22,AI22)),0) -> 847262 | AR22: =ROUND((H22*AQ22),0) -> 847262
C23: 8.4 | D23: De 1,70 x 1,74 m | G23: UND. | H23: 1 | I23: 390000 | J23: =I23*H23 -> 390000 | K23: 760760 | L23: =K23*H23 -> 760760 | M23: 2000000 | N23: =M23*H23 -> 2000000 | O23: 2150584.3 | P23: =O23*H23 -> 2150584.3 | Q23: 1005000 | R23: =Q23*H23 -> 1005000 | S23: 1260000 | T23: =S23*H23 -> 1260000 | U23: 380000 | V23: =U23*H23 -> 380000 | W23: 320000 | X23: =W23*H23 -> 320000 | Y23: 330000 | Z23: =Y23*H23 -> 330000 | AA23: 330000 | AB23: =AA23*H23 -> 330000 | AC23: 350000 | AD23: =AC23*H23 -> 350000 | AF23: =AE23*H23 -> 0 | AH23: =AG23*H23 -> 0 | AJ23: =AI23*H23 -> 0 | AK23: =ROUND((AVERAGE(I23,K23,M23,O23,Q23,S23,U23,W23,Y23,AA23,AC23,AE23,AG23,AI23)),0) -> 843304 | AL23: =ROUND((AK23*H23),0) -> 843304 | AM23: =ROUND((MEDIAN(I23,K23,M23,O23,Q23,S23,U23,W23,Y23,AA23,AC23,AE23,AG23,AI23)),0) -> 390000 | AN23: =ROUND((H23*AM23),0) -> 390000 | AO23: =ROUND((HARMEAN(I23,K23,M23,O23,Q23,S23,U23,W23,Y23,AA23,AC23,AE23,AG23,AI23)),0) -> 516273 | AP23: =ROUND((H23*AO23),0) -> 516273 | AQ23: =ROUND((GEOMEAN(I23,K23,M23,O23,Q23,S23,U23,W23,Y23,AA23,AC23,AE23,AG23,AI23)),0) -> 640869 | AR23: =ROUND((H23*AQ23),0) -> 640869
C24: 8.5 | D24: De 1,74 x 2,78 m | G24: UND. | H24: 1 | I24: 460000 | J24: =I24*H24 -> 460000 | K24: 858000 | L24: =K24*H24 -> 858000 | M24: 3200000 | N24: =M24*H24 -> 3200000 | O24: 3516837.9 | P24: =O24*H24 -> 3516837.9 | Q24: 1644648 | R24: =Q24*H24 -> 1644648 | S24: 210000 | T24: =S24*H24 -> 210000 | U24: 450000 | V24: =U24*H24 -> 450000 | W24: 420000 | X24: =W24*H24 -> 420000 | Y24: 400000 | Z24: =Y24*H24 -> 400000 | AA24: 420000 | AB24: =AA24*H24 -> 420000 | AC24: 430000 | AD24: =AC24*H24 -> 430000 | AF24: =AE24*H24 -> 0 | AH24: =AG24*H24 -> 0 | AJ24: =AI24*H24 -> 0 | AK24: =ROUND((AVERAGE(I24,K24,M24,O24,Q24,S24,U24,W24,Y24,AA24,AC24,AE24,AG24,AI24)),0) -> 1091771 | AL24: =ROUND((AK24*H24),0) -> 1091771 | AM24: =ROUND((MEDIAN(I24,K24,M24,O24,Q24,S24,U24,W24,Y24,AA24,AC24,AE24,AG24,AI24)),0) -> 450000 | AN24: =ROUND((H24*AM24),0) -> 450000 | AO24: =ROUND((HARMEAN(I24,K24,M24,O24,Q24,S24,U24,W24,Y24,AA24,AC24,AE24,AG24,AI24)),0) -> 520934 | AP24: =ROUND((H24*AO24),0) -> 520934 | AQ24: =ROUND((GEOMEAN(I24,K24,M24,O24,Q24,S24,U24,W24,Y24,AA24,AC24,AE24,AG24,AI24)),0) -> 703673 | AR24: =ROUND((H24*AQ24),0) -> 703673
C25: 8.6 | D25: De 1,54 x 1,59 m | G25: UND. | H25: 1 | I25: 350000 | J25: =I25*H25 -> 350000 | K25: 790830 | L25: =K25*H25 -> 790830 | M25: 1600000 | N25: =M25*H25 -> 1600000 | O25: 1780230.1 | P25: =O25*H25 -> 1780230.1 | Q25: 832524 | R25: =Q25*H25 -> 832524 | S25: 1274000 | T25: =S25*H25 -> 1274000 | U25: 350000 | V25: =U25*H25 -> 350000 | W25: 300000 | X25: =W25*H25 -> 300000 | Y25: 280000 | Z25: =Y25*H25 -> 280000 | AA25: 320000 | AB25: =AA25*H25 -> 320000 | AC25: 330000 | AD25: =AC25*H25 -> 330000 | AF25: =AE25*H25 -> 0 | AH25: =AG25*H25 -> 0 | AJ25: =AI25*H25 -> 0 | AK25: =ROUND((AVERAGE(I25,K25,M25,O25,Q25,S25,U25,W25,Y25,AA25,AC25,AE25,AG25,AI25)),0) -> 746144 | AL25: =ROUND((AK25*H25),0) -> 746144 | AM25: =ROUND((MEDIAN(I25,K25,M25,O25,Q25,S25,U25,W25,Y25,AA25,AC25,AE25,AG25,AI25)),0) -> 350000 | AN25: =ROUND((H25*AM25),0) -> 350000 | AO25: =ROUND((HARMEAN(I25,K25,M25,O25,Q25,S25,U25,W25,Y25,AA25,AC25,AE25,AG25,AI25)),0) -> 473900 | AP25: =ROUND((H25*AO25),0) -> 473900 | AQ25: =ROUND((GEOMEAN(I25,K25,M25,O25,Q25,S25,U25,W25,Y25,AA25,AC25,AE25,AG25,AI25)),0) -> 582021 | AR25: =ROUND((H25*AQ25),0) -> 582021 | AS25: =SUM(AL20:AL25) -> 9267286
C26: 9 | D26: Suministro e instalacion de ventanal de piso en aluminio y vidrio color bronce con pelicula de seguridad a los vidrios. Diseño en dos niveles, el nivel superior con una altura de 75 cm alas pivontantes. El Nivel inferior con una altura de 2 m y dos (2) alas corredizas. Ver diseño. | G26: m2 | H26: 0 | I26: 680000 | J26: =I26*H26 -> 0 | K26: 998980 | L26: =K26*H26 -> 0 | M26: 650000 | N26: =M26*H26 -> 0 | O26: 727040 | P26: =O26*H26 -> 0 | Q26: 335000 | R26: =Q26*H26 -> 0 | S26: 560000 | T26: =S26*H26 -> 0 | U26: 180000 | V26: =U26*H26 -> 0 | W26: 250000 | X26: =W26*H26 -> 0 | Y26: 200000 | Z26: =Y26*H26 -> 0 | AA26: 220000 | AB26: =AA26*H26 -> 0 | AC26: 230000 | AD26: =AC26*H26 -> 0 | AE26: =425000*1.0161 -> 431842.5 | AF26: =AE26*H26 -> 0 | AG26: =520000*1.0161 -> 528372 | AH26: =AG26*H26 -> 0 | AJ26: =AI26*H26 -> 0 | AK26: =ROUND((AVERAGE(I26,K26,M26,O26,Q26,S26,U26,W26,Y26,AA26,AC26,AE26,AG26,AI26)),0) -> 460864 | AL26: =ROUND((AK26*H26),0) -> 0 | AM26: =ROUND((MEDIAN(I26,K26,M26,O26,Q26,S26,U26,W26,Y26,AA26,AC26,AE26,AG26,AI26)),0) -> 431843 | AN26: =ROUND((H26*AM26),0) -> 0 | AO26: =ROUND((HARMEAN(I26,K26,M26,O26,Q26,S26,U26,W26,Y26,AA26,AC26,AE26,AG26,AI26)),0) -> 343793 | AP26: =ROUND((H26*AO26),0) -> 0 | AQ26: =ROUND((GEOMEAN(I26,K26,M26,O26,Q26,S26,U26,W26,Y26,AA26,AC26,AE26,AG26,AI26)),0) -> 397855 | AR26: =ROUND((H26*AQ26),0) -> 0
C27: 10 | D27: Construcción de rampa en concreto, F'c= 21 Mpa incluye malla electrosoldada y acero de reduerzo. Ancho = 1,50 m. h = 30 cm | G27: m3 | H27: 2 | I27: 760000 | J27: =I27*H27 -> 1520000 | K27: 750890 | L27: =K27*H27 -> 1501780 | M27: 1200000 | N27: =M27*H27 -> 2400000 | O27: 551949.48 | P27: =O27*H27 -> 1103899 | Q27: 1386000 | R27: =Q27*H27 -> 2772000 | S27: 210000 | T27: =S27*H27 -> 420000 | U27: 700000 | V27: =U27*H27 -> 1400000 | W27: 690000 | X27: =W27*H27 -> 1380000 | Y27: 751000 | Z27: =Y27*H27 -> 1502000 | AA27: 560000 | AB27: =AA27*H27 -> 1120000 | AC27: 580000 | AD27: =AC27*H27 -> 1160000 | AF27: =AE27*H27 -> 0 | AG27: =137723*1.0161 -> 139940.34 | AH27: =AG27*H27 -> 279880.68 | AJ27: =AI27*H27 -> 0 | AK27: =ROUND((AVERAGE(I27,K27,M27,O27,Q27,S27,U27,W27,Y27,AA27,AC27,AE27,AG27,AI27)),0) -> 689982 | AL27: =ROUND((AK27*H27),0) -> 1379964 | AM27: =ROUND((MEDIAN(I27,K27,M27,O27,Q27,S27,U27,W27,Y27,AA27,AC27,AE27,AG27,AI27)),0) -> 695000 | AN27: =ROUND((H27*AM27),0) -> 1390000 | AO27: =ROUND((HARMEAN(I27,K27,M27,O27,Q27,S27,U27,W27,Y27,AA27,AC27,AE27,AG27,AI27)),0) -> 467997 | AP27: =ROUND((H27*AO27),0) -> 935994 | AQ27: =ROUND((GEOMEAN(I27,K27,M27,O27,Q27,S27,U27,W27,Y27,AA27,AC27,AE27,AG27,AI27)),0) -> 590949 | AR27: =ROUND((H27*AQ27),0) -> 1181898
C28: 11 | D28: Suministro y aplicación de pintura acrílica para exterior, tipo Koraza o similar, de primera calidad, sobre columnas, muro o vigas y/o pintura existente, color a definir, en todas las superficies a pintar, se aplicarán cuantas manos de pintura e imprimantes sean necesarios. Incluye todo tipo de resanes y preparación de superficie. | G28: m2 | H28: 35 | I28: 26000 | J28: =I28*H28 -> 910000 | K28: 15600 | L28: =K28*H28 -> 546000 | M28: 40000 | N28: =M28*H28 -> 1400000 | O28: 35200 | P28: =O28*H28 -> 1232000 | Q28: 23400 | R28: =Q28*H28 -> 819000 | S28: 32200 | T28: =S28*H28 -> 1127000 | U28: 23000 | V28: =U28*H28 -> 805000 | W28: 25000 | X28: =W28*H28 -> 875000 | Y28: 32000 | Z28: =Y28*H28 -> 1120000 | AA28: 25000 | AB28: =AA28*H28 -> 875000 | AC28: 28000 | AD28: =AC28*H28 -> 980000 | AF28: =AE28*H28 -> 0 | AG28: =27250*1.0161 -> 27688.725 | AH28: =AG28*H28 -> 969105.38 | AJ28: =AI28*H28 -> 0 | AK28: =ROUND((AVERAGE(I28,K28,M28,O28,Q28,S28,U28,W28,Y28,AA28,AC28,AE28,AG28,AI28)),0) -> 27757 | AL28: =ROUND((AK28*H28),0) -> 971495 | AM28: =ROUND((MEDIAN(I28,K28,M28,O28,Q28,S28,U28,W28,Y28,AA28,AC28,AE28,AG28,AI28)),0) -> 26844 | AN28: =ROUND((H28*AM28),0) -> 939540 | AO28: =ROUND((HARMEAN(I28,K28,M28,O28,Q28,S28,U28,W28,Y28,AA28,AC28,AE28,AG28,AI28)),0) -> 26297 | AP28: =ROUND((H28*AO28),0) -> 920395 | AQ28: =ROUND((GEOMEAN(I28,K28,M28,O28,Q28,S28,U28,W28,Y28,AA28,AC28,AE28,AG28,AI28)),0) -> 27050 | AR28: =ROUND((H28*AQ28),0) -> 946750
C29: 12 | D29: Suministro y colocación de teja ecologica, placa ondulada, fabricada con fibras vegetales y saturada con bitumen. Color verde. Incluye estructura en metalica para colocación de teja sobre la existente, correas, traslapos frontales minimo 17 cm, traslape lateral minimo 1 ondulación. | G29: m2 | H29: 180 | I29: 58000 | J29: =I29*H29 -> 10440000 | K29: 98100 | L29: =K29*H29 -> 17658000 | M29: 80000 | N29: =M29*H29 -> 14400000 | O29: 134505.18 | P29: =O29*H29 -> 24210932 | Q29: 230000 | R29: =Q29*H29 -> 41400000 | S29: 123200 | T29: =S29*H29 -> 22176000 | U29: 78000 | V29: =U29*H29 -> 14040000 | W29: 62000 | X29: =W29*H29 -> 11160000 | Y29: 75000 | Z29: =Y29*H29 -> 13500000 | AA29: 50000 | AB29: =AA29*H29 -> 9000000 | AC29: 45000 | AD29: =AC29*H29 -> 8100000 | AE29: =46500*1.0161 -> 47248.65 | AF29: =AE29*H29 -> 8504757 | AH29: =AG29*H29 -> 0 | AJ29: =AI29*H29 -> 0 | AK29: =ROUND((AVERAGE(I29,K29,M29,O29,Q29,S29,U29,W29,Y29,AA29,AC29,AE29,AG29,AI29)),0) -> 90088 | AL29: =ROUND((AK29*H29),0) -> 16215840 | AM29: =ROUND((MEDIAN(I29,K29,M29,O29,Q29,S29,U29,W29,Y29,AA29,AC29,AE29,AG29,AI29)),0) -> 76500 | AN29: =ROUND((H29*AM29),0) -> 13770000 | AO29: =ROUND((HARMEAN(I29,K29,M29,O29,Q29,S29,U29,W29,Y29,AA29,AC29,AE29,AG29,AI29)),0) -> 72506 | AP29: =ROUND((H29*AO29),0) -> 13051080 | AQ29: =ROUND((GEOMEAN(I29,K29,M29,O29,Q29,S29,U29,W29,Y29,AA29,AC29,AE29,AG29,AI29)),0) -> 79821 | AR29: =ROUND((H29*AQ29),0) -> 14367780
C30: 13 | D30: Suministro e instalación de impermeabilización con Restrucreto MIP o similar y pintura Supercryl larga vida o similar.(losa terraza) | G30: m2 | H30: 10 | I30: 16000 | J30: =I30*H30 -> 160000 | K30: 35890 | L30: =K30*H30 -> 358900 | M30: 160000 | N30: =M30*H30 -> 1600000 | O30: 140800 | P30: =O30*H30 -> 1408000 | Q30: 61170 | R30: =Q30*H30 -> 611700 | S30: 63000 | T30: =S30*H30 -> 630000 | U30: 99000 | V30: =U30*H30 -> 990000 | W30: 90000 | X30: =W30*H30 -> 900000 | Y30: 110000 | Z30: =Y30*H30 -> 1100000 | AA30: 113000 | AB30: =AA30*H30 -> 1130000 | AC30: 80000 | AD30: =AC30*H30 -> 800000 | AF30: =AE30*H30 -> 0 | AH30: =AG30*H30 -> 0 | AJ30: =AI30*H30 -> 0 | AK30: =ROUND((AVERAGE(I30,K30,M30,O30,Q30,S30,U30,W30,Y30,AA30,AC30,AE30,AG30,AI30)),0) -> 88078 | AL30: =ROUND((AK30*H30),0) -> 880780 | AM30: =ROUND((MEDIAN(I30,K30,M30,O30,Q30,S30,U30,W30,Y30,AA30,AC30,AE30,AG30,AI30)),0) -> 90000 | AN30: =ROUND((H30*AM30),0) -> 900000 | AO30: =ROUND((HARMEAN(I30,K30,M30,O30,Q30,S30,U30,W30,Y30,AA30,AC30,AE30,AG30,AI30)),0) -> 58639 | AP30: =ROUND((H30*AO30),0) -> 586390 | AQ30: =ROUND((GEOMEAN(I30,K30,M30,O30,Q30,S30,U30,W30,Y30,AA30,AC30,AE30,AG30,AI30)),0) -> 75306 | AR30: =ROUND((H30*AQ30),0) -> 753060
C31: 14 | D31: Suministro y aplicación de pintura para aislamiento termico, para aplicar en teja de fibrocemento en el interior, de primera calidad, dejajo de la teja, color a definir, en todas las superficies a pintar, se aplicarán cuantas manos de pintura e imprimantes sean necesarios. Incluye todo tipo de resanes y preparación de superficie. Para Muros, columnas y vigas. | G31: m2 | H31: 180 | I31: 23000 | J31: =I31*H31 -> 4140000 | K31: 18600 | L31: =K31*H31 -> 3348000 | M31: 50000 | N31: =M31*H31 -> 9000000 | O31: 25344 | P31: =O31*H31 -> 4561920 | Q31: 23800 | R31: =Q31*H31 -> 4284000 | S31: 39200 | T31: =S31*H31 -> 7056000 | U31: 26000 | V31: =U31*H31 -> 4680000 | W31: 35000 | X31: =W31*H31 -> 6300000 | Y31: 32000 | Z31: =Y31*H31 -> 5760000 | AA31: 35000 | AB31: =AA31*H31 -> 6300000 | AC31: 38000 | AD31: =AC31*H31 -> 6840000 | AF31: =AE31*H31 -> 0 | AH31: =AG31*H31 -> 0 | AJ31: =AI31*H31 -> 0 | AK31: =ROUND((AVERAGE(I31,K31,M31,O31,Q31,S31,U31,W31,Y31,AA31,AC31,AE31,AG31,AI31)),0) -> 31449 | AL31: =ROUND((AK31*H31),0) -> 5660820 | AM31: =ROUND((MEDIAN(I31,K31,M31,O31,Q31,S31,U31,W31,Y31,AA31,AC31,AE31,AG31,AI31)),0) -> 32000 | AN31: =ROUND((H31*AM31),0) -> 5760000 | AO31: =ROUND((HARMEAN(I31,K31,M31,O31,Q31,S31,U31,W31,Y31,AA31,AC31,AE31,AG31,AI31)),0) -> 29147 | AP31: =ROUND((H31*AO31),0) -> 5246460 | AQ31: =ROUND((GEOMEAN(I31,K31,M31,O31,Q31,S31,U31,W31,Y31,AA31,AC31,AE31,AG31,AI31)),0) -> 30275 | AR31: =ROUND((H31*AQ31),0) -> 5449500
D32: LADO AIRE AEROPUERTO MORELA DE PUERTO BERRIO - ANTIOQUIA | J32: =I32*H32 -> 0 | L32: =K32*H32 -> 0 | N32: =M32*H32 -> 0 | P32: =O32*H32 -> 0 | R32: =Q32*H32 -> 0 | T32: =S32*H32 -> 0 | V32: =U32*H32 -> 0 | X32: =W32*H32 -> 0 | Z32: =Y32*H32 -> 0 | AB32: =AA32*H32 -> 0 | AD32: =AC32*H32 -> 0 | AF32: =AE32*H32 -> 0 | AH32: =AG32*H32 -> 0 | AJ32: =AI32*H32 -> 0
C33: 15 | D33: Excavación mecanica en material común y conglomerado. Incluye cargue y botada de escombros. | G33: m3 | H33: 0 | I33: 98000 | J33: =I33*H33 -> 0 | K33: 27890 | L33: =K33*H33 -> 0 | M33: 70000 | N33: =M33*H33 -> 0 | O33: 63744 | P33: =O33*H33 -> 0 | Q33: 89700 | R33: =Q33*H33 -> 0 | S33: 42000 | T33: =S33*H33 -> 0 | U33: 42641 | V33: =U33*H33 -> 0 | W33: 40759 | X33: =W33*H33 -> 0 | Y33: 43465.034 | Z33: =Y33*H33 -> 0 | AA33: 27000 | AB33: =AA33*H33 -> 0 | AC33: 31000 | AD33: =AC33*H33 -> 0 | AE33: =42641*1.0161 -> 43327.52 | AF33: =AE33*H33 -> 0 | AH33: =AG33*H33 -> 0 | AI33: =4752*1.038*1.0161 -> 5011.9905 | AJ33: =AI33*H33 -> 0 | AK33: =ROUND((AVERAGE(I33,K33,M33,O33,Q33,S33,U33,W33,Y33,AA33,AC33,AE33,AG33,AI33)),0) -> 48041 | AL33: =ROUND((AK33*H33),0) -> 0 | AM33: =ROUND((MEDIAN(I33,K33,M33,O33,Q33,S33,U33,W33,Y33,AA33,AC33,AE33,AG33,AI33)),0) -> 42641 | AN33: =ROUND((H33*AM33),0) -> 0 | AO33: =ROUND((HARMEAN(I33,K33,M33,O33,Q33,S33,U33,W33,Y33,AA33,AC33,AE33,AG33,AI33)),0) -> 27433 | AP33: =ROUND((H33*AO33),0) -> 0 | AQ33: =ROUND((GEOMEAN(I33,K33,M33,O33,Q33,S33,U33,W33,Y33,AA33,AC33,AE33,AG33,AI33)),0) -> 39810 | AR33: =ROUND((H33*AQ33),0) -> 0
C34: 16 | D34: Suministro, colocacion y compactación de Subbase granular estabilizada con cemento, con materiales de la zona mejorada en sitio con equipo especializado, espesor 15 cm | G34: m3 | H34: 0 | I34: 910000 | J34: =I34*H34 -> 0 | K34: 160234 | L34: =K34*H34 -> 0 | M34: 300000 | N34: =M34*H34 -> 0 | O34: 134400 | P34: =O34*H34 -> 0 | Q34: 206639 | R34: =Q34*H34 -> 0 | S34: 92400 | T34: =S34*H34 -> 0 | U34: 280000 | V34: =U34*H34 -> 0 | W34: 300000 | X34: =W34*H34 -> 0 | Y34: 210000 | Z34: =Y34*H34 -> 0 | AA34: 220000 | AB34: =AA34*H34 -> 0 | AC34: 200000 | AD34: =AC34*H34 -> 0 | AE34: =213000*1.0161 -> 216429.3 | AF34: =AE34*H34 -> 0 | AH34: =AG34*H34 -> 0 | AI34: =159009.13*1.038*1.0161 -> 167708.81 | AJ34: =AI34*H34 -> 0 | AK34: =ROUND((AVERAGE(I34,K34,M34,O34,Q34,S34,U34,W34,Y34,AA34,AC34,AE34,AG34,AI34)),0) -> 261370 | AL34: =ROUND((AK34*H34),0) -> 0 | AM34: =ROUND((MEDIAN(I34,K34,M34,O34,Q34,S34,U34,W34,Y34,AA34,AC34,AE34,AG34,AI34)),0) -> 210000 | AN34: =ROUND((H34*AM34),0) -> 0 | AO34: =ROUND((HARMEAN(I34,K34,M34,O34,Q34,S34,U34,W34,Y34,AA34,AC34,AE34,AG34,AI34)),0) -> 198259 | AP34: =ROUND((H34*AO34),0) -> 0 | AQ34: =ROUND((GEOMEAN(I34,K34,M34,O34,Q34,S34,U34,W34,Y34,AA34,AC34,AE34,AG34,AI34)),0) -> 221899 | AR34: =ROUND((H34*AQ34),0) -> 0
C35: 17 | D35: Reciclado de pavimento y estructura en zona de repavimentación espesor 30 cm, incluye mejoramiento de la estructura con cemento y compactacion de la misma para posterior pavimentación | G35: m2 | H35: 0 | I35: 939000 | J35: =I35*H35 -> 0 | K35: 18890 | L35: =K35*H35 -> 0 | M35: 55000 | N35: =M35*H35 -> 0 | O35: 377664 | P35: =O35*H35 -> 0 | Q35: 432123 | R35: =Q35*H35 -> 0 | S35: 63000 | T35: =S35*H35 -> 0 | U35: 60000 | V35: =U35*H35 -> 0 | W35: 42000 | X35: =W35*H35 -> 0 | Y35: 45000 | Z35: =Y35*H35 -> 0 | AA35: 39000 | AB35: =AA35*H35 -> 0 | AC35: 50000 | AD35: =AC35*H35 -> 0 | AF35: =AE35*H35 -> 0 | AH35: =AG35*H35 -> 0 | AI35: =38000*1.038*1.0161 -> 40079.048 | AJ35: =AI35*H35 -> 0 | AK35: =ROUND((AVERAGE(I35,K35,M35,O35,Q35,S35,U35,W35,Y35,AA35,AC35,AE35,AG35,AI35)),0) -> 180146 | AL35: =ROUND((AK35*H35),0) -> 0 | AM35: =ROUND((MEDIAN(I35,K35,M35,O35,Q35,S35,U35,W35,Y35,AA35,AC35,AE35,AG35,AI35)),0) -> 52500 | AN35: =ROUND((H35*AM35),0) -> 0 | AO35: =ROUND((HARMEAN(I35,K35,M35,O35,Q35,S35,U35,W35,Y35,AA35,AC35,AE35,AG35,AI35)),0) -> 53025 | AP35: =ROUND((H35*AO35),0) -> 0 | AQ35: =ROUND((GEOMEAN(I35,K35,M35,O35,Q35,S35,U35,W35,Y35,AA35,AC35,AE35,AG35,AI35)),0) -> 81735 | AR35: =ROUND((H35*AQ35),0) -> 0
C36: 18 | D36: Suministro y aplicación de Imprimación y Riego de liga con emulsión asfáltica P-402-403 | G36: m2 | H36: =650*2 -> 1300 | I36: 9200 | J36: =I36*H36 -> 11960000 | K36: 4867 | L36: =K36*H36 -> 6327100 | M36: 6000 | N36: =M36*H36 -> 7800000 | O36: 3585.28 | P36: =O36*H36 -> 4660864 | Q36: 321000 | R36: =Q36*H36 -> 417300000 | S36: 6300 | T36: =S36*H36 -> 8190000 | U36: 4800 | V36: =U36*H36 -> 6240000 | W36: 5200 | X36: =W36*H36 -> 6760000 | Y36: 4700 | Z36: =Y36*H36 -> 6110000 | AA36: 4500 | AB36: =AA36*H36 -> 5850000 | AC36: 4900 | AD36: =AC36*H36 -> 6370000 | AE36: =4200*1.0161 -> 4267.62 | AF36: =AE36*H36 -> 5547906 | AH36: =AG36*H36 -> 0 | AI36: =4038*1.038*1.0161 -> 4258.9262 | AJ36: =AI36*H36 -> 5536604.1 | AK36: =ROUND((AVERAGE(I36,K36,M36,O36,Q36,S36,U36,W36,Y36,AA36,AC36,AE36,AG36,AI36)),0) -> 29506 | AL36: =ROUND((AK36*H36),0) -> 38357800 | AM36: =ROUND((MEDIAN(I36,K36,M36,O36,Q36,S36,U36,W36,Y36,AA36,AC36,AE36,AG36,AI36)),0) -> 4867 | AN36: =ROUND((H36*AM36),0) -> 6327100 | AO36: =ROUND((HARMEAN(I36,K36,M36,O36,Q36,S36,U36,W36,Y36,AA36,AC36,AE36,AG36,AI36)),0) -> 5349 | AP36: =ROUND((H36*AO36),0) -> 6953700 | AQ36: =ROUND((GEOMEAN(I36,K36,M36,O36,Q36,S36,U36,W36,Y36,AA36,AC36,AE36,AG36,AI36)),0) -> 6970 | AR36: =ROUND((H36*AQ36),0) -> 9061000
C37: 19 | D37: Suministro e instalación de carpeta de rodadura mezcla densa en caliente Norma P-401 FAA. | G37: m3 | H37: 0 | I37: 489000 | J37: =I37*H37 -> 0 | K37: 980650 | L37: =K37*H37 -> 0 | M37: 1600000 | N37: =M37*H37 -> 0 | O37: 702085.12 | P37: =O37*H37 -> 0 | Q37: 432123 | R37: =Q37*H37 -> 0 | S37: 98000 | T37: =S37*H37 -> 0 | U37: 800000 | V37: =U37*H37 -> 0 | W37: 820000 | X37: =W37*H37 -> 0 | Y37: 890000 | Z37: =Y37*H37 -> 0 | AA37: 750000 | AB37: =AA37*H37 -> 0 | AC37: 780000 | AD37: =AC37*H37 -> 0 | AE37: =935000*1.0161 -> 950053.5 | AF37: =AE37*H37 -> 0 | AH37: =AG37*H37 -> 0 | AI37: =738018*1.038*1.0161 -> 778396.29 | AJ37: =AI37*H37 -> 0 | AK37: =ROUND((AVERAGE(I37,K37,M37,O37,Q37,S37,U37,W37,Y37,AA37,AC37,AE37,AG37,AI37)),0) -> 774639 | AL37: =ROUND((AK37*H37),0) -> 0 | AM37: =ROUND((MEDIAN(I37,K37,M37,O37,Q37,S37,U37,W37,Y37,AA37,AC37,AE37,AG37,AI37)),0) -> 780000 | AN37: =ROUND((H37*AM37),0) -> 0 | AO37: =ROUND((HARMEAN(I37,K37,M37,O37,Q37,S37,U37,W37,Y37,AA37,AC37,AE37,AG37,AI37)),0) -> 496599 | AP37: =ROUND((H37*AO37),0) -> 0 | AQ37: =ROUND((GEOMEAN(I37,K37,M37,O37,Q37,S37,U37,W37,Y37,AA37,AC37,AE37,AG37,AI37)),0) -> 672567 | AR37: =ROUND((H37*AQ37),0) -> 0
C38: 20 | D38: Relleno de margen de seguridad en sub base compactada | G38: m3 | H38: =650*2*0.1 -> 130 | I38: 84000 | J38: =I38*H38 -> 10920000 | K38: 116890 | L38: =K38*H38 -> 15195700 | M38: 1800000 | N38: =M38*H38 -> 234000000 | O38: 72343.2 | P38: =O38*H38 -> 9404616 | Q38: 98765 | R38: =Q38*H38 -> 12839450 | S38: 42000 | T38: =S38*H38 -> 5460000 | U38: 95000 | V38: =U38*H38 -> 12350000 | W38: 120000 | X38: =W38*H38 -> 15600000 | Y38: 78000 | Z38: =Y38*H38 -> 10140000 | AA38: 80000 | AB38: =AA38*H38 -> 10400000 | AC38: 100000 | AD38: =AC38*H38 -> 13000000 | AE38: =51430*1.0161 -> 52258.023 | AF38: =AE38*H38 -> 6793543 | AH38: =AG38*H38 -> 0 | AI38: =94459.23*1.038*1.0161 -> 99627.264 | AJ38: =AI38*H38 -> 12951544 | AK38: =ROUND((AVERAGE(I38,K38,M38,O38,Q38,S38,U38,W38,Y38,AA38,AC38,AE38,AG38,AI38)),0) -> 218376 | AL38: =ROUND((AK38*H38),0) -> 28388880 | AM38: =ROUND((MEDIAN(I38,K38,M38,O38,Q38,S38,U38,W38,Y38,AA38,AC38,AE38,AG38,AI38)),0) -> 95000 | AN38: =ROUND((H38*AM38),0) -> 12350000 | AO38: =ROUND((HARMEAN(I38,K38,M38,O38,Q38,S38,U38,W38,Y38,AA38,AC38,AE38,AG38,AI38)),0) -> 85455 | AP38: =ROUND((H38*AO38),0) -> 11109150 | AQ38: =ROUND((GEOMEAN(I38,K38,M38,O38,Q38,S38,U38,W38,Y38,AA38,AC38,AE38,AG38,AI38)),0) -> 105330 | AR38: =ROUND((H38*AQ38),0) -> 13692900
C39: 21 | D39: Suministro e instalación de señalización de la pista, llaves de volteo, calles de rodaje y plataforma con pintura acrilica de tráfico pesado y microesferas reflectivas en colores amarillo y blanco. Normatividad vigente: Anexo 14 de la OACI, RAC, Norma ICONTEC 1360 y FAA P-620 | G39: m2 | H39: 3527 | I39: 58000 | J39: =I39*H39 -> 204566000 | K39: 26800 | L39: =K39*H39 -> 94523600 | M39: 80000 | N39: =M39*H39 -> 282160000 | O39: 12070.4 | P39: =O39*H39 -> 42572301 | Q39: 87654 | R39: =Q39*H39 -> 309155658 | S39: 17852 | T39: =S39*H39 -> 62964004 | U39: 47000 | V39: =U39*H39 -> 165769000 | W39: 60000 | X39: =W39*H39 -> 211620000 | Y39: 50000 | Z39: =Y39*H39 -> 176350000 | AA39: 48000 | AB39: =AA39*H39 -> 169296000 | AC39: 45000 | AD39: =AC39*H39 -> 158715000 | AF39: =AE39*H39 -> 0 | AH39: =AG39*H39 -> 0 | AI39: =40657*1.038*1.0161 -> 42881.418 | AJ39: =AI39*H39 -> 1.5124276e+08 | AK39: =ROUND((AVERAGE(I39,K39,M39,O39,Q39,S39,U39,W39,Y39,AA39,AC39,AE39,AG39,AI39)),0) -> 47938 | AL39: =ROUND((AK39*H39),0) -> 169077326 | AM39: =ROUND((MEDIAN(I39,K39,M39,O39,Q39,S39,U39,W39,Y39,AA39,AC39,AE39,AG39,AI39)),0) -> 47500 | AN39: =ROUND((H39*AM39),0) -> 167532500 | AO39: =ROUND((HARMEAN(I39,K39,M39,O39,Q39,S39,U39,W39,Y39,AA39,AC39,AE39,AG39,AI39)),0) -> 35124 | AP39: =ROUND((H39*AO39),0) -> 123882348 | AQ39: =ROUND((GEOMEAN(I39,K39,M39,O39,Q39,S39,U39,W39,Y39,AA39,AC39,AE39,AG39,AI39)),0) -> 42063 | AR39: =ROUND((H39*AQ39),0) -> 148356201
C40: 22 | D40: Retiro de postes de cerramiento | G40: UND. | H40: 5 | I40: 16000 | J40: =I40*H40 -> 80000 | K40: 15800 | L40: =K40*H40 -> 79000 | M40: 12000 | N40: =M40*H40 -> 60000 | O40: 9984 | P40: =O40*H40 -> 49920 | Q40: 16800 | R40: =Q40*H40 -> 84000 | S40: 35000 | T40: =S40*H40 -> 175000 | U40: 18000 | V40: =U40*H40 -> 90000 | W40: 17800 | X40: =W40*H40 -> 89000 | Y40: 20000 | Z40: =Y40*H40 -> 100000 | AA40: 15000 | AB40: =AA40*H40 -> 75000 | AC40: 14800 | AD40: =AC40*H40 -> 74000 | AF40: =AE40*H40 -> 0 | AH40: =AG40*H40 -> 0 | AJ40: =AI40*H40 -> 0 | AK40: =ROUND((AVERAGE(I40,K40,M40,O40,Q40,S40,U40,W40,Y40,AA40,AC40,AE40,AG40,AI40)),0) -> 17380 | AL40: =ROUND((AK40*H40),0) -> 86900 | AM40: =ROUND((MEDIAN(I40,K40,M40,O40,Q40,S40,U40,W40,Y40,AA40,AC40,AE40,AG40,AI40)),0) -> 16000 | AN40: =ROUND((H40*AM40),0) -> 80000 | AO40: =ROUND((HARMEAN(I40,K40,M40,O40,Q40,S40,U40,W40,Y40,AA40,AC40,AE40,AG40,AI40)),0) -> 15865 | AP40: =ROUND((H40*AO40),0) -> 79325 | AQ40: =ROUND((GEOMEAN(I40,K40,M40,O40,Q40,S40,U40,W40,Y40,AA40,AC40,AE40,AG40,AI40)),0) -> 16539 | AR40: =ROUND((H40*AQ40),0) -> 82695
C41: 23 | D41: Retiro de malla eslabonada | G41: m2 | H41: =30*2 -> 60 | I41: 18000 | J41: =I41*H41 -> 1080000 | K41: 15600 | L41: =K41*H41 -> 936000 | M41: 18000 | N41: =M41*H41 -> 1080000 | O41: 37900.8 | P41: =O41*H41 -> 2274048 | Q41: 15500 | R41: =Q41*H41 -> 930000 | S41: 4200 | T41: =S41*H41 -> 252000 | U41: 13104 | V41: =U41*H41 -> 786240 | W41: 12525 | X41: =W41*H41 -> 751500 | Y41: 15257.338 | Z41: =Y41*H41 -> 915440.28 | AA41: 16000 | AB41: =AA41*H41 -> 960000 | AC41: 20000 | AD41: =AC41*H41 -> 1200000 | AE41: =13104*1.0161 -> 13314.974 | AF41: =AE41*H41 -> 798898.46 | AH41: =AG41*H41 -> 0 | AJ41: =AI41*H41 -> 0 | AK41: =ROUND((AVERAGE(I41,K41,M41,O41,Q41,S41,U41,W41,Y41,AA41,AC41,AE41,AG41,AI41)),0) -> 16617 | AL41: =ROUND((AK41*H41),0) -> 997020 | AM41: =ROUND((MEDIAN(I41,K41,M41,O41,Q41,S41,U41,W41,Y41,AA41,AC41,AE41,AG41,AI41)),0) -> 15550 | AN41: =ROUND((H41*AM41),0) -> 933000 | AO41: =ROUND((HARMEAN(I41,K41,M41,O41,Q41,S41,U41,W41,Y41,AA41,AC41,AE41,AG41,AI41)),0) -> 13136 | AP41: =ROUND((H41*AO41),0) -> 788160 | AQ41: =ROUND((GEOMEAN(I41,K41,M41,O41,Q41,S41,U41,W41,Y41,AA41,AC41,AE41,AG41,AI41)),0) -> 15032 | AR41: =ROUND((H41*AQ41),0) -> 901920
C42: 24 | D42: Suministro e instalación cerramiento tipo I en malla eslabonada con recubrimiento en PVC, calibre 8" incluyendo el recubrimiento, Incluye tuberia (Poste, Pie de apoyo y pie de amigo). Cuatro hilos de alambre de pua y accesorios. | G42: m2 | H42: =30*2 -> 60 | I42: 162000 | J42: =I42*H42 -> 9720000 | K42: 185600 | L42: =K42*H42 -> 11136000 | M42: 125000 | N42: =M42*H42 -> 7500000 | O42: 382336 | P42: =O42*H42 -> 22940160 | Q42: 175000 | R42: =Q42*H42 -> 10500000 | S42: 140000 | T42: =S42*H42 -> 8400000 | U42: 177257 | V42: =U42*H42 -> 10635420 | W42: 169430 | X42: =W42*H42 -> 10165800 | Y42: 189720.75 | Z42: =Y42*H42 -> 11383245 | AA42: 163000 | AB42: =AA42*H42 -> 9780000 | AC42: 170000 | AD42: =AC42*H42 -> 10200000 | AE42: =177257*1.0161 -> 180110.84 | AF42: =AE42*H42 -> 10806650 | AH42: =AG42*H42 -> 0 | AJ42: =AI42*H42 -> 0 | AK42: =ROUND((AVERAGE(I42,K42,M42,O42,Q42,S42,U42,W42,Y42,AA42,AC42,AE42,AG42,AI42)),0) -> 184955 | AL42: =ROUND((AK42*H42),0) -> 11097300 | AM42: =ROUND((MEDIAN(I42,K42,M42,O42,Q42,S42,U42,W42,Y42,AA42,AC42,AE42,AG42,AI42)),0) -> 172500 | AN42: =ROUND((H42*AM42),0) -> 10350000 | AO42: =ROUND((HARMEAN(I42,K42,M42,O42,Q42,S42,U42,W42,Y42,AA42,AC42,AE42,AG42,AI42)),0) -> 172867 | AP42: =ROUND((H42*AO42),0) -> 10372020 | AQ42: =ROUND((GEOMEAN(I42,K42,M42,O42,Q42,S42,U42,W42,Y42,AA42,AC42,AE42,AG42,AI42)),0) -> 177845 | AR42: =ROUND((H42*AQ42),0) -> 10670700
C43: 25 | D43: Mortero de fijación(pisamalla) en base de malla eslabonada | G43: ml | H43: 30 | I43: 54000 | J43: =I43*H43 -> 1620000 | K43: 45800 | L43: =K43*H43 -> 1374000 | M43: 40000 | N43: =M43*H43 -> 1200000 | O43: 16208.64 | P43: =O43*H43 -> 486259.2 | Q43: 28479 | R43: =Q43*H43 -> 854370 | S43: 14000 | T43: =S43*H43 -> 420000 | U43: 26000 | V43: =U43*H43 -> 780000 | W43: 22000 | X43: =W43*H43 -> 660000 | Y43: 20000 | Z43: =Y43*H43 -> 600000 | AA43: 18000 | AB43: =AA43*H43 -> 540000 | AC43: 15000 | AD43: =AC43*H43 -> 450000 | AE43: =12940*1.0161 -> 13148.334 | AF43: =AE43*H43 -> 394450.02 | AH43: =AG43*H43 -> 0 | AJ43: =AI43*H43 -> 0 | AK43: =ROUND((AVERAGE(I43,K43,M43,O43,Q43,S43,U43,W43,Y43,AA43,AC43,AE43,AG43,AI43)),0) -> 26053 | AL43: =ROUND((AK43*H43),0) -> 781590 | AM43: =ROUND((MEDIAN(I43,K43,M43,O43,Q43,S43,U43,W43,Y43,AA43,AC43,AE43,AG43,AI43)),0) -> 21000 | AN43: =ROUND((H43*AM43),0) -> 630000 | AO43: =ROUND((HARMEAN(I43,K43,M43,O43,Q43,S43,U43,W43,Y43,AA43,AC43,AE43,AG43,AI43)),0) -> 21210 | AP43: =ROUND((H43*AO43),0) -> 636300 | AQ43: =ROUND((GEOMEAN(I43,K43,M43,O43,Q43,S43,U43,W43,Y43,AA43,AC43,AE43,AG43,AI43)),0) -> 23327 | AR43: =ROUND((H43*AQ43),0) -> 699810
C44: COSTOS DIRECTOS | J44: =SUM(J9:J43) -> 268923600 | L44: =SUM(L9:L43) -> 163134556 | N44: =SUM(N9:N43) -> 594607500 | P44: =SUM(P9:P43) -> 1.5830243e+08 | R44: =SUM(R9:R43) -> 826974810 | T44: =SUM(T9:T43) -> 138517664 | V44: =SUM(V9:V43) -> 2.3331967e+08 | X44: =SUM(X9:X43) -> 2.7837511e+08 | Z44: =SUM(Z9:Z43) -> 2.5328778e+08 | AB44: =SUM(AB9:AB43) -> 231999200 | AD44: =SUM(AD9:AD43) -> 216491000 | AF44: =SUM(AF9:AF43) -> 33318103 | AH44: =SUM(AH9:AH43) -> 1287660.9 | AJ44: =SUM(AJ9:AJ43) -> 1.6973091e+08 | AL44: =SUM(AL9:AL43) -> 293958334 | AN44: =SUM(AN9:AN43) -> 234313947 | AP44: =SUM(AP9:AP43) -> 184863718 | AR44: =SUM(AR9:AR43) -> 220751929
D45: ADMINISTRACION | I45: 0.22 | J45: =J44*I45 -> 59163192 | L45: =L44*$I45 -> 35889602 | N45: =N44*$I45 -> 130813650 | P45: =P44*$I45 -> 34826534 | R45: =R44*$I45 -> 1.8193446e+08 | T45: =T44*$I45 -> 30473886 | V45: =V44*$I45 -> 51330328 | X45: =X44*$I45 -> 61242524 | Z45: =Z44*$I45 -> 55723311 | AB45: =AB44*$I45 -> 51039824 | AD45: =AD44*$I45 -> 47628020 | AF45: =AF44*$I45 -> 7329982.7 | AH45: =AH44*$I45 -> 283285.39 | AJ45: =AJ44*$I45 -> 37340800 | AL45: =AL44*$I45 -> 64670833 | AN45: =AN44*$I45 -> 51549068 | AP45: =AP44*$I45 -> 40670018 | AR45: =AR44*$I45 -> 48565424
D46: IMPREVISTOS | I46: 0.01 | J46: =J44*I47 -> 13446180 | L46: =L44*$I46 -> 1631345.6 | N46: =N44*$I46 -> 5946075 | P46: =P44*$I46 -> 1583024.3 | R46: =R44*$I46 -> 8269748.1 | T46: =T44*$I46 -> 1385176.6 | V46: =V44*$I46 -> 2333196.7 | X46: =X44*$I46 -> 2783751.1 | Z46: =Z44*$I46 -> 2532877.8 | AB46: =AB44*$I46 -> 2319992 | AD46: =AD44*$I46 -> 2164910 | AF46: =AF44*$I46 -> 333181.03 | AH46: =AH44*$I46 -> 12876.609 | AJ46: =AJ44*$I46 -> 1697309.1 | AL46: =AL44*$I46 -> 2939583.3 | AN46: =AN44*$I46 -> 2343139.5 | AP46: =AP44*$I46 -> 1848637.2 | AR46: =AR44*$I46 -> 2207519.3
D47: UTILIDAD | I47: 0.05 | J47: =J44*I47 -> 13446180 | L47: =L44*$I47 -> 8156727.8 | N47: =N44*$I47 -> 29730375 | P47: =P44*$I47 -> 7915121.3 | R47: =R44*$I47 -> 41348740 | T47: =T44*$I47 -> 6925883.2 | V47: =V44*$I47 -> 11665984 | X47: =X44*$I47 -> 13918755 | Z47: =Z44*$I47 -> 12664389 | AB47: =AB44*$I47 -> 11599960 | AD47: =AD44*$I47 -> 10824550 | AF47: =AF44*$I47 -> 1665905.2 | AH47: =AH44*$I47 -> 64383.043 | AJ47: =AJ44*$I47 -> 8486545.4 | AL47: =AL44*$I47 -> 14697917 | AN47: =AN44*$I47 -> 11715697 | AP47: =AP44*$I47 -> 9243185.9 | AR47: =AR44*$I47 -> 11037596
C48: IVA SOBRE UTILIDAD | I48: 19% | J48: =J47*I48 -> 2554774.2 | L48: =L47*$I48 -> 1549778.3 | N48: =N47*$I48 -> 5648771.2 | P48: =P47*$I48 -> 1503873 | R48: =R47*$I48 -> 7856260.7 | T48: =T47*$I48 -> 1315917.8 | V48: =V47*$I48 -> 2216536.9 | W48: 19% | X48: =X47*$I48 -> 2644563.5 | Y48: 19% | Z48: =Z47*$I48 -> 2406233.9 | AA48: 19% | AB48: =AB47*$I48 -> 2203992.4 | AD48: =AD47*$I48 -> 2056664.5 | AE48: 19% | AF48: =AF47*$I48 -> 316521.98 | AG48: 19% | AH48: =AH47*$I48 -> 12232.778 | AI48: 19% | AJ48: =AJ47*$I48 -> 1612443.6 | AK48: 19% | AL48: =AL47*$I48 -> 2792604.2 | AM48: 19% | AN48: =AN47*$I48 -> 2225982.5 | AO48: 19% | AP48: =AP47*$I48 -> 1756205.3 | AQ48: 19% | AR48: =AR47*$I48 -> 2097143.3
C49: VALOR TOTAL PROYECTO | J49: =+SUM(J44:J48) -> 3.5753393e+08 | L49: =+SUM(L44:L48) -> 2.1036201e+08 | N49: =+SUM(N44:N48) -> 7.6674637e+08 | P49: =+SUM(P44:P48) -> 2.0413098e+08 | R49: =+SUM(R44:R48) -> 1.066384e+09 | T49: =+SUM(T44:T48) -> 1.7861853e+08 | V49: =+SUM(V44:V48) -> 3.0086572e+08 | X49: =+SUM(X44:X48) -> 3.589647e+08 | Z49: =+SUM(Z44:Z48) -> 3.2661459e+08 | AB49: =+SUM(AB44:AB48) -> 2.9916297e+08 | AD49: =+SUM(AD44:AD48) -> 2.7916514e+08 | AF49: =+SUM(AF44:AF48) -> 42963694 | AH49: =+SUM(AH44:AH48) -> 1660438.7 | AJ49: =+SUM(AJ44:AJ48) -> 2.1886801e+08 | AL49: =+SUM(AL44:AL48) -> 3.7905927e+08 | AN49: =+SUM(AN44:AN48) -> 3.0214783e+08 | AP49: =+SUM(AP44:AP48) -> 2.3838176e+08 | AR49: =+SUM(AR44:AR48) -> 2.8465961e+08
AL50: =AL49+'CIMITARRA (2)'!AN46 -> 8.5009083e+08 | AN50: =AN49+'CIMITARRA (2)'!AP46 -> 7.3114348e+08 | AP50: =AP49+'CIMITARRA (2)'!AR46 -> 6.1358308e+08 | AR50: =AR49+'CIMITARRA (2)'!AT46 -> 7.1649823e+08

Sheet CIMITARRA (2)
F2: FORMATO
F3: FORMATO 7 PROPUESTA ECONÓMICA
C4: Principio de Procedencia: 1201.092 | F4: Clave: GCON-1.0-12-112 | G4: Versión: 03 | I4: Fecha de aprobación: 28/12/2020 | J4: Página: 1 de 1
C6: OBJETO: RANC0304 REALIZAR MANTENIMIENTO DE LA INFRAESTRUCTURA AEROPORTUARIA LADO AIRE Y LADO TIERRA DE LOS AEROPUERTOS DE CIMITARRA Y PUERTO BERRIO | I6: ING ARANGO CIA SAS | K6: VÍAS Y EDIFICACIONES COLOMBIA SAS | M6: CONDEIN SAS | O6: HAH CONSTRUCCIONES SAS | Q6: ENETEL | S6: ITALOAMBIENTES | U6: JUAN CARLOS ORTIZ LOPEZ | W6: OSCAR MUÑOZ CORREA | Y6: GUSTAVO VASQUEZ PINZON | AA6: CARLOS CASTRO VEGA | AC6: FRANCISCO ALVAREZ PEREZ | AE6: PROMEDIO PROPUESTAS PRESENTADAS CONTRATACIÓN 20000584 H4 02 DE 2020 INCREMENTADOLAS AL IPC 1,61% DE 2020. | AG6: PROMEDIO PROPUESTAS PRESENTADAS CONTRATACIÓN 20000584 H4 03 DE 2020 INCREMENTADOLAS AL IPC 1,61% DE 2020. | AI6: PROMEDIO PROPUESTAS PRESENTADAS CONTRATACIÓN 20000584 H4 01 DE 2020 INCREMENTADOLAS AL IPC 1,61% DE 2020. | AK6: CONTRATO 19000734 H3 GRUPO SYC SAS | AM6: PROMEDIO | AO6: MEDIANA | AQ6: MEDIA ARMÓNICA | AS6: MEDIA GEOMÉTRICA
C7: ÍTEM | D7: DESCRIPCIÓN | G7: UNIDAD | H7: CANTIDAD | I7: VALOR UNITARIO | J7: VALOR PARCIAL | K7: VALOR UNITARIO | L7: VALOR PARCIAL | M7: VALOR UNITARIO | N7: VALOR PARCIAL | O7: VALOR UNITARIO | P7: VALOR PARCIAL | Q7: VALOR UNITARIO | R7: VALOR PARCIAL | S7: VALOR UNITARIO | T7: VALOR PARCIAL | U7: VALOR UNITARIO | V7: VALOR PARCIAL | W7: VALOR UNITARIO | X7: VALOR PARCIAL | Y7: VALOR UNITARIO | Z7: VALOR PARCIAL | AA7: VALOR UNITARIO | AB7: VALOR PARCIAL | AC7: VALOR UNITARIO | AD7: VALOR PARCIAL | AE7: VALOR UNITARIO | AF7: VALOR PARCIAL | AG7: VALOR UNITARIO | AH7: VALOR PARCIAL | AI7: VALOR UNITARIO | AJ7: VALOR PARCIAL | AK7: VALOR UNITARIO | AL7: VALOR PARCIAL | AM7: Valor Unitario | AN7: TOTAL | AO7: Valor Unitario | AP7: TOTAL | AQ7: Valor Unitario | AR7: TOTAL | AS7: Valor Unitario | AT7: TOTAL
D8: LADO TIERRA AEROPUERTO GUSTAVO ROJAS PINILLA DE CIMITARRA - SANTANDER
C9: 26 | D9: Demolicion de revoque en cielos y muros. | E9: Demolicion de revoque en cielos y muros. | F9: Demolicion de revoque en cielos y muros. | G9: m2 | H9: 351 | I9: 8000 | J9: =I9*H9 -> 2808000 | K9: 12300 | L9: =K9*H9 -> 4317300 | M9: 20000 | N9: =M9*H9 -> 7020000 | O9: 7040 | P9: =O9*H9 -> 2471040 | Q9: 14147 | R9: =H9*Q9 -> 4965597 | T9: =S9*H9 -> 0 | U9: 7100 | V9: =U9*H9 -> 2492100 | W9: 7500 | X9: =W9*H9 -> 2632500 | Y9: 10000 | Z9: =Y9*H9 -> 3510000 | AA9: 7600 | AB9: =AA9*H9 -> 2667600 | AC9: 8000 | AD9: =AC9*H9 -> 2808000 | AF9: =AE9*H9 -> 0 | AH9: =AG9*H9 -> 0 | AJ9: =AI9*H9 -> 0 | AL9: =AK9*H9 -> 0 | AM9: =ROUND((AVERAGE(I9,K9,M9,O9,Q9,S9,U9,W9,Y9,AA9,AC9,AE9,AG9,AI9,AK9)),0) -> 10169 | AN9: =ROUND((AM9*H9),0) -> 3569319 | AO9: =ROUND((MEDIAN(I9,K9,M9,O9,Q9,S9,U9,W9,Y9,AA9,AC9,AE9,AG9,AI9,AK9)),0) -> 8000 | AP9: =ROUND((H9*AO9),0) -> 2808000 | AQ9: =ROUND((HARMEAN(I9,K9,M9,O9,Q9,S9,U9,W9,Y9,AA9,AC9,AE9,AG9,AI9,AK9)),0) -> 9093 | AR9: =ROUND((H9*AQ9),0) -> 3191643 | AS9: =ROUND((GEOMEAN(I9,K9,M9,O9,Q9,S9,U9,W9,Y9,AA9,AC9,AE9,AG9,AI9,AK9)),0) -> 9555 | AT9: =ROUND((H9*AS9),0) -> 3353805
C10: 27 | D10: Suministro y colocación de revoque. Incluye ranuras, filetes y dilataciones. En muros y cielos. | E10: Suministro y colocación de revoque. Incluye ranuras, filetes y dilataciones. En muros y cielos. | F10: Suministro y colocación de revoque. Incluye ranuras, filetes y dilataciones. En muros y cielos. | G10: m2 | H10: 350 | I10: 18000 | J10: =I10*H10 -> 6300000 | K10: 28700 | L10: =K10*H10 -> 10045000 | M10: 40000 | N10: =M10*H10 -> 14000000 | O10: 27685.36 | P10: =O10*H10 -> 9689876 | Q10: 29611 | R10: =H10*Q10 -> 10363850 | S10: 21000 | T10: =S10*H10 -> 7350000 | U10: 22000 | V10: =U10*H10 -> 7700000 | W10: 25000 | X10: =W10*H10 -> 8750000 | Y10: 30000 | Z10: =Y10*H10 -> 10500000 | AA10: 25000 | AB10: =AA10*H10 -> 8750000 | AC10: 23000 | AD10: =AC10*H10 -> 8050000 | AE10: =26052*1.0161 -> 26471.437 | AF10: =AE10*H10 -> 9265003 | AH10: =AG10*H10 -> 0 | AI10: =41950*1.0161 -> 42625.395 | AJ10: =AI10*H10 -> 14918888 | AM10: =ROUND((AVERAGE(I10,K10,M10,O10,Q10,S10,U10,W10,Y10,AA10,AC10,AE10,AG10,AI10,AK10)),0) -> 27623 | AN10: =ROUND((AM10*H10),0) -> 9668050 | AO10: =ROUND((MEDIAN(I10,K10,M10,O10,Q10,S10,U10,W10,Y10,AA10,AC10,AE10,AG10,AI10,AK10)),0) -> 26471 | AP10: =ROUND((H10*AO10),0) -> 9264850 | AQ10: =ROUND((HARMEAN(I10,K10,M10,O10,Q10,S10,U10,W10,Y10,AA10,AC10,AE10,AG10,AI10,AK10)),0) -> 26188 | AR10: =ROUND((H10*AQ10),0) -> 9165800 | AS10: =ROUND((GEOMEAN(I10,K10,M10,O10,Q10,S10,U10,W10,Y10,AA10,AC10,AE10,AG10,AI10,AK10)),0) -> 26871 | AT10: =ROUND((H10*AS10),0) -> 9404850
C11: 28 | D11: Suministro y aplicación de pintura acrílica para Exterior, tipo Koraza o similar, de primera calidad, sobre columnas, muro o vigas y/o pintura existente, color a definir, en todas las superficies a pintar, se aplicarán cuantas manos de pintura e imprimantes sean necesarios. Incluye todo tipo de resanes y preparación de superficie. Para Muros, columnas y vigas. | E11: Suministro y aplicación de pintura acrílica para interior, tipo Koraza o similar, de primera calidad, sobre columnas, muro o vigas y/o pintura existente, color a definir, en todas las superficies a pintar, se aplicarán cuantas manos de pintura e imprimantes sean necesarios. Incluye todo tipo de resanes y preparación de superficie. Para Muros, columnas y vigas. | F11: Suministro y aplicación de pintura acrílica para interior, tipo Koraza o similar, de primera calidad, sobre columnas, muro o vigas y/o pintura existente, color a definir, en todas las superficies a pintar, se aplicarán cuantas manos de pintura e imprimantes sean necesarios. Incluye todo tipo de resanes y preparación de superficie. Para Muros, columnas y vigas. | G11: m2 | H11: 166 | I11: 18000 | J11: =I11*H11 -> 2988000 | K11: 15600 | L11: =K11*H11 -> 2589600 | M11: 40000 | N11: =M11*H11 -> 6640000 | O11: 35200 | P11: =O11*H11 -> 5843200 | Q11: 23400 | R11: =H11*Q11 -> 3884400 | S11: 32200 | T11: =S11*H11 -> 5345200 | U11: 23000 | V11: =U11*H11 -> 3818000 | W11: 25000 | X11: =W11*H11 -> 4150000 | Y11: 32000 | Z11: =Y11*H11 -> 5312000 | AA11: 25000 | AB11: =AA11*H11 -> 4150000 | AC11: 28000 | AD11: =AC11*H11 -> 4648000 | AF11: =AE11*H11 -> 0 | AH11: =AG11*H11 -> 0 | AI11: =27250*1.0161 -> 27688.725 | AJ11: =AI11*H11 -> 4596328.3 | AM11: =ROUND((AVERAGE(I11,K11,M11,O11,Q11,S11,U11,W11,Y11,AA11,AC11,AE11,AG11,AI11,AK11)),0) -> 27091 | AN11: =ROUND((AM11*H11),0) -> 4497106 | AO11: =ROUND((MEDIAN(I11,K11,M11,O11,Q11,S11,U11,W11,Y11,AA11,AC11,AE11,AG11,AI11,AK11)),0) -> 26344 | AP11: =ROUND((H11*AO11),0) -> 4373104 | AQ11: =ROUND((HARMEAN(I11,K11,M11,O11,Q11,S11,U11,W11,Y11,AA11,AC11,AE11,AG11,AI11,AK11)),0) -> 25348 | AR11: =ROUND((H11*AQ11),0) -> 4207768 | AS11: =ROUND((GEOMEAN(I11,K11,M11,O11,Q11,S11,U11,W11,Y11,AA11,AC11,AE11,AG11,AI11,AK11)),0) -> 26234 | AT11: =ROUND((H11*AS11),0) -> 4354844
C12: 29 | D12: Suministro y aplicación de pintura acrílica para interior, tipo Koraza o similar, de primera calidad, sobre columnas, muro o vigas y/o pintura existente, color a definir, en todas las superficies a pintar, se aplicarán cuantas manos de pintura e imprimantes sean necesarios. Incluye todo tipo de resanes y preparación de superficie. Para Muros, columnas y vigas. | E12: Suministro y aplicación de pintura acrílica para exterior, tipo Koraza o similar, de primera calidad, sobre columnas, muro o vigas y/o pintura existente, color a definir, en todas las superficies a pintar, se aplicarán cuantas manos de pintura e imprimantes sean necesarios. Incluye todo tipo de resanes y preparación de superficie. Para Muros, columnas y vigas. | F12: Suministro y aplicación de pintura acrílica para exterior, tipo Koraza o similar, de primera calidad, sobre columnas, muro o vigas y/o pintura existente, color a definir, en todas las superficies a pintar, se aplicarán cuantas manos de pintura e imprimantes sean necesarios. Incluye todo tipo de resanes y preparación de superficie. Para Muros, columnas y vigas. | G12: m2 | H12: 250 | I12: 18000 | J12: =I12*H12 -> 4500000 | K12: 15600 | L12: =K12*H12 -> 3900000 | M12: 40000 | N12: =M12*H12 -> 10000000 | O12: 35200 | P12: =O12*H12 -> 8800000 | Q12: 23400 | R12: =H12*Q12 -> 5850000 | S12: 32200 | T12: =S12*H12 -> 8050000 | U12: 23000 | V12: =U12*H12 -> 5750000 | W12: 25000 | X12: =W12*H12 -> 6250000 | Y12: 32000 | Z12: =Y12*H12 -> 8000000 | AA12: 25000 | AB12: =AA12*H12 -> 6250000 | AC12: 28000 | AD12: =AC12*H12 -> 7000000 | AE12: =20137*1.0161 -> 20461.206 | AF12: =AE12*H12 -> 5115301.4 | AH12: =AG12*H12 -> 0 | AJ12: =AI12*H12 -> 0 | AM12: =ROUND((AVERAGE(I12,K12,M12,O12,Q12,S12,U12,W12,Y12,AA12,AC12,AE12,AG12,AI12,AK12)),0) -> 26488 | AN12: =ROUND((AM12*H12),0) -> 6622000 | AO12: =ROUND((MEDIAN(I12,K12,M12,O12,Q12,S12,U12,W12,Y12,AA12,AC12,AE12,AG12,AI12,AK12)),0) -> 25000 | AP12: =ROUND((H12*AO12),0) -> 6250000 | AQ12: =ROUND((HARMEAN(I12,K12,M12,O12,Q12,S12,U12,W12,Y12,AA12,AC12,AE12,AG12,AI12,AK12)),0) -> 24683 | AR12: =ROUND((H12*AQ12),0) -> 6170750 | AS12: =ROUND((GEOMEAN(I12,K12,M12,O12,Q12,S12,U12,W12,Y12,AA12,AC12,AE12,AG12,AI12,AK12)),0) -> 25581 | AT12: =ROUND((H12*AS12),0) -> 6395250
C13: 30 | D13: Demolición de piso | E13: Demolición de piso | F13: Demolición de piso | G13: m2 | H13: 50 | I13: 12000 | J13: =I13*H13 -> 600000 | K13: 10900 | L13: =K13*H13 -> 545000 | M13: 30000 | N13: =M13*H13 -> 1500000 | O13: 7040 | P13: =O13*H13 -> 352000 | Q13: 24700 | R13: =H13*Q13 -> 1235000 | S13: 21000 | T13: =S13*H13 -> 1050000 | U13: 10000 | V13: =U13*H13 -> 500000 | W13: 15000 | X13: =W13*H13 -> 750000 | Y13: 16000 | Z13: =Y13*H13 -> 800000 | AA13: 18000 | AB13: =AA13*H13 -> 900000 | AC13: 17000 | AD13: =AC13*H13 -> 850000 | AF13: =AE13*H13 -> 0 | AH13: =AG13*H13 -> 0 | AJ13: =AI13*H13 -> 0 | AM13: =ROUND((AVERAGE(I13,K13,M13,O13,Q13,S13,U13,W13,Y13,AA13,AC13,AE13,AG13,AI13,AK13)),0) -> 16513 | AN13: =ROUND((AM13*H13),0) -> 825650 | AO13: =ROUND((MEDIAN(I13,K13,M13,O13,Q13,S13,U13,W13,Y13,AA13,AC13,AE13,AG13,AI13,AK13)),0) -> 16000 | AP13: =ROUND((H13*AO13),0) -> 800000 | AQ13: =ROUND((HARMEAN(I13,K13,M13,O13,Q13,S13,U13,W13,Y13,AA13,AC13,AE13,AG13,AI13,AK13)),0) -> 14065 | AR13: =ROUND((H13*AQ13),0) -> 703250 | AS13: =ROUND((GEOMEAN(I13,K13,M13,O13,Q13,S13,U13,W13,Y13,AA13,AC13,AE13,AG13,AI13,AK13)),0) -> 15270 | AT13: =ROUND((H13*AS13),0) -> 763500
C14: 31 | D14: Suministro e instalación de impermeabilización con Restrucreto MIP o similar y pintura Supercryl larga vida o similar.(losa terraza torre de control) | E14: Suministro e instalación de impermeabilización con Restrucreto MIP o similar y pintura Supercryl larga vida o similar.(losa terraza torre de control) | F14: Suministro e instalación de impermeabilización con Restrucreto MIP o similar y pintura Supercryl larga vida o similar.(losa terraza torre de control) | G14: m2 | H14: 255 | I14: 12000 | J14: =I14*H14 -> 3060000 | K14: 35890 | L14: =K14*H14 -> 9151950 | M14: 160000 | N14: =M14*H14 -> 40800000 | O14: 140800 | P14: =O14*H14 -> 35904000 | Q14: 61170 | R14: =H14*Q14 -> 15598350 | S14: 77000 | T14: =S14*H14 -> 19635000 | U14: 99000 | V14: =U14*H14 -> 25245000 | W14: 90000 | X14: =W14*H14 -> 22950000 | Y14: 110000 | Z14: =Y14*H14 -> 28050000 | AA14: 113000 | AB14: =AA14*H14 -> 28815000 | AC14: 80000 | AD14: =AC14*H14 -> 20400000 | AF14: =AE14*H14 -> 0 | AH14: =AG14*H14 -> 0 | AJ14: =AI14*H14 -> 0 | AM14: =ROUND((AVERAGE(I14,K14,M14,O14,Q14,S14,U14,W14,Y14,AA14,AC14,AE14,AG14,AI14,AK14)),0) -> 88987 | AN14: =ROUND((AM14*H14),0) -> 22691685 | AO14: =ROUND((MEDIAN(I14,K14,M14,O14,Q14,S14,U14,W14,Y14,AA14,AC14,AE14,AG14,AI14,AK14)),0) -> 90000 | AP14: =ROUND((H14*AO14),0) -> 22950000 | AQ14: =ROUND((HARMEAN(I14,K14,M14,O14,Q14,S14,U14,W14,Y14,AA14,AC14,AE14,AG14,AI14,AK14)),0) -> 53519 | AR14: =ROUND((H14*AQ14),0) -> 13647345 | AS14: =ROUND((GEOMEAN(I14,K14,M14,O14,Q14,S14,U14,W14,Y14,AA14,AC14,AE14,AG14,AI14,AK14)),0) -> 74713 | AT14: =ROUND((H14*AS14),0) -> 19051815
C15: 32 | D15: Suministro e Instalacion muro en superboard | E15: Instalacion muro en lámina en superboard | F15: Instalacion muro en lámina en superboard | G15: m2 | H15: 77 | I15: 180000 | J15: =I15*H15 -> 13860000 | K15: 85600 | L15: =K15*H15 -> 6591200 | M15: 150000 | N15: =M15*H15 -> 11550000 | O15: 101335.04 | P15: =O15*H15 -> 7802798.1 | Q15: 98400 | R15: =H15*Q15 -> 7576800 | S15: 105000 | T15: =S15*H15 -> 8085000 | U15: 102000 | V15: =U15*H15 -> 7854000 | W15: 110000 | X15: =W15*H15 -> 8470000 | Y15: 135000 | Z15: =Y15*H15 -> 10395000 | AA15: 138000 | AB15: =AA15*H15 -> 10626000 | AC15: 120000 | AD15: =AC15*H15 -> 9240000 | AE15: =45000*1.0161 -> 45724.5 | AF15: =AE15*H15 -> 3520786.5 | AH15: =AG15*H15 -> 0 | AJ15: =AI15*H15 -> 0 | AM15: =ROUND((AVERAGE(I15,K15,M15,O15,Q15,S15,U15,W15,Y15,AA15,AC15,AE15,AG15,AI15,AK15)),0) -> 114255 | AN15: =ROUND((AM15*H15),0) -> 8797635 | AO15: =ROUND((MEDIAN(I15,K15,M15,O15,Q15,S15,U15,W15,Y15,AA15,AC15,AE15,AG15,AI15,AK15)),0) -> 107500 | AP15: =ROUND((H15*AO15),0) -> 8277500 | AQ15: =ROUND((HARMEAN(I15,K15,M15,O15,Q15,S15,U15,W15,Y15,AA15,AC15,AE15,AG15,AI15,AK15)),0) -> 102379 | AR15: =ROUND((H15*AQ15),0) -> 7883183 | AS15: =ROUND((GEOMEAN(I15,K15,M15,O15,Q15,S15,U15,W15,Y15,AA15,AC15,AE15,AG15,AI15,AK15)),0) -> 108879 | AT15: =ROUND((H15*AS15),0) -> 8383683
C16: 33 | D16: Suministro y colocación de teja ecologica, placa ondulada, fabricada con fibras vegetales y saturada con bitumen. Color verde. Incluye estructura en metalica para colocación de teja sobre la existente, correas, traslapos frontales minimo 17 cm, traslape lateral minimo 1 ondulación. | E16: Suministro y colocación de teja ecologica, placa ondulada, fabricada con fibras vegetales y saturada con bitumen. Color verde. Incluye estructura en metalica para colocación de teja sobre la existente, correas, traslapos frontales minimo 17 cm, traslape lateral minimo 1 ondulación. | F16: Suministro y colocación de teja ecologica, placa ondulada, fabricada con fibras vegetales y saturada con bitumen. Color verde. Incluye estructura en metalica para colocación de teja sobre la existente, correas, traslapos frontales minimo 17 cm, traslape lateral minimo 1 ondulación. | G16: m2 | H16: 220 | I16: 116000 | J16: =I16*H16 -> 25520000 | K16: 98100 | L16: =K16*H16 -> 21582000 | M16: 80000 | N16: =M16*H16 -> 17600000 | O16: 134505.18 | P16: =O16*H16 -> 29591140 | Q16: 230000 | R16: =H16*Q16 -> 50600000 | S16: 175000 | T16: =S16*H16 -> 38500000 | U16: 75000 | V16: =U16*H16 -> 16500000 | W16: 85000 | X16: =W16*H16 -> 18700000 | Y16: 82000 | Z16: =Y16*H16 -> 18040000 | AA16: 90000 | AB16: =AA16*H16 -> 19800000 | AC16: 100000 | AD16: =AC16*H16 -> 22000000 | AF16: =AE16*H16 -> 0 | AH16: =AG16*H16 -> 0 | AJ16: =AI16*H16 -> 0 | AM16: =ROUND((AVERAGE(I16,K16,M16,O16,Q16,S16,U16,W16,Y16,AA16,AC16,AE16,AG16,AI16,AK16)),0) -> 115055 | AN16: =ROUND((AM16*H16),0) -> 25312100 | AO16: =ROUND((MEDIAN(I16,K16,M16,O16,Q16,S16,U16,W16,Y16,AA16,AC16,AE16,AG16,AI16,AK16)),0) -> 98100 | AP16: =ROUND((H16*AO16),0) -> 21582000 | AQ16: =ROUND((HARMEAN(I16,K16,M16,O16,Q16,S16,U16,W16,Y16,AA16,AC16,AE16,AG16,AI16,AK16)),0) -> 102597 | AR16: =ROUND((H16*AQ16),0) -> 22571340 | AS16: =ROUND((GEOMEAN(I16,K16,M16,O16,Q16,S16,U16,W16,Y16,AA16,AC16,AE16,AG16,AI16,AK16)),0) -> 107946 | AT16: =ROUND((H16*AS16),0) -> 23748120
C17: 34 | D17: Suministro, transporte y construcción de piso en concreto de 21 Mpa e= 10 cm | E17: Suministro, transporte y construcción de piso en concreto de 21 Mpa e= 10 cm | F17: Suministro, transporte y construcción de piso en concreto de 21 Mpa e= 10 cm | G17: m2 | H17: 53 | I17: 112000 | J17: =I17*H17 -> 5936000 | K17: 65790 | L17: =K17*H17 -> 3486870 | M17: 140000 | N17: =M17*H17 -> 7420000 | O17: 55194.94 | P17: =O17*H17 -> 2925331.8 | Q17: 138600 | R17: =H17*Q17 -> 7345800 | S17: 44380 | T17: =S17*H17 -> 2352140 | U17: 70000 | V17: =U17*H17 -> 3710000 | W17: 85000 | X17: =W17*H17 -> 4505000 | Y17: 83000 | Z17: =Y17*H17 -> 4399000 | AA17: 110000 | AB17: =AA17*H17 -> 5830000 | AC17: 110000 | AD17: =AC17*H17 -> 5830000 | AE17: =89930*1.0161 -> 91377.873 | AF17: =AE17*H17 -> 4843027.3 | AH17: =AG17*H17 -> 0 | AJ17: =AI17*H17 -> 0 | AM17: =ROUND((AVERAGE(I17,K17,M17,O17,Q17,S17,U17,W17,Y17,AA17,AC17,AE17,AG17,AI17,AK17)),0) -> 92112 | AN17: =ROUND((AM17*H17),0) -> 4881936 | AO17: =ROUND((MEDIAN(I17,K17,M17,O17,Q17,S17,U17,W17,Y17,AA17,AC17,AE17,AG17,AI17,AK17)),0) -> 88189 | AP17: =ROUND((H17*AO17),0) -> 4674017 | AQ17: =ROUND((HARMEAN(I17,K17,M17,O17,Q17,S17,U17,W17,Y17,AA17,AC17,AE17,AG17,AI17,AK17)),0) -> 81989 | AR17: =ROUND((H17*AQ17),0) -> 4345417 | AS17: =ROUND((GEOMEAN(I17,K17,M17,O17,Q17,S17,U17,W17,Y17,AA17,AC17,AE17,AG17,AI17,AK17)),0) -> 87123 | AT17: =ROUND((H17*AS17),0) -> 4617519
C18: 35 | D18: Suministro, transporte y construcción de andenes de 21 Mpa | E18: Suministro, transporte y construcción de andenes de 21 Mpa | F18: Suministro, transporte y construcción de andenes de 21 Mpa | G18: m2 | H18: 50 | I18: 290000 | J18: =I18*H18 -> 14500000 | K18: 67457 | L18: =K18*H18 -> 3372850 | M18: 140000 | N18: =M18*H18 -> 7000000 | O18: 110389.9 | P18: =O18*H18 -> 5519495 | Q18: 138600 | R18: =H18*Q18 -> 6930000 | S18: 49000 | T18: =S18*H18 -> 2450000 | U18: 70000 | V18: =U18*H18 -> 3500000 | W18: 120000 | X18: =W18*H18 -> 6000000 | Y18: 115000 | Z18: =Y18*H18 -> 5750000 | AA18: 118000 | AB18: =AA18*H18 -> 5900000 | AC18: 115000 | AD18: =AC18*H18 -> 5750000 | AF18: =AE18*H18 -> 0 | AH18: =AG18*H18 -> 0 | AJ18: =AI18*H18 -> 0 | AM18: =ROUND((AVERAGE(I18,K18,M18,O18,Q18,S18,U18,W18,Y18,AA18,AC18,AE18,AG18,AI18,AK18)),0) -> 121222 | AN18: =ROUND((AM18*H18),0) -> 6061100 | AO18: =ROUND((MEDIAN(I18,K18,M18,O18,Q18,S18,U18,W18,Y18,AA18,AC18,AE18,AG18,AI18,AK18)),0) -> 115000 | AP18: =ROUND((H18*AO18),0) -> 5750000 | AQ18: =ROUND((HARMEAN(I18,K18,M18,O18,Q18,S18,U18,W18,Y18,AA18,AC18,AE18,AG18,AI18,AK18)),0) -> 99473 | AR18: =ROUND((H18*AQ18),0) -> 4973650 | AS18: =ROUND((GEOMEAN(I18,K18,M18,O18,Q18,S18,U18,W18,Y18,AA18,AC18,AE18,AG18,AI18,AK18)),0) -> 109419 | AT18: =ROUND((H18*AS18),0) -> 5470950
C19: 36 | D19: Suministro y colocación de puerta en aluminio anodizado. Color tabaco. Incluye ala y marco en aluminio anodizado. Incluye chapa de seguridad doble pistilo y pasador. De 0,90 x 2,10 m. | E19: Suministro y colocación de puerta en aluminio anodizado. Color tabaco. Incluye ala y marco en aluminio anodizado. Incluye chapa de seguridad doble pistilo y pasador. De 0,90 x 2,10 m. | F19: Suministro y colocación de puerta en aluminio anodizado. Color tabaco. Incluye ala y marco en aluminio anodizado. Incluye chapa de seguridad doble pistilo y pasador. De 0,90 x 2,10 m. | G19: UND. | H19: 1 | I19: 460000 | J19: =I19*H19 -> 460000 | K19: 658978 | L19: =K19*H19 -> 658978 | M19: 2000000 | N19: =M19*H19 -> 2000000 | O19: 1028126.9 | P19: =O19*H19 -> 1028126.9 | Q19: 752000 | R19: =H19*Q19 -> 752000 | S19: 1400000 | T19: =S19*H19 -> 1400000 | U19: 500000 | V19: =U19*H19 -> 500000 | W19: 480000 | X19: =W19*H19 -> 480000 | Y19: 495000 | Z19: =Y19*H19 -> 495000 | AA19: 550000 | AB19: =AA19*H19 -> 550000 | AC19: 560000 | AD19: =AC19*H19 -> 560000 | AE19: =368958*1.0161 -> 374898.22 | AF19: =AE19*H19 -> 374898.22 | AH19: =AG19*H19 -> 0 | AJ19: =AI19*H19 -> 0 | AM19: =ROUND((AVERAGE(I19,K19,M19,O19,Q19,S19,U19,W19,Y19,AA19,AC19,AE19,AG19,AI19,AK19)),0) -> 771584 | AN19: =ROUND((AM19*H19),0) -> 771584 | AO19: =ROUND((MEDIAN(I19,K19,M19,O19,Q19,S19,U19,W19,Y19,AA19,AC19,AE19,AG19,AI19,AK19)),0) -> 555000 | AP19: =ROUND((H19*AO19),0) -> 555000 | AQ19: =ROUND((HARMEAN(I19,K19,M19,O19,Q19,S19,U19,W19,Y19,AA19,AC19,AE19,AG19,AI19,AK19)),0) -> 612778 | AR19: =ROUND((H19*AQ19),0) -> 612778 | AS19: =ROUND((GEOMEAN(I19,K19,M19,O19,Q19,S19,U19,W19,Y19,AA19,AC19,AE19,AG19,AI19,AK19)),0) -> 675348 | AT19: =ROUND((H19*AS19),0) -> 675348
C20: 37 | D20: Excavación de 0 a 2 m en material heterogeneo bajo cualquier grado de humedad. medido en sitio. Incluye entibado temporal, cargue, transporte y botada de material | E20: Excavación de 0 a 2 m en material heterogeneo bajo cualquier grado de humedad. medido en sitio. Incluye entibado temporal, cargue, transporte y botada de material | F20: Excavación de 0 a 2 m en material heterogeneo bajo cualquier grado de humedad. medido en sitio. Incluye entibado temporal, cargue, transporte y botada de material | G20: m3 | I20: 32000 | J20: =I20*H20 -> 0 | K20: 34500 | L20: =K20*H20 -> 0 | M20: 70000 | N20: =M20*H20 -> 0 | O20: 75366.4 | P20: =O20*H20 -> 0 | Q20: 89700 | R20: =H20*Q20 -> 0 | S20: 159000 | T20: =S20*H20 -> 0 | U20: 35000 | V20: =U20*H20 -> 0 | W20: 33000 | X20: =W20*H20 -> 0 | Y20: 40000 | Z20: =Y20*H20 -> 0 | AA20: 27000 | AB20: =AA20*H20 -> 0 | AC20: 31000 | AD20: =AC20*H20 -> 0 | AF20: =AE20*H20 -> 0 | AH20: =AG20*H20 -> 0 | AI20: =43465.033536*1.0161 -> 44164.821 | AJ20: =AI20*H20 -> 0 | AM20: =ROUND((AVERAGE(I20,K20,M20,O20,Q20,S20,U20,W20,Y20,AA20,AC20,AE20,AG20,AI20,AK20)),0) -> 55894 | AN20: =ROUND((AM20*H20),0) -> 0 | AO20: =ROUND((MEDIAN(I20,K20,M20,O20,Q20,S20,U20,W20,Y20,AA20,AC20,AE20,AG20,AI20,AK20)),0) -> 37500 | AP20: =ROUND((H20*AO20),0) -> 0 | AQ20: =ROUND((HARMEAN(I20,K20,M20,O20,Q20,S20,U20,W20,Y20,AA20,AC20,AE20,AG20,AI20,AK20)),0) -> 42699 | AR20: =ROUND((H20*AQ20),0) -> 0 | AS20: =ROUND((GEOMEAN(I20,K20,M20,O20,Q20,S20,U20,W20,Y20,AA20,AC20,AE20,AG20,AI20,AK20)),0) -> 47788 | AT20: =ROUND((H20*AS20),0) -> 0
C21: 38 | D21: Construcción de dos (2) rieles en concreto, incluye base compactada, malla eslabonada y acero de refuerzo. E = 18 cm | E21: Construcción de dos (2) rieles en concreto, incluye base compactada, malla eslabonada y acero de refuerzo. E = 18 cm | F21: Construcción de dos (2) rieles en concreto, incluye base compactada, malla eslabonada y acero de refuerzo. E = 18 cm | G21: ml | I21: 260000 | J21: =I21*H21 -> 0 | K21: 316578 | L21: =K21*H21 -> 0 | M21: 420000 | N21: =M21*H21 -> 0 | O21: 836801.28 | P21: =O21*H21 -> 0 | Q21: 164110 | R21: =H21*Q21 -> 0 | S21: 50316 | T21: =S21*H21 -> 0 | U21: 400000 | V21: =U21*H21 -> 0 | W21: 380000 | X21: =W21*H21 -> 0 | Y21: 440000 | Z21: =Y21*H21 -> 0 | AA21: 430000 | AB21: =AA21*H21 -> 0 | AC21: 425000 | AD21: =AC21*H21 -> 0 | AF21: =AE21*H21 -> 0 | AH21: =AG21*H21 -> 0 | AI21: =663953.04*1.0161 -> 674642.68 | AJ21: =AI21*H21 -> 0 | AM21: =ROUND((AVERAGE(I21,K21,M21,O21,Q21,S21,U21,W21,Y21,AA21,AC21,AE21,AG21,AI21,AK21)),0) -> 399787 | AN21: =ROUND((AM21*H21),0) -> 0 | AO21: =ROUND((MEDIAN(I21,K21,M21,O21,Q21,S21,U21,W21,Y21,AA21,AC21,AE21,AG21,AI21,AK21)),0) -> 410000 | AP21: =ROUND((H21*AO21),0) -> 0 | AQ21: =ROUND((HARMEAN(I21,K21,M21,O21,Q21,S21,U21,W21,Y21,AA21,AC21,AE21,AG21,AI21,AK21)),0) -> 239455 | AR21: =ROUND((H21*AQ21),0) -> 0 | AS21: =ROUND((GEOMEAN(I21,K21,M21,O21,Q21,S21,U21,W21,Y21,AA21,AC21,AE21,AG21,AI21,AK21)),0) -> 334605 | AT21: =ROUND((H21*AS21),0) -> 0
C22: 39 | D22: Construcción de Concreto clase G para placa central, sobreanchos y demás elementos en concreto ciclopeo (Rel 60% piedra y 40% concreto D).) con resistencia de 2500 PSI, incluye el suministro , el transporte de los materialesal sitio de los trabajos, equipo y todo lo necesario para su correcta construcción y funcionamiento, en todo el trayecto construido de rieles en concreto. Piedra rajon 3>8". | E22: Construcción de Concreto clase G para placa central, sobreanchos y demás elementos en concreto ciclopeo (Rel 60% piedra y 40% concreto D).) con resistencia de 2500 PSI, incluye el suministro , el transporte de los materialesal sitio de los trabajos, equipo y todo lo necesario para su correcta construcción y funcionamiento, en todo el trayecto construido de rieles en concreto. Piedra rajon 3>8". | F22: Construcción de Concreto clase G para placa central, sobreanchos y demás elementos en concreto ciclopeo (Rel 60% piedra y 40% concreto D).) con resistencia de 2500 PSI, incluye el suministro , el transporte de los materialesal sitio de los trabajos, equipo y todo lo necesario para su correcta construcción y funcionamiento, en todo el trayecto construido de rieles en concreto. Piedra rajon 3>8". | G22: m3 | I22: 68000 | J22: =I22*H22 -> 0 | K22: 860789 | L22: =K22*H22 -> 0 | M22: 850000 | N22: =M22*H22 -> 0 | O22: 249019.39 | P22: =O22*H22 -> 0 | Q22: 676768 | R22: =H22*Q22 -> 0 | S22: 205800 | T22: =S22*H22 -> 0 | U22: 300000 | V22: =U22*H22 -> 0 | W22: 280000 | X22: =W22*H22 -> 0 | Y22: 340000 | Z22: =Y22*H22 -> 0 | AA22: 320000 | AB22: =AA22*H22 -> 0 | AC22: 322000 | AD22: =AC22*H22 -> 0 | AE22: =654019*1.0161 -> 664548.71 | AF22: =AE22*H22 -> 0 | AH22: =AG22*H22 -> 0 | AI22: =663953.04*1.0161 -> 674642.68 | AJ22: =AI22*H22 -> 0 | AM22: =ROUND((AVERAGE(I22,K22,M22,O22,Q22,S22,U22,W22,Y22,AA22,AC22,AE22,AG22,AI22,AK22)),0) -> 447044 | AN22: =ROUND((AM22*H22),0) -> 0 | AO22: =ROUND((MEDIAN(I22,K22,M22,O22,Q22,S22,U22,W22,Y22,AA22,AC22,AE22,AG22,AI22,AK22)),0) -> 322000 | AP22: =ROUND((H22*AO22),0) -> 0 | AQ22: =ROUND((HARMEAN(I22,K22,M22,O22,Q22,S22,U22,W22,Y22,AA22,AC22,AE22,AG22,AI22,AK22)),0) -> 279810 | AR22: =ROUND((H22*AQ22),0) -> 0 | AS22: =ROUND((GEOMEAN(I22,K22,M22,O22,Q22,S22,U22,W22,Y22,AA22,AC22,AE22,AG22,AI22,AK22)),0) -> 368084 | AT22: =ROUND((H22*AS22),0) -> 0
C23: 40 | D23: Construcción de cuneta (dimensiones de desarrollo0,90 m y e = 0,10 m) en concreto reforzado con resistencia 2500 PSI, fundida en sitio, incluye transporte de materiales, la formaleta, el lleno de soporte, el acero de refuerzo por retracción y temperatura y todo lo necesario para su correcta construcción y funcionamiento. | E23: Construcción de cuneta (dimensiones de desarrollo0,90 m y e = 0,10 m) en concreto reforzado con resistencia 2500 PSI, fundida en sitio, incluye transporte de materiales, la formaleta, el lleno de soporte, el acero de refuerzo por retracción y temperatura y todo lo necesario para su correcta construcción y funcionamiento. | F23: Construcción de cuneta (dimensiones de desarrollo0,90 m y e = 0,10 m) en concreto reforzado con resistencia 2500 PSI, fundida en sitio, incluye transporte de materiales, la formaleta, el lleno de soporte, el acero de refuerzo por retracción y temperatura y todo lo necesario para su correcta construcción y funcionamiento. | G23: m3 | I23: 730000 | J23: =I23*H23 -> 0 | K23: 785456 | L23: =K23*H23 -> 0 | M23: 150000 | N23: =M23*H23 -> 0 | O23: 459957.9 | P23: =O23*H23 -> 0 | Q23: 827775 | R23: =H23*Q23 -> 0 | S23: 247058 | T23: =S23*H23 -> 0 | U23: 140000 | V23: =U23*H23 -> 0 | W23: 155000 | X23: =W23*H23 -> 0 | Y23: 160000 | Z23: =Y23*H23 -> 0 | AA23: 200000 | AB23: =AA23*H23 -> 0 | AC23: 130000 | AD23: =AC23*H23 -> 0 | AF23: =AE23*H23 -> 0 | AH23: =AG23*H23 -> 0 | AJ23: =AI23*H23 -> 0 | AM23: =ROUND((AVERAGE(I23,K23,M23,O23,Q23,S23,U23,W23,Y23,AA23,AC23,AE23,AG23,AI23,AK23)),0) -> 362295 | AN23: =ROUND((AM23*H23),0) -> 0 | AO23: =ROUND((MEDIAN(I23,K23,M23,O23,Q23,S23,U23,W23,Y23,AA23,AC23,AE23,AG23,AI23,AK23)),0) -> 200000 | AP23: =ROUND((H23*AO23),0) -> 0 | AQ23: =ROUND((HARMEAN(I23,K23,M23,O23,Q23,S23,U23,W23,Y23,AA23,AC23,AE23,AG23,AI23,AK23)),0) -> 223231 | AR23: =ROUND((H23*AQ23),0) -> 0 | AS23: =ROUND((GEOMEAN(I23,K23,M23,O23,Q23,S23,U23,W23,Y23,AA23,AC23,AE23,AG23,AI23,AK23)),0) -> 276782 | AT23: =ROUND((H23*AS23),0) -> 0
D24: LADO AIRE AEROPUERTO GUSTAVO ROJAS PINILLA DE CIMITARRA - SANTANDER | J24: =I24*H24 -> 0 | L24: =K24*H24 -> 0 | N24: =M24*H24 -> 0 | P24: =O24*H24 -> 0 | R24: =H24*Q24 -> 0 | T24: =S24*H24 -> 0 | V24: =U24*H24 -> 0 | X24: =W24*H24 -> 0 | Z24: =Y24*H24 -> 0 | AB24: =AA24*H24 -> 0 | AD24: =AC24*H24 -> 0 | AF24: =AE24*H24 -> 0 | AH24: =AG24*H24 -> 0 | AJ24: =AI24*H24 -> 0
C25: 41 | D25: Excavación manual (concreto ciclopeo, pie de amigo y pedestales). | E25: Excavación manual (concreto ciclopeo, pie de amigo y pedestales). | F25: Excavación manual (concreto ciclopeo, pie de amigo y pedestales). | G25: m3 | H25: =+H29*0.3*0.4+H27 -> 100.32 | I25: 24000 | J25: =I25*H25 -> 2407680 | K25: 34500 | L25: =K25*H25 -> 3461040 | M25: 70000 | N25: =M25*H25 -> 7022400 | O25: 96588.8 | P25: =O25*H25 -> 9689788.4 | Q25: 89700 | R25: =H25*Q25 -> 8998704 | S25: 28000 | T25: =S25*H25 -> 2808960 | U25: 42641 | V25: =U25*H25 -> 4277745.1 | W25: 40759 | X25: =W25*H25 -> 4088942.9 | Y25: 43465.034 | Z25: =Y25*H25 -> 4360412.2 | AA25: 27000 | AB25: =AA25*H25 -> 2708640 | AC25: 31000 | AD25: =AC25*H25 -> 3109920 | AE25: =42641*1.0161 -> 43327.52 | AF25: =AE25*H25 -> 4346616.8 | AG25: =40759*1.0161 -> 41415.22 | AH25: =AG25*H25 -> 4154774.9 | AI25: =43465.033536*1.0161 -> 44164.821 | AJ25: =AI25*H25 -> 4430614.8 | AM25: =ROUND((AVERAGE(I25,K25,M25,O25,Q25,S25,U25,W25,Y25,AA25,AC25,AE25,AG25,AI25,AK25)),0) -> 46897 | AN25: =ROUND((AM25*H25),0) -> 4704707 | AO25: =ROUND((MEDIAN(I25,K25,M25,O25,Q25,S25,U25,W25,Y25,AA25,AC25,AE25,AG25,AI25,AK25)),0) -> 42028 | AP25: =ROUND((H25*AO25),0) -> 4216249 | AQ25: =ROUND((HARMEAN(I25,K25,M25,O25,Q25,S25,U25,W25,Y25,AA25,AC25,AE25,AG25,AI25,AK25)),0) -> 39738 | AR25: =ROUND((H25*AQ25),0) -> 3986516 | AS25: =ROUND((GEOMEAN(I25,K25,M25,O25,Q25,S25,U25,W25,Y25,AA25,AC25,AE25,AG25,AI25,AK25)),0) -> 42854 | AT25: =ROUND((H25*AS25),0) -> 4299113
C26: 42 | D26: Viga de amarre concreto 3000PSI Incluye refuerzo. | E26: Viga de amarre concreto 3000PSI Incluye refuerzo. | F26: Viga de amarre concreto 3000PSI Incluye refuerzo. | G26: m3 | H26: =+H29*0.3*0.2 -> 45.6 | I26: 820000 | J26: =I26*H26 -> 37392000 | K26: 960710 | L26: =K26*H26 -> 43808376 | M26: 1600000 | N26: =M26*H26 -> 72960000 | O26: 551949.48 | P26: =O26*H26 -> 25168896 | Q26: 1356890 | R26: =H26*Q26 -> 61874184 | S26: 74200 | T26: =S26*H26 -> 3383520 | U26: 769864 | V26: =U26*H26 -> 35105798 | W26: 735870 | X26: =W26*H26 -> 33555672 | Y26: 762015.63 | Z26: =Y26*H26 -> 34747913 | AA26: 580000 | AB26: =AA26*H26 -> 26448000 | AC26: 603000 | AD26: =AC26*H26 -> 27496800 | AE26: =769864*1.0161 -> 782258.81 | AF26: =AE26*H26 -> 35671002 | AG26: =735870*1.0161 -> 747717.51 | AH26: =AG26*H26 -> 34095918 | AI26: =762015.630656*1.0161 -> 774284.08 | AJ26: =AI26*H26 -> 35307354 | AM26: =ROUND((AVERAGE(I26,K26,M26,O26,Q26,S26,U26,W26,Y26,AA26,AC26,AE26,AG26,AI26,AK26)),0) -> 794197 | AN26: =ROUND((AM26*H26),0) -> 36215383 | AO26: =ROUND((MEDIAN(I26,K26,M26,O26,Q26,S26,U26,W26,Y26,AA26,AC26,AE26,AG26,AI26,AK26)),0) -> 765940 | AP26: =ROUND((H26*AO26),0) -> 34926864 | AQ26: =ROUND((HARMEAN(I26,K26,M26,O26,Q26,S26,U26,W26,Y26,AA26,AC26,AE26,AG26,AI26,AK26)),0) -> 464019 | AR26: =ROUND((H26*AQ26),0) -> 21159266 | AS26: =ROUND((GEOMEAN(I26,K26,M26,O26,Q26,S26,U26,W26,Y26,AA26,AC26,AE26,AG26,AI26,AK26)),0) -> 682820 | AT26: =ROUND((H26*AS26),0) -> 31136592
C27: 43 | D27: Cimiento pie amigo concreto 3000 PSI. Cimiento pedestal concreto 3000 PSI. | E27: Cimiento pie amigo concreto 3000 PSI. Cimiento pedestal concreto 3000 PSI. | F27: Cimiento pie amigo concreto 3000 PSI. Cimiento pedestal concreto 3000 PSI. | G27: m3 | H27: =+(H29/10)*0.3*0.4 -> 9.12 | I27: 720000 | J27: =I27*H27 -> 6566400 | K27: 960710 | L27: =K27*H27 -> 8761675.2 | M27: 1000000 | N27: =M27*H27 -> 9120000 | O27: 551949.48 | P27: =O27*H27 -> 5033779.3 | Q27: 768135 | R27: =H27*Q27 -> 7005391.2 | S27: 74200 | T27: =S27*H27 -> 676704 | U27: 626977 | V27: =U27*H27 -> 5718030.2 | W27: 599293 | X27: =W27*H27 -> 5465552.2 | Y27: 636500.85 | Z27: =Y27*H27 -> 5804887.8 | AA27: 520000 | AB27: =AA27*H27 -> 4742400 | AC27: 522000 | AD27: =AC27*H27 -> 4760640 | AE27: =626977*1.0161 -> 637071.33 | AF27: =AE27*H27 -> 5810090.5 | AG27: =599293*1.0161 -> 608941.62 | AH27: =AG27*H27 -> 5553547.5 | AI27: =636500.8536*1.0161 -> 646748.52 | AJ27: =AI27*H27 -> 5898346.5 | AM27: =ROUND((AVERAGE(I27,K27,M27,O27,Q27,S27,U27,W27,Y27,AA27,AC27,AE27,AG27,AI27,AK27)),0) -> 633752 | AN27: =ROUND((AM27*H27),0) -> 5779818 | AO27: =ROUND((MEDIAN(I27,K27,M27,O27,Q27,S27,U27,W27,Y27,AA27,AC27,AE27,AG27,AI27,AK27)),0) -> 631739 | AP27: =ROUND((H27*AO27),0) -> 5761460 | AQ27: =ROUND((HARMEAN(I27,K27,M27,O27,Q27,S27,U27,W27,Y27,AA27,AC27,AE27,AG27,AI27,AK27)),0) -> 418510 | AR27: =ROUND((H27*AQ27),0) -> 3816811 | AS27: =ROUND((GEOMEAN(I27,K27,M27,O27,Q27,S27,U27,W27,Y27,AA27,AC27,AE27,AG27,AI27,AK27)),0) -> 566941 | AT27: =ROUND((H27*AS27),0) -> 5170502
C28: 44 | D28: Mortero 1:4. para pisamalla | E28: Mortero 1:4. para pisamalla | F28: Mortero 1:4. para pisamalla | G28: m | H28: =H29 -> 760 | I28: 38000 | J28: =I28*H28 -> 28880000 | K28: 45800 | L28: =K28*H28 -> 34808000 | M28: 40000 | N28: =M28*H28 -> 30400000 | O28: 16208.64 | P28: =O28*H28 -> 12318566 | Q28: 29479 | R28: =H28*Q28 -> 22404040 | S28: 8400 | T28: =S28*H28 -> 6384000 | U28: 12940 | V28: =U28*H28 -> 9834400 | W28: 12351 | X28: =W28*H28 -> 9386760 | Y28: 13136.988 | Z28: =Y28*H28 -> 9984110.5 | AA28: 15000 | AB28: =AA28*H28 -> 11400000 | AC28: 14000 | AD28: =AC28*H28 -> 10640000 | AE28: =12940*1.0161 -> 13148.334 | AF28: =AE28*H28 -> 9992733.8 | AG28: =12351*1.0161 -> 12549.851 | AH28: =AG28*H28 -> 9537886.8 | AI28: =13136.987552*1.0161 -> 13348.493 | AJ28: =AI28*H28 -> 10144855 | AM28: =ROUND((AVERAGE(I28,K28,M28,O28,Q28,S28,U28,W28,Y28,AA28,AC28,AE28,AG28,AI28,AK28)),0) -> 20312 | AN28: =ROUND((AM28*H28),0) -> 15437120 | AO28: =ROUND((MEDIAN(I28,K28,M28,O28,Q28,S28,U28,W28,Y28,AA28,AC28,AE28,AG28,AI28,AK28)),0) -> 13674 | AP28: =ROUND((H28*AO28),0) -> 10392240 | AQ28: =ROUND((HARMEAN(I28,K28,M28,O28,Q28,S28,U28,W28,Y28,AA28,AC28,AE28,AG28,AI28,AK28)),0) -> 15714 | AR28: =ROUND((H28*AQ28),0) -> 11942640 | AS28: =ROUND((GEOMEAN(I28,K28,M28,O28,Q28,S28,U28,W28,Y28,AA28,AC28,AE28,AG28,AI28,AK28)),0) -> 17589 | AT28: =ROUND((H28*AS28),0) -> 13367640
C29: 45 | D29: Suministro e instalación cerramiento tipo I en malla eslabonada con recubrimiento en PVC, calibre 8" incluyendo el recubrimiento, Incluye tuberia (Poste, Pie de apoyo y pie de amigo). Cuatro hilos de alambre de pua y accesorios. | E29: Suministro e instalación cerramiento tipo I en malla eslabonada con recubrimiento en PVC, calibre 8" incluyendo el recubrimiento, Incluye tuberia (Poste, Pie de apoyo y pie de amigo). Cuatro hilos de alambre de pua y accesorios. | F29: Suministro e instalación cerramiento tipo I en malla eslabonada con recubrimiento en PVC, calibre 8" incluyendo el recubrimiento, Incluye tuberia (Poste, Pie de apoyo y pie de amigo). Cuatro hilos de alambre de pua y accesorios. | G29: ml | H29: 760 | I29: 162000 | J29: =I29*H29 -> 123120000 | K29: 185600 | L29: =K29*H29 -> 141056000 | M29: 250000 | N29: =M29*H29 -> 190000000 | O29: 382336 | P29: =O29*H29 -> 290575360 | Q29: 175000 | R29: =H29*Q29 -> 133000000 | S29: 140000 | T29: =S29*H29 -> 106400000 | U29: 177257 | V29: =U29*H29 -> 134715320 | W29: 169430 | X29: =W29*H29 -> 128766800 | Y29: 189720.75 | Z29: =Y29*H29 -> 1.4418777e+08 | AA29: 163000 | AB29: =AA29*H29 -> 123880000 | AC29: 170000 | AD29: =AC29*H29 -> 129200000 | AE29: =177257*1.0161 -> 180110.84 | AF29: =AE29*H29 -> 1.3688424e+08 | AG29: =169430*1.0161 -> 172157.82 | AH29: =AG29*H29 -> 1.3083995e+08 | AI29: =189720.745984*1.0161 -> 192775.25 | AJ29: =AI29*H29 -> 1.4650919e+08 | AM29: =ROUND((AVERAGE(I29,K29,M29,O29,Q29,S29,U29,W29,Y29,AA29,AC29,AE29,AG29,AI29,AK29)),0) -> 193528 | AN29: =ROUND((AM29*H29),0) -> 147081280 | AO29: =ROUND((MEDIAN(I29,K29,M29,O29,Q29,S29,U29,W29,Y29,AA29,AC29,AE29,AG29,AI29,AK29)),0) -> 176129 | AP29: =ROUND((H29*AO29),0) -> 133858040 | AQ29: =ROUND((HARMEAN(I29,K29,M29,O29,Q29,S29,U29,W29,Y29,AA29,AC29,AE29,AG29,AI29,AK29)),0) -> 183214 | AR29: =ROUND((H29*AQ29),0) -> 139242640 | AS29: =ROUND((GEOMEAN(I29,K29,M29,O29,Q29,S29,U29,W29,Y29,AA29,AC29,AE29,AG29,AI29,AK29)),0) -> 187515 | AT29: =ROUND((H29*AS29),0) -> 142511400
